 Dungeon Crawl Stone Soup version 0.31-a0-799-g6bc09d010c (webtiles) character file.

Game seed: 4150803466257707532

10690350 scionoferis the Sabretooth (level 27, 178/178 HPs)
             Began as a Felid Shapeshifter on Sept 13, 2023.
             Was the Champion of Jiyva.
             Escaped with the Orb
             ... and 15 runes on Sept 20, 2023!
             The game lasted 12:57:12 (157595 turns).

scionoferis the Sabretooth (Felid Shapeshifter)   Turns: 157595, Time: 12:57:13

Health: 178/178    AC: 15    Str: 16    XL:     27
Magic:  55/55      EV: 85    Int: 19    God:    Jiyva [******]
Gold:   8139       SH:  5    Dex: 32    Spells: 14/80 levels left
                                        Lives:  2   Deaths: 9

rFire   + .          .
                       - Unarmed
rCold   + . .        (shield unavailable)
rNeg    + . .        (body armour unavailable)
rPois   ∞            (helmet unavailable)
rElec   +            (cloak unavailable)
rCorr   +            (gloves unavailable)
SInv    +            (boots unavailable)
Will    ++++.        z - amulet "Ythrooh" {Reflect Regen+ Int+3 Dex+5 SH+5}
Stlth   ++++         S - ring of Kol Wywa {rN+ SInv Stlth+}
HPRegen 2.89/turn    F - ring of Bujaun {rF+ rC+ Str+6 SInv}
MPRegen 0.84/turn

%: reflection
@: storm-form, flying, studying Conjurations
A: cleaving, insubstantial, flying, very small, (claws 1), (fangs 3), see
invisible, (speed 1), (shaggy fur 3), (stealthy paws), no weapons or thrown
items, no armour, multi-lived, (horns 2), thin skeletal structure 1, sense
surroundings 1, robust 2, (acidic bite), (gelatinous body 3), (translucent skin
1)
0: Orb of Zot
}: 15/15 runes: barnacled, slimy, silver, golden, iron, obsidian, icy, bone,
abyssal, demonic, glowing, magical, fiery, dark, gossamer
a: Blinkbolt, Begin Untransformation, Renounce Religion, Oozemancy, Slimify


You escaped.
You worshipped Jiyva.
Jiyva was exalted by your worship.
You were a lightning-filled tempest!
You visited 18 branches of the dungeon, and saw 88 of its levels.
You visited Pandemonium 4 times, and saw 40 of its levels.
You visited the Abyss 7 times.
You visited 1 ziggurat, and saw 10 of its levels.

You collected 35176 gold pieces.
You spent 15429 gold pieces at shops.
You paid 11608 gold pieces to Gozag.


Innate Abilities, Weirdness & Mutations

You are a lightning-filled tempest!
Your electrical attacks strike out in all directions at once.
You are incredibly evasive.
Your insubstantial body is immune to petrification, constriction, and being set on fire You are flying.
You are immune to poison.
((You have sharp claws.))
((You have razor-sharp teeth.))
You have supernaturally acute eyesight. (SInv)
((You cover ground quickly. (Speed+)))
((Your thick and shaggy fur keeps you warm. (AC +3, rC+)))
((Your paws help you pounce on unaware monsters.))
You are incapable of wielding weapons or throwing items.
You cannot wear armour.
You gain extra lives every three experience levels.
((You have a pair of horns on your head.))
You have a somewhat thin skeletal structure. (Dex +2, Stealth+)
You passively map a small area around you.
You are very robust. (+20% HP)
((You have acidic saliva.))
((Your gelatinous body deflects attacks. (AC +3, EV +3)))
((Your translucent skin slightly reduces your foes' accuracy. (Stealth+)))


   Skills:
 O Level 27 Fighting
 O Level 27 Dodging
 O Level 27 Stealth
 O Level 27 Unarmed Combat
 O Level 27 Spellcasting
 O Level 27 Summonings
 O Level 27 Necromancy
 + Level 25.1 Translocations
 - Level 4.0 Transmutations
 + Level 24.1 Fire Magic
 - Level 4.0 Air Magic
 - Level 4.0 Earth Magic
 - Level 18.0 Evocations
 O Level 27 Shapeshifting


You had 14 spell levels left.
You knew the following spells:

 Your Spells              Type           Power      Damage    Failure   Level
a - Apportation           Tloc           100%       N/A       0%          1
b - Blink                 Tloc           100%       N/A       0%          2
c - Manifold Assault      Tloc           88%        N/A       0%          4
d - Death Channel         Necr           45%        N/A       0%          6
e - Vhi's Electric Charg  Tloc/Air       100%       N/A       1%          4
f - Passwall              Tmut/Erth      33%        N/A       1%          2
g - Summon Horrible Thin  Summ           45%        N/A       1%          8
h - Animate Dead          Necr           91%        N/A       0%          4
i - Lesser Beckoning      Tloc           100%       N/A       0%          2
j - Passage of Golubria   Tloc           88%        N/A       0%          4
k - Borgnjor's Vile Clut  Necr/Erth      35%        N/A       1%          5
l - Malign Gateway        Summ/Tloc      45%        N/A       1%          7
m - Ignition              Fire           43%        3d13      1%          8
D - Death's Door          Necr           45%        N/A       1%          9

Your spell library contained the following spells:

 Spells                   Type           Power      Damage    Failure   Level
 Foxfire                  Conj/Fire      100%       2x1d9     0%          1
 Kiss of Death            Conj/Necr      100%       2d13      0%          1
 Necrotise                Necr           100%       1d9       0%          1
 Summon Small Mammal      Summ           100%       N/A       0%          1
 Call Imp                 Summ           100%       N/A       0%          2
 Momentum Strike          Conj/Tloc      100%       3d10      0%          2
 Scorch                   Fire           100%       2d9       0%          2
 Call Canine Familiar     Summ           91%        N/A       0%          3
 Gell's Gravitas          Tloc           88%        N/A       0%          3
 Teleport Other           Tloc           88%        N/A       0%          3
 Vampiric Draining        Necr           91%        2d12      0%          3
 Volatile Blastmotes      Fire/Tloc      100%       2d18      0%          3
 Dispel Undead            Necr           91%        3d29      0%          4
 Agony                    Necr           91%        N/A       0%          5
 Summon Forest            Summ/Tloc      45%        N/A       0%          5
 Dispersal                Tloc           44%        N/A       0%          6
 Summon Cactus Giant      Summ           45%        N/A       0%          6
 Haunt                    Necr/Summ      45%        N/A       0%          7
 Monstrous Menagerie      Summ           45%        N/A       0%          7
 Summon Hydra             Summ           45%        N/A       0%          7
 Magic Dart               Conj           100%       1d8       1%          1
 Sandblast                Erth           80%        2d17      1%          1
 Shock                    Conj/Air       100%       1d9       1%          1
 Slow                     Hex            100%       N/A       1%          1
 Sting                    Tmut/Pois      100%       1d8       1%          1
 Cigotuvi's Dreadful Rot  Necr/Pois/Air  100%       N/A       1%          2
 Ensorcelled Hibernation  Hex/Ice        50%        N/A       1%          2
 Jinxbite                 Hex            50%        N/A       1%          2
 Poisonous Vapours        Pois/Air       66%        N/A       1%          2
 Searing Ray              Conj           50%        2d6       1%          2
 Wereblood                Tmut           40%        N/A       1%          2
 Ignite Poison            Fire/Tmut/Pois 57%        N/A       1%          3
 Inner Flame              Hex/Fire       64%        N/A       1%          3
 Stone Arrow              Conj/Erth      66%        3d11      1%          3
 Swiftness                Air            40%        N/A       1%          3
 Anguish                  Hex/Necr       33%        N/A       1%          4
 Flame Wave               Conj/Fire      64%        2d15      1%          4
 Iskenderun's Mystic Bla  Conj/Tloc      65%        2d13      1%          4
 Sticky Flame             Conj/Fire      64%        2d8       1%          4
 Summon Ice Beast         Ice/Summ       67%        N/A       1%          4
 Summon Lightning Spire   Summ/Air       71%        N/A       1%          4
 Fireball                 Conj/Fire      32%        3d14      1%          5
 Summon Mana Viper        Hex/Summ       67%        N/A       1%          5
 Plasma Beam              Fire/Air       34%        2x1d47    1%          6
 Simulacrum               Ice/Necr       33%        N/A       1%          6
 Starburst                Conj/Fire      32%        6d10      1%          6
 Borgnjor's Revivificati  Necr           45%        N/A       1%          8
 Disjunction              Tloc           44%        N/A       1%          8
 Infestation              Necr           45%        N/A       1%          8
 Dragon's Call            Summ           45%        N/A       1%          9
 Mephitic Cloud           Conj/Pois/Air  30%        N/A       2%          3
 Petrify                  Tmut/Erth      40%        N/A       2%          4
 Confusing Touch          Hex            25%        N/A       3%          3
 Frozen Ramparts          Ice            50%        1d8       3%          3
 Ozocubu's Armour         Ice            25%        N/A       3%          3
 Sigil of Binding         Hex            25%        N/A       3%          3
 Tukima's Dance           Hex            25%        N/A       3%          3
 Brom's Barrelling Bould  Conj/Erth      33%        2d5       5%          4
 Leda's Liquefaction      Hex/Erth       16%        N/A       5%          4
 Lee's Rapid Deconstruct  Erth           20%        3d12*     7%          5
 Cause Fear               Hex            12%        N/A       13%         4
 Fulminant Prism          Conj/Hex       12%        3d8       13%         4
 Olgreb's Toxic Radiance  Pois           25%        N/A       13%         4
 Alistair's Intoxication  Tmut/Pois      22%        N/A       16%         5
 Arcjolt                  Conj/Air       16%        1d26      16%         5
 Irradiate                Conj/Tmut      16%        3d17      16%         5
 Silence                  Hex/Air        16%        N/A       16%         5
 Yara's Violent Unravell  Hex/Tmut       16%        3d8       16%         5
 Freezing Cloud           Conj/Ice/Air   15%        6-21      22%         5
 Iskenderun's Battlesphe  Conj           25%        2d8       34%         5
 Metabolic Englaciation   Hex/Ice        12%        N/A       34%         5
 Conjure Ball Lightning   Conj/Air       16%        3x3d6     65%         6
 Eringya's Noxious Bog    Tmut/Pois      16%        4d6       65%         6
 Leda's Unmaking          Conj/Erth      16%        9d3       65%         6
 Enfeeble                 Hex            12%        N/A       100%        7
 Orb of Destruction       Conj           12%        9d7       100%        7
 Ozocubu's Refrigeration  Ice            12%        4d10      100%        7
 Discord                  Hex            12%        N/A       100%        8
 Lehudib's Crystal Spear  Conj/Erth      16%        10d5      100%        8
 Sublimation of Blood     Necr           Unusable   N/A       N/A         2
 Animate Armour           Summ/Erth      Unusable   N/A       N/A         4
 Dimensional Bullseye     Hex/Tloc       Unusable   N/A       N/A         4

Inventory:

Jewellery
 o - the ring of Ruaroq {rN+ Stlth+}
   (You found it on level 3 of the Crypt)

   [ring of positive energy]

   rN+:       It protects you from negative energy.
   Stlth+:    It makes you more stealthy.
 p - the ring "Jaezine" {rF+ rC+ SInv}
   (You bought it in a shop on level 11 of the Dungeon)

   [ring of see invisible]

   rF+:       It protects you from fire.
   rC+:       It protects you from cold.
   SInv:      It lets you see invisible.
 y - the ring of Contentment {*Corrode +Blink Will+ Str+6 Int+8}
   (You found it on level 5 of the Vaults)

   [ring of strength]

   Str+6:     It affects your strength (+6).
   Int+8:     It affects your intelligence (+8).
   Will+:     It increases your willpower.
   +Blink:    It lets you blink.
   *Corrode:  It may corrode you when you take damage.
 z - the amulet "Ythrooh" (around neck) {Reflect Regen+ Int+3 Dex+5 SH+5}
   (You bought it in a shop on level 11 of the Dungeon)

   [amulet of reflection]

   Reflect:   It reflects blocked missile attacks.
   Int+3:     It affects your intelligence (+3).
   Dex+5:     It affects your dexterity (+5).
   Regen+:    It increases your rate of health regeneration.
   SH+5:      It affects your SH (+5).
 F - the ring of Bujaun (right paw) {rF+ rC+ Str+6 SInv}
   (You found it on level 3 of the Vaults)

   [ring of protection from fire]

   Str+6:     It affects your strength (+6).
   rF+:       It protects you from fire.
   rC+:       It protects you from cold.
   SInv:      It lets you see invisible.
 P - the ring of Satisfaction {Will++ EV+5 Str+2 Dex-2}
   (You bought it in a shop on level 11 of the Dungeon)

   [ring of evasion]

   EV+5:      It affects your evasion (+5).
   Str+2:     It affects your strength (+2).
   Dex-2:     It affects your dexterity (-2).
   Will++:    It greatly increases your willpower.
 S - the ring of Kol Wywa (left paw) {rN+ SInv Stlth+}
   (You bought it in a shop in Pandemonium)

   [ring of positive energy]

   rN+:       It protects you from negative energy.
   SInv:      It lets you see invisible.
   Stlth+:    It makes you more stealthy.
 W - the ring "Zenaast" {Contam rF+++ MP+9 Stlth+}
   (You found it on level 7 of Tartarus)

   [ring of magical power]

   rF+++:     It renders you almost immune to fire.
   MP+9:      It affects your magic capacity (+9).
   Contam:    It causes magical contamination when unequipped.
   Stlth+:    It makes you more stealthy.
Talismans
 c - a granite talisman
   (You found it on level 4 of the Lair of Beasts)
 q - a storm talisman (active)
   (You bought it in a shop on level 11 of the Dungeon)
Wands
 f - a wand of iceblast (114)
   (You found it on level 6 of the Dungeon)
 v - a wand of mindburst (70)
   (You took it off Ijyb on level 5 of the Dungeon)
 w - a wand of flame (176)
   (You took it off Grinder on level 5 of the Dungeon)
 C - a wand of charming (121)
   (You found it on level 8 of the Dungeon)
 I - a wand of quicksilver (80)
   (You found it on level 11 of the Dungeon)
 X - a wand of digging (27)
   (You found it on level 4 of the Vaults)
Scrolls
 d - 22 scrolls of teleportation
 n - 8 scrolls of summoning
 r - 14 scrolls of poison
 s - 16 scrolls of revelation
 x - 14 scrolls of immolation
 A - 11 scrolls of fear
 D - 10 scrolls of silence
 H - 10 scrolls of fog
 O - 13 scrolls of blinking
 T - 19 scrolls of amnesia
 Y - 16 scrolls of noise
Potions
 a - 6 potions of invisibility
 e - 36 potions of curing
 h - 8 potions of might
 i - 15 potions of mutation
 j - 18 potions of lignification
 k - 12 potions of enlightenment
 l - 11 potions of magic
 m - 13 potions of resistance
 u - 10 potions of heal wounds
 B - 4 potions of berserk rage
 E - 14 potions of attraction
 G - 8 potions of ambrosia
 K - 8 potions of haste
 L - 3 potions of cancellation
 N - 14 potions of brilliance
Miscellaneous
 g - a figurine of a ziggurat
 J - a lightning rod (4/4)
   (You found it on level 4 of the Lair of Beasts)
 M - a condenser vane
   (You found it on level 11 of the Dungeon)
 Q - a phial of floods
   (You found it on level 2 of the Shoals)
 R - a phantom mirror
   (You found it on level 2 of the Shoals)
 V - a sack of spiders
   (You found it on level 2 of the Vaults)
 Z - the horn of Geryon
   (You took it off Geryon in the Vestibule of Hell)

Dungeon Overview and Level Annotations

Branches:
Dungeon (15/15)            Temple (1/1) D:5            Lair (5/5) D:11
 Shoals (4/4) Lair:3       Spider (4/4) Lair:3        Slime (5/5) Lair:4
    Orc (2/2) D:11            Elf (3/3) Orc:2        Vaults (5/5) D:13
  Crypt (3/3) Vaults:2       Tomb (3/3) Crypt:3      Depths (4/4) D:15
   Hell (visited)             Dis (7/7) Hell            Geh (7/7) Hell
    Coc (7/7) Hell            Tar (7/7) Hell            Zot (5/5) Depths:4

Altars:
Ashenzari
Cheibriados
Dithmenos
Elyvilon
Fedhas
Gozag
Hepliaklqana
Kikubaaqudgha
Makhleb
Nemelex Xobeh
Okawaru
Qazlal
Ru
Sif Muna
Trog
Uskayaw
Vehumet
Wu Jian
Xom
Yredelemnul
Zin
The Shining One
Jiyva

Shops:
D:11 ?:==:===   D:12 *(*[   D:14 ?   Orc:1 [   Orc:2 !:[   Elf:1 :   Elf:3 (*
Shoals:2 *(   Shoals:4 **   Vaults:1 !   Vaults:4 *   Vaults:5 ?!!   Depths:1 !

Portals:
Hell: Depths:1 Depths:2 Depths:3 Depths:4
Abyss: Depths:3 Depths:4
Pandemonium: Depths:1 Depths:2

Annotations:
Slime:5 Royal Jelly

###+.....######.....).
#........# #.......
#.###'#### ###.......
##.# #.# ##.....####
###..# #.# #..#####
#...## #.# #.## #.###
##.## #.#
#.#####...#####.#
#.+.....v.....'.#
####.........####
##.......## ##.....##
##..(## ##.## ###


There were no monsters in sight!


Message History

Aiming: Blinkbolt
Press: ? - help, Dir - move target, f - balrug
Aim: a balrug, wielding a +1 vampiric demon whip (94% to hit)
The shock of your passage hits the searing wretch!!
The searing wretch is moderately damaged.
The shock of your passage hits the balrug!!!!
You kill the balrug!
You blink.
The searing wretch misses you.
The searing wretch completely misses you. x2
You blast the searing wretch!!!
Lightning courses through the searing wretch!!
The searing wretch is severely damaged.
The searing wretch completely misses you. x3
You buffet the searing wretch!
You punch the searing wretch.
The searing wretch is almost destroyed.
You blast the searing wretch!!!
You destroy the searing wretch!
Which direction?
You reach down and close the door.
You reach down and close the door.
You reach down and open the door.
You feel energetic enough to blinkbolt again.
There is an open door here.
You reach down and close the door.
You see here a +1 vampiric demon whip.
You reach down and close the door.
Your time is quickly running out!
You reach down and close the door.
You see here a +1 vampiric demon whip.
You start resting.
Your life is in your own paws again!
You start resting.
You step away from death's doorway.
Unknown command.
You start resting.
You hear a series of splatters.
You hear a distant slurping noise.
A searing wretch opens the door.
The searing wretch completely misses you.
You block the searing wretch's attack. The searing wretch bites you.
There is an open door here.
You hit the searing wretch. Your punch misses the searing wretch.
The searing wretch is lightly damaged.
You buffet the searing wretch!
Lightning courses through the searing wretch!
You punch the searing wretch!!
The searing wretch is moderately damaged.
You blast the searing wretch!!!
You punch the searing wretch.
The searing wretch is heavily damaged.
The searing wretch completely misses you.
You block the searing wretch's attack.
The searing wretch completely misses you.
You buffet the searing wretch!
The searing wretch is severely damaged.
You blast the searing wretch!!!!
Lightning courses through the searing wretch!!
You destroy the searing wretch!
You start resting.
HP restored.
There is an open door here.
Found a There-And-Back Book and 2 stones.
There is an open door here.
Found 29 gold pieces and a book of Weapons.
You now have 7013 gold pieces (gained 29).
There is an open door here.
You hear a distant slurping noise.
There is an open door here.
You reach down and open the door.
There is an open door here.
You reach down and open the large door.
There is a large open door here.
There is an open door here.
You hear a distant slurping noise.
There is an open door here.
A balrug comes into view.
It is wielding a +2 demon whip of venom.
The balrug shouts!
You hit the balrug but do no damage. You barely miss the balrug.
You block the balrug's attack.
You buffet the balrug!
You punch the balrug!
The balrug is moderately wounded.
You miss the balrug.
The balrug is moderately wounded.
The balrug gestures at you.
You block the sticky flame... and reflect it back!
The sticky flame hits the balrug.
The balrug completely resists.
The balrug is covered in liquid flames!
You barely miss the balrug. You punch the balrug, but do no damage.
The balrug is moderately wounded.
The balrug gestures at you.
The fireball explodes!
The fireball engulfs you! You resist.
The fireball engulfs the balrug.
The balrug completely resists.
You hear a trumpeting!
You hear a shout!
You blast the balrug!!!
You punch the balrug.
You kill the balrug!
You see here a +2 demon whip of venom.
You hear a distant slurping noise.
A hellephant comes into view.
There is an open door here.
A balrug, a creeping inferno and a molten gargoyle come into view.
The balrug is wielding a +2 demon whip of venom.
The molten gargoyle blasts magma at you!
The bolt of magma misses you.
The balrug moves out of view.
The hellephant trumpets!
The molten gargoyle completely misses you.
The hellephant completely misses you. The hellephant bites you!
The hellephant completely misses you.
You closely miss the molten gargoyle. You punch the molten gargoyle!
The molten gargoyle is moderately damaged.
You closely miss the hellephant.
You hear a distant slurping noise.
You blast the molten gargoyle!!!
You destroy the molten gargoyle!
You hit the hellephant.
A searing wretch comes into view.
The hellephant blinks!
The balrug gestures at you. The sticky flame misses you.
The balrug hits you with a +2 demon whip of venom!
You are engulfed in flames.
You resist. The hellephant breathes flames at you.
The blast of flame misses you.
The balrug hits you with a +2 demon whip of venom!!
You are engulfed in flames.
You resist.
You see here a +0 mace.
You batter the hellephant!!
The hellephant is moderately wounded.
You blast the balrug!!!
Casting: Manifold Assault (safe; 0% risk of failure)
Press: ? - help, Q - select action, (/) - cycle Dir - look around, f - activate Space momentarily warps into an impossible shape!
You batter the balrug!! Lightning courses through the balrug!
You kill the balrug!
You batter the creeping inferno!!
A raging storm of fire appears!
The creeping inferno explodes!
The great blast of fire engulfs you! You partially resist.
The great blast of fire engulfs the hellephant!!
A fire vortex comes into view.
You are engulfed in blazing flames.
You resist.
You hear a trumpeting!
You hear a shout!
You hear a hideous shriek!
The hellephant is engulfed in blazing flames.
The hellephant completely misses you. x3
You blast the hellephant!!!
You punch the hellephant!
The hellephant is almost dead.
You batter the fire vortex!!
You are engulfed in blazing flames.
You resist.
You blast the hellephant!!!
You kill the hellephant!
You batter the fire vortex!!
The fire vortex dissipates!
You are engulfed in blazing flames.
You resist.
You are engulfed in blazing flames.
You resist.
You hear a distant slurping noise.
A balrug comes into view.
It is wielding a +4 demon whip of flaming.
You block the searing wretch's attack.
The searing wretch completely misses you.
The searing wretch bites you.
You blast the searing wretch!!!!
The searing wretch is heavily damaged.
You blast the searing wretch!!!!
You destroy the searing wretch!
The balrug completely misses you.
There is an open door here.
You hit the balrug but do no damage. You punch the balrug, but do no damage.
The balrug completely misses you.
You batter the balrug!!
The balrug is moderately wounded.
The balrug completely misses you.
You hit the balrug but do no damage.
The balrug is moderately wounded.
You blast the balrug!!!
The balrug is severely wounded.
The balrug gestures at you. The sticky flame misses you.
You blast the balrug!!!
You kill the balrug!
You now have 7117 gold pieces (gained 104).
You see here a +4 demon whip of flaming.
There is an open door here.
A molten gargoyle comes into view. It is wielding a +0 flail.
You hear a slurping noise.
There is an open door here.
You batter the molten gargoyle!!
The molten gargoyle is severely damaged.
The molten gargoyle completely misses you.
You batter the molten gargoyle!!
You destroy the molten gargoyle!
A hellion comes into view.
There is an open door here.
A balrug comes into view.
It is wielding a +2 demon whip of venom.
Casting: Manifold Assault (safe; 0% risk of failure)
Confirm with . or Enter, or press ? or * to list all spells.
Charge where?
Press: ? - help, Dir - move target, f - balrug
Aim: a balrug, wielding a +2 demon whip of venom (wandering, hasn't noticed you, 86% to hit)
You charge forward with an electric crackle!
The balrug shouts!
The hellion gives a hideous shriek!
You blast the balrug and electrocute it!!!!!
Lightning courses through the balrug!
You kill the balrug!
Casting: Vhi's Electric Charge (safe; 1% risk of failure)
Confirm with . or Enter, or press ? or * to list all spells.
Charge where?
Press: ? - help, Dir - move target, f - hellion
Aim: a hellion (89% to hit)
You charge forward with an electric crackle!
You blast the hellion and electrocute it!!!!
You kill the hellion!
Unknown command.
You reach down and open the door.
There is an open door here.
Jiyva says: Divide and consume!
You hear a distant slurping noise.
You hear a distant slurping noise.
You hear a distant slurping noise.
You hear a distant slurping noise.
You hear a distant slurping noise.
There is an open door here.
You hear a distant slurping noise.
You hear a distant slurping noise.
Found a scroll of summoning.
A hellephant comes into view.
You hear a distant slurping noise.
The hellephant completely misses you. The hellephant bites you.
The hellephant misses you. The hellephant breathes flames at you.
The blast of flame misses you. The hellephant closely misses you.
The hellephant misses you. The hellephant barely misses you.
The searing wretch completely misses you. x3
You see here a scroll of summoning.
n - 8 scrolls of summoning (gained 1)
The hellephant completely misses you. x3; The searing wretch claws you!
You are engulfed in flames.
You resist. The searing wretch barely misses you.
The searing wretch completely misses you.
You barely miss the searing wretch. You batter the hellephant!!
A salamander tyrant comes into view.
The searing wretch completely misses you. x3
The hellephant blinks!
A molten gargoyle comes into view. It is wielding a +0 morningstar.
You hit the hellephant but do no damage.
You punch the hellephant.
The hellephant is lightly wounded.
You hit the searing wretch.
You buffet the hellephant!
The hellephant is moderately wounded.
You blast the searing wretch!!!
Lightning courses through the searing wretch!!
The searing wretch completely misses you. x3
The hellephant completely misses you. x2
The hellephant gores you but does no damage.
You blast the hellephant!!!
You punch the hellephant!
The hellephant is heavily wounded.
You hit the searing wretch. You closely miss the hellephant.
You punch the hellephant, but do no damage.
The hellephant is heavily wounded.
You blast the searing wretch!!!
The searing wretch completely misses you.
The searing wretch barely misses you.
The searing wretch completely misses you.
The hellephant blinks!
The salamander tyrant calls gouts of flame from the lava!
The flame surge hits you! You resist.
Unknown command.
You blast the searing wretch!!!
You punch the searing wretch!
The searing wretch is almost destroyed.
The salamander tyrant calls gouts of flame from the lava!
The flame surge hits you but does no damage.
You resist.
You closely miss the searing wretch. You punch the searing wretch!
You destroy the searing wretch!
The molten gargoyle blasts magma at you!
The bolt of magma misses you.
The hellephant completely misses you. x3
The salamander tyrant calls gouts of flame from the lava!
The flame surge hits you! You resist.
The molten gargoyle blasts magma at you!
The bolt of magma misses you.
You batter the hellephant!!
The hellephant is severely wounded.
The hellephant breathes flames at you. The blast of flame misses you.
The salamander tyrant calls gouts of flame from the lava!
The flame surge hits you. You resist.
You blast the hellephant!!!
You kill the hellephant!
The molten gargoyle blasts magma at you!
The bolt of magma misses you.
The salamander tyrant calls gouts of flame from the lava!
The flame surge hits you! You resist.
The molten gargoyle blasts magma at you!
The bolt of magma hits you! You partially resist.
The molten gargoyle completely misses you.
You hit the molten gargoyle.
The molten gargoyle is lightly damaged.
You closely miss the molten gargoyle. You punch the molten gargoyle!
The molten gargoyle is moderately damaged.
The molten gargoyle completely misses you.
You barely miss the molten gargoyle.
The molten gargoyle is moderately damaged.
You blast the molten gargoyle!!!
You destroy the molten gargoyle!
You hear a sizzling splash.
The salamander tyrant gazes fiercely through you!
You feel your attacks grow feeble.
The salamander tyrant calls gouts of flame from the lava!
The flame surge hits you! You resist.
You batter the salamander tyrant!!
The salamander tyrant is heavily wounded.
You blast the salamander tyrant!!!
You kill the salamander tyrant!
You hear a distant slurping noise.
You start resting.
A molten gargoyle comes into view. It is wielding a +0 flail.
You hear a distant slurping noise.
The molten gargoyle completely misses you.
You hit the molten gargoyle.
The molten gargoyle is lightly damaged.
You blast the molten gargoyle!!!
You destroy the molten gargoyle!
You hear a sizzling splash.
You start waiting.
Your attacks no longer feel as feeble.
A fire giant comes into view.
It is wielding a +2 great sword of flaming.
Found 101 gold pieces.
A Brimstone Fiend comes into view.
Found 77 gold pieces.
The fire giant shouts!
You hear a roar!
The fire giant casts a spell at you.
The fireball explodes!
The fireball engulfs you. You resist.
A Brimstone Fiend comes into view.
The Brimstone Fiend roars!
Something shouts, "Quail, thou feeble moldwarp deadneck!"
The fire giant points at you and mumbles some strange words.
The bolt of fire misses you.
Casting: Manifold Assault (safe; 0% risk of failure)
Press: ? - help, Q - select action, (/) - cycle Dir - look around, f - activate Space momentarily warps into an impossible shape!
You blast the Brimstone Fiend!!!
Lightning courses through the Brimstone Fiend!!
You blast the fire giant!!!
Lightning courses through the fire giant!
Casting: Manifold Assault (safe; 0% risk of failure)
Press: ? - help, Q - select action, (/) - cycle Dir - look around, f - activate Space momentarily warps into an impossible shape!
You hit the fire giant but do no damage.
Lightning courses through the fire giant!
You batter the Brimstone Fiend!!
Lightning courses through the Brimstone Fiend!
You kill the Brimstone Fiend!
Casting: Manifold Assault (safe; 0% risk of failure)
Press: ? - help, Q - select action, (/) - cycle Dir - look around, f - activate Space momentarily warps into an impossible shape!
You barely miss the fire giant.
Unknown command.
A molten gargoyle comes into view. It is wielding a +0 flail.
Casting: Manifold Assault (safe; 0% risk of failure)
Press: ? - help, Q - select action, (/) - cycle Dir - look around, f - activate Space momentarily warps into an impossible shape!
You hit the Brimstone Fiend. The fire giant casts a spell at you.
The bolt of fire misses you.
Unknown command.
The fire giant gestures at you while chanting.
The bolt of fire misses you. The Brimstone Fiend gestures at you.
The sphere of damnation explodes!
The damnation engulfs you!!!
You shudder from the blast and a jelly pops out!
Something hits your azure jelly!! Something burns your azure jelly!
Your azure jelly hits the Brimstone Fiend but does no damage. x2
Your azure jelly barely misses the Brimstone Fiend.
Your azure jelly hits the Brimstone Fiend.
Something closely misses your azure jelly.
Casting: Manifold Assault (safe; 0% risk of failure)
Press: ? - help, Q - select action, (/) - cycle Dir - look around, f - activate Space momentarily warps into an impossible shape!
You batter the Brimstone Fiend!!
Your azure jelly hits the Brimstone Fiend but does no damage. x3
Your azure jelly hits the Brimstone Fiend.
The Brimstone Fiend hits your azure jelly!
The Brimstone Fiend misses your azure jelly.
The Brimstone Fiend hits your azure jelly.
Casting: Manifold Assault (safe; 0% risk of failure)
Press: ? - help, Q - select action, (/) - cycle Dir - look around, f - activate Space momentarily warps into an impossible shape!
You buffet the molten gargoyle!
You batter the Brimstone Fiend!!
Your azure jelly hits the Brimstone Fiend but does no damage. x2
Your azure jelly hits the Brimstone Fiend.
Your azure jelly hits the Brimstone Fiend but does no damage.
Casting: Manifold Assault (safe; 0% risk of failure)
Confirm with . or Enter, or press ? or * to list all spells.
Charge where?
Press: ? - help, Dir - move target, f - Brimstone Fiend
Aim: a Brimstone Fiend (severely wounded, not watching you, ally target, 95% to hit)
You charge forward with an electric crackle!
Asmodeus, Prince of Gehenna comes into view.
He is wielding the +13 sceptre of Asmodeus.
You blast the Brimstone Fiend and electrocute it!!!!
Lightning courses through the Brimstone Fiend!
You kill the Brimstone Fiend!
You buffet the fire giant!
Lightning courses through the fire giant!
You hear a distant slurping noise.
The fire giant completely misses you.
Press: ? - help, v - describe, . - travel
Here: Asmodeus, wielding the +13 sceptre of Asmodeus (surrounded by flames) Ashen ground.
You feel yourself speed up. The molten gargoyle barely misses you.
The fire giant casts a spell at you. The bolt of fire misses you.
Asmodeus gestures.
Unknown command.
You feel very mighty all of a sudden.
The molten gargoyle completely misses you.
You hear a distant slurping noise.
Your azure jelly hits the fire giant but does no damage.
Your azure jelly hits the fire giant.
Your azure jelly freezes the fire giant!!
The fire giant dies!
Casting: Vhi's Electric Charge (safe; 1% risk of failure)
Confirm with . or Enter, or press ? or * to list all spells.
Charge where?
Press: ? - help, Dir - move target, f - Brimstone Fiend
Aim: a Brimstone Fiend (black smoke, summoned, 95% to hit)
You charge forward with an electric crackle!
You blast the Brimstone Fiend and electrocute it!!!
The Brimstone Fiend is moderately wounded.
You closely miss Asmodeus.
You are engulfed in blazing flames.
You resist.
The Brimstone Fiend completely misses you. x2
The Brimstone Fiend hits you but does no damage.
Asmodeus completely misses you.
You blast the Brimstone Fiend!!!
The Brimstone Fiend is severely wounded.
You completely miss the molten gargoyle.
You buffet Asmodeus!
You are engulfed in blazing flames.
You resist.
You blast the Brimstone Fiend!!!
You kill the Brimstone Fiend!
The Brimstone Fiend disappears in a puff of smoke!
You hit Asmodeus but do no damage. You barely miss the molten gargoyle.
You are engulfed in blazing flames.
You resist. You block Asmodeus's attack.
You batter Asmodeus!! You punch Asmodeus, but do no damage.
Asmodeus is lightly wounded.
You batter the molten gargoyle!!
You destroy the molten gargoyle!
You are engulfed in blazing flames.
You resist.
You hear a series of splatters.
You blast Asmodeus!!!!
You punch Asmodeus.
Asmodeus is moderately wounded.
You are engulfed in blazing flames.
You resist.
You completely miss Asmodeus.
Asmodeus is moderately wounded.
You barely miss Asmodeus.
Asmodeus is moderately wounded.
Asmodeus completely misses you.
You blast Asmodeus!!!!
You punch Asmodeus.
Asmodeus is heavily wounded.
You are engulfed in blazing flames.
You resist.
You blast Asmodeus!!!
Asmodeus is severely wounded.
You are engulfed in blazing flames.
You resist.
Your azure jelly is engulfed in blazing flames.
Your azure jelly hits Asmodeus but does no damage.
Your azure jelly barely misses Asmodeus.
Your azure jelly hits Asmodeus but does no damage.
Your azure jelly barely misses Asmodeus.
You batter Asmodeus!! You punch Asmodeus!!
Asmodeus is severely wounded.
You are engulfed in blazing flames.
You resist.
Asmodeus hits you with the +13 sceptre of Asmodeus!!
You blast Asmodeus!!!
Asmodeus is almost dead.
You are engulfed in blazing flames.
You resist.
You blast Asmodeus!!!
You punch Asmodeus, but do no damage.
Asmodeus is almost dead.
You are engulfed in blazing flames.
You resist.
Your azure jelly hits Asmodeus but does no damage.
Your azure jelly closely misses Asmodeus.
Your azure jelly hits Asmodeus but does no damage. x2
You strike the helpless Asmodeus from behind!
You blast Asmodeus!!!
You kill Asmodeus!
You are engulfed in blazing flames.
You resist.
You have mastered Summonings!
Unknown command.
Your azure jelly is engulfed in blazing flames.
Press: ? - help, v - describe, . - travel, g - get item Item here: the +13 sceptre of Asmodeus.
Ashen ground.
Unknown command.
Your azure jelly is engulfed in blazing flames.
Found 115 gold pieces and a scroll of enchant weapon.
Your azure jelly dissolves into a puddle of slime!
Found 147 gold pieces.
Found 121 gold pieces.
You now have 7127 gold pieces (gained 10).
Found 10 gold pieces.
Found 29 gold pieces.
Found an obsidian rune of Zot.
You now have 7156 gold pieces (gained 29).
You hear a distant slurping noise. x2
You now have 7196 gold pieces (gained 40).
You now have 7206 gold pieces (gained 10).
You hear a distant slurping noise.
Found a scroll of vulnerability.
There is an open door here.
You hear a distant slurping noise.
You now have 7222 gold pieces (gained 16).
You hear a distant slurping noise. x2
You now have 7235 gold pieces (gained 13).
You hear a distant slurping noise.
You pick up the obsidian rune and feel its power.
You have collected all the runes!
Now go and win!
Press } to see all the runes you have collected.
You hear a distant slurping noise.
You hear a squelching noise.
HP restored.
Magic restored.
You hear a distant slurping noise.
You now have 7252 gold pieces (gained 17).
There is an open door here.
You hear a distant slurping noise.
You now have 7280 gold pieces (gained 28).
You hear a distant slurping noise.
You now have 7318 gold pieces (gained 38).
Your extra speed is starting to run out.
You hear a distant slurping noise.
You now have 7357 gold pieces (gained 39).
You hear a distant slurping noise.
You now have 7370 gold pieces (gained 13).
You now have 7406 gold pieces (gained 36).
You feel yourself slow down.
You now have 7440 gold pieces (gained 34).
You now have 7472 gold pieces (gained 32).
You now have 7504 gold pieces (gained 32).
You now have 7517 gold pieces (gained 13).
You now have 7524 gold pieces (gained 7).
There is an open door here.
You see here a scroll of vulnerability.
You feel a little less mighty now.
There is an open door here.
You now have 7543 gold pieces (gained 19).
You now have 7580 gold pieces (gained 37).
You now have 7597 gold pieces (gained 17).
You now have 7638 gold pieces (gained 41).
You now have 7655 gold pieces (gained 17).
You now have 7693 gold pieces (gained 38).
You now have 7717 gold pieces (gained 24).
You see here the +13 sceptre of Asmodeus.
There is an open door here.
You hear a distant slurping noise.
You hear a distant slurping noise.
There is an open door here.
You hear a distant slurping noise.
There is a huge open gate here.
You reach down and open the door.
There is an open door here.
Key pressed, stopping explore.
Unknown command.
There is an open door here.
There is an open door here.
There is an open door here.
There is an open door here.
You reach down and open the large door.
There is a large open door here.
Jiyva gurgles merrily.
You hear a distant slurping noise.
A fire giant and a searing wretch come into view.
The fire giant is wielding a +1 great sword of flaming.
Casting: Manifold Assault (safe; 0% risk of failure)
Press: ? - help, Q - select action, (/) - cycle Dir - look around, f - activate Space momentarily warps into an impossible shape!
You buffet the fire giant!
The fire giant shouts!
You batter the searing wretch!!
You hear a roar!
Casting: Manifold Assault (safe; 0% risk of failure)
Press: ? - help, Q - select action, (/) - cycle Dir - look around, f - activate Space momentarily warps into an impossible shape!
You hit the fire giant.
You blast the searing wretch!!!
Lightning courses through the searing wretch!
Casting: Manifold Assault (safe; 0% risk of failure)
Press: ? - help, Q - select action, (/) - cycle Dir - look around, f - activate You can't see anything to attack.
Unknown command.
The fire giant gestures at you while chanting.
The bolt of fire misses you.
The fire giant points at you and mumbles some strange words.
The bolt of fire misses you.
The searing wretch completely misses you. x3
The fire giant gestures at you while chanting.
The fireball explodes!
The fireball engulfs you! You resist.
The fireball engulfs the searing wretch.
The searing wretch completely resists.
The fireball engulfs the fire giant!
The fire giant resists.
You blast the searing wretch!!!
You destroy the searing wretch!
You hit the fire giant.
Your Fire Magic skill increases to level 24!
You batter the fire giant!!
The fire giant is heavily wounded.
The fire giant gestures at you while chanting.
The bolt of fire misses you.
You blast the fire giant!!!!
You kill the fire giant!
A Brimstone Fiend comes into view.
Casting: Manifold Assault (safe; 0% risk of failure)
Confirm with . or Enter, or press ? or * to list all spells.
Charge where?
Press: ? - help, Dir - move target, f - Brimstone Fiend
Aim: a Brimstone Fiend (95% to hit)
You charge forward with an electric crackle!
Found 19 gold pieces.
You buffet the Brimstone Fiend and electrocute it!
The Brimstone Fiend is lightly wounded.
The Brimstone Fiend completely misses you. x2
The Brimstone Fiend hits you.
You barely miss the Brimstone Fiend. You punch the Brimstone Fiend!
The Brimstone Fiend is moderately wounded.
The Brimstone Fiend completely misses you. x3
You buffet the Brimstone Fiend!
The Brimstone Fiend is heavily wounded.
You blast the Brimstone Fiend!!!
The Brimstone Fiend is almost dead.
The Brimstone Fiend completely misses you.
You block the Brimstone Fiend's attack.
The Brimstone Fiend hits you but does no damage.
You batter the Brimstone Fiend!!
You kill the Brimstone Fiend!
You start resting.
Magic restored.
A searing wretch comes into view.
Found 153 gold pieces, a scale mail and a wand of mindburst (7).
The searing wretch completely misses you. x3
You blast the searing wretch!!!
Lightning courses through the searing wretch!
The searing wretch is heavily damaged.
The searing wretch completely misses you. x3
You barely miss the searing wretch.
The searing wretch is heavily damaged.
You blast the searing wretch!!!!
You destroy the searing wretch!
Found 92 gold pieces.
Found 107 gold pieces and a runed war axe.
You now have 7754 gold pieces (gained 37).
Found 15 gold pieces.
You hear a distant slurping noise.
You now have 7794 gold pieces (gained 40).
Found 36 gold pieces and a +6 ring of intelligence.
You now have 7803 gold pieces (gained 9).
You now have 7834 gold pieces (gained 31).
You now have 7861 gold pieces (gained 27).
You now have 7884 gold pieces (gained 23).
There is an open door here.
You now have 7920 gold pieces (gained 36).
b - a +6 ring of intelligence You drop a +6 ring of intelligence.
You now have 7935 gold pieces (gained 15).
You see here a +4 war axe of electrocution.
v - a wand of mindburst (70) (gained 7 charges)
You see here a +6 ring of intelligence.
There is an open door here.
You now have 7964 gold pieces (gained 29).
You now have 8000 gold pieces (gained 36).
You now have 8013 gold pieces (gained 13).
You now have 8042 gold pieces (gained 29).
You hear a distant slurping noise.
You now have 8084 gold pieces (gained 42).
You now have 8120 gold pieces (gained 36).
You now have 8139 gold pieces (gained 19).
A Brimstone Fiend comes into view.
The Brimstone Fiend moves out of view.
Aiming: Blinkbolt
Press: ? - help, Dir - move target, f - Brimstone Fiend
Aim: a Brimstone Fiend (lava, wandering, hasn't noticed you, 98% to hit)
The shock of your passage hits the Brimstone Fiend!!!!
You kill the Brimstone Fiend!
You blink.
Your Translocations skill increases to level 25!
You feel energetic enough to blinkbolt again.
You reach down and open the door.
There is an open door here.
There is an open door here.
You reach down and open the door.
There is an open door here.
You hear a distant slurping noise.
You hear a slurping noise.
The jelly eats the door!
You hear a slurping noise.
The jelly eats the door!
You hear a slurping noise.
The jelly eats the door!
There is an open door here.
There is an open door here.
You hear a series of splatters.
Done exploring.
Done exploring.
Search for what [? for help]? geh: Unknown command.
There is an open door here.
There is an open gate here.
There is an open door here.
You swap places.
There is an open door here.
There is a gateway leading out of Gehenna here.
Unknown command.
You fly up through the gate.
Welcome back to the Vestibule of Hell!
There is a gateway to the ashen valley of Gehenna here.
You see here the ring "Atwaire" {Wiz Str+2}.
Okay, then.
Unknown command.
Unknown command.
You're wearing all the rings you can.
Remove which one? (? for menu, Esc to cancel) < or
S - the ring of Kol Wywa {rN+ SInv Stlth+} > or
W - the ring "Zenaast" {Contam rF+++ MP+9 Stlth+} You remove the ring "Zenaast" {Contam rF+++ MP+9 Stlth+}.
You feel your magic capacity decrease.
Mutagenic energies flood into your body!
You are contaminated with residual magic.
You feel stronger.
F - the ring of Bujaun (right paw) {rF+ rC+ Str+6 SInv} You feel magically purged.
You feel less contaminated with magical energies.
You start waiting.
Your magical contamination has completely faded away.
Unknown command.
Unknown command.
What level of the Realm of Zot? (default 1, ? - help)
There is an open gate here.
There is a gateway back to the Dungeon here.
Thank you for visiting Hell.
Please come again soon.
You fly up through the gate.
Welcome back to the Depths!
There is a gateway to Hell here.
There is an open door here.
You swap places.
There is an open door here.
There is an open door here.
There is an open door here.
You swap places.
There is a stone staircase leading down here.
You fly downwards.
There is a stone staircase leading up here.
There is an open door here.
There is a stone staircase leading down here.
You fly downwards.
There is a stone staircase leading up here.
You hear a distant slurping noise.
There is a stone staircase leading down here.
You fly downwards.
There is a stone staircase leading up here.
There is an open door here.
There is an open door here.
There is a gate to the Realm of Zot here.
You fly down through the gate.
Welcome back to the Realm of Zot!
There is a gate leading back out of this place here.
You hear a distant slurping noise.
You hear a squelching noise.
There is a stone staircase leading down here.
You fly downwards.
There is a stone staircase leading up here.
Jiyva says: Divide and consume!
There is an open gate here.
You swap places.
There is an open door here.
There is a stone staircase leading down here.
You fly downwards.
There is a stone staircase leading up here.
There is a stone staircase leading down here.
You fly downwards.
There is a stone staircase leading up here.
There is a stone staircase leading down here.
You fly downwards.
Level annotation: 1 exclusion
There is a stone staircase leading up here.
Sorry, I don't know how to get there.
Sorry, I don't know how to get there.
There is an open door here.
Casting: Vhi's Electric Charge (safe; 1% risk of failure)
Confirm with . or Enter, or press ? or * to list all spells.
Okay, then.
Unknown command.
Casting: Vhi's Electric Charge (safe; 1% risk of failure)
Confirm with . or Enter, or press ? or * to list all spells.
You blink.
You feel ready to blink again.
Casting: Blink (safe; 0% risk of failure)
Confirm with . or Enter, or press ? or * to list all spells.
You blink.
You feel ready to blink again.
You hear a distant slurping noise.
Casting: Blink (safe; 0% risk of failure)
Confirm with . or Enter, or press ? or * to list all spells.
You blink.
You feel ready to blink again.
Casting: Blink (safe; 0% risk of failure)
Confirm with . or Enter, or press ? or * to list all spells.
You blink.
Jiyva gurgles merrily.
You feel ready to blink again.
Casting: Blink (safe; 0% risk of failure)
Confirm with . or Enter, or press ? or * to list all spells.
You blink.
You feel ready to blink again.
Level annotation: 1 exclusion Welcome back, scionoferis the Felid Shapeshifter.
Slime for the Slime God!
Press ? for a list of commands and other information.
Press: ? - help, v - describe, . - travel The floor.
Okay, then.
Press: ? - help, v - describe, . - travel, g - get item Item here: the Orb of Zot.
The floor.
Removed exclusion.
You see here the Orb of Zot.
You feel yourself speed up.
You pick up the Orb of Zot!
The Orb lets out a hideous shriek!
The lords of Pandemonium are not amused.
Beware!
Now all you have to do is get back out of the dungeon!
You enter a permanent teleport trap!
Your surroundings suddenly seem different.
An Orb Guardian comes into view.
The Orb Guardian fails to trigger a net trap.
You enter a permanent teleport trap!
Your surroundings suddenly seem different.
There is an open door here.
There is a stone staircase leading up here.
You fly upwards.
There is a stone staircase leading down here.
What level of the Dungeon? (default 15, ? - help)
There is a stone staircase leading up here.
You fly upwards.
There is a stone staircase leading down here.
Your extra speed is starting to run out.
There is a stone staircase leading up here.
You fly upwards.
There is a stone staircase leading down here.
There is an open door here.
There is an open gate here.
You swap places.
There is a stone staircase leading up here.
You fly upwards.
There is a stone staircase leading down here.
A moth of wrath comes into view.
An Orb Guardian comes into view.
The Orb Guardian completely misses you. The Orb Guardian completely misses you.
The Orb Guardian completely misses you. The Orb Guardian completely misses you.
You block the Orb Guardian's attack.
The Orb Guardian attacks as it pursues you!
The Orb Guardian completely misses you. The Orb Guardian misses you.
The Orb Guardian attacks as it pursues you!
The Orb Guardian completely misses you. The Orb Guardian misses you.
The Orb Guardian attacks as it pursues you!
The Orb Guardian completely misses you.
There is a gate leading back out of this place here.
You hit the Orb Guardian but do no damage.
You punch the Orb Guardian, but do no damage.
The Orb Guardian closely misses you.
You blast the Orb Guardian!!!
You punch the Orb Guardian!
The Orb Guardian is almost dead.
You blast the Orb Guardian!!!
You kill the Orb Guardian!
You fly up through the gate.
Welcome back to the Depths!
There is a gate to the Realm of Zot here.
What level of the Dungeon? (default 1, ? - help)
There is an open door here.
There is an open door here.
You hear a series of splatters.
Paguqiu comes into view.
There is a stone staircase leading up here.
You feel yourself speed up.
Unknown command.
Unknown command.
Paguqiu is nearby!
Unknown command.
You feel as though your hastened speed will last longer.
You hear a distant slurping noise.
Things that are here:
a +0 animal skin; a +0 antimagic rapier You hear a distant slurping noise.
You see here a +0 robe.
Paguqiu gestures at you. The poison arrow misses you.
Paguqiu gestures.
You hear a distant slurping noise. x2
You hear a distant slurping noise.
You hear a distant slurping noise.
You hear a distant slurping noise.
You hear a distant slurping noise.
There is a stone staircase leading up here.
You fly upwards.
There is a stone staircase leading down here.
What level of the Dungeon? (default 1, ? - help)
There is an open door here.
There is an open door here.
You hear a distant slurping noise.
There is an open door here.
Your extra speed is starting to run out.
You feel yourself slow down.
You hear a distant slurping noise.
You hear a distant slurping noise.
There is a stone staircase leading up here.
You hear a distant slurping noise.
You hear a squelching noise.
You fly upwards.
There is a stone staircase leading down here.
There is a stone staircase leading up here.
You fly upwards.
There is a stone staircase leading down here.
A cacodemon and an orange demon come into view.
The orange demon completely misses you. x2
The orange demon completely misses you. x2
There is a staircase back to the Dungeon here.
The orange demon completely misses you. x2
You fly upwards.
Welcome back to the Dungeon!
There is a staircase to the Depths here.
You blast the orange demon!!!
Lightning courses through the orange demon!
You kill the orange demon!
What level of the Dungeon? (default 1, ? - help)
There is a stone staircase leading up here.
You fly upwards.
There is a stone staircase leading down, spattered with blood here.
You see here a +0 flail.
You swap places.
There is a stone staircase leading up here.
You fly upwards.
There is a stone staircase leading down here.
There is a stone staircase leading up here.
You fly upwards.
There is a stone staircase leading down here.
There is a stone staircase leading up here.
You fly upwards.
There is a stone staircase leading down here.
Things that are here:
a +0 robe; a +0 dagger
There is a stone staircase leading up here.
You fly upwards.
There is a stone staircase leading down here.
There is a stone staircase leading up here.
You fly upwards.
There is a stone staircase leading down here.
There is a stone staircase leading up here.
You fly upwards.
There is a stone staircase leading down here.
Things that are here:
2 poisoned darts; a +0 dagger An Orb Guardian comes into view.
There is a stone staircase leading up, spattered with blood here.
The Orb Guardian completely misses you.
You fly upwards.
There is a stone staircase leading down here.
You blast the Orb Guardian!!!
You punch the Orb Guardian, but do no damage.
The Orb Guardian is severely wounded.
The Orb Guardian closely misses you.
You hit the Orb Guardian. You punch the Orb Guardian.
The Orb Guardian is severely wounded.
You batter the Orb Guardian!! You punch the Orb Guardian.
You kill the Orb Guardian!
What level of the Dungeon? (default 1, ? - help)
An Orb Guardian comes into view.
Things that are here:
a +0 chain mail; a +0 mace The Orb Guardian completely misses you.
You see here a +0 whip.
You blast the Orb Guardian!!!
The Orb Guardian is heavily wounded.
The Orb Guardian completely misses you.
You blast the Orb Guardian!!!!
You kill the Orb Guardian!
What level of the Dungeon? (default 1, ? - help)
There is a stone staircase leading up here.
You fly upwards.
There is a stone staircase leading down here.
There is a stone staircase leading up here.
You fly upwards.
There is a stone staircase leading down here.
You see here a +0 short sword.
Items here: )) [[.
Things that are here:
a +0 buckler; a +0 ring mail; a +0 trident A reaper comes into view.
It is wielding a +0 heavy scythe.
There is an escape hatch in the ceiling here.
A mysterious force pulls you upwards. The hatch slams shut behind you.
What level of the Dungeon? (default 1, ? - help)
There is a stone staircase leading up here.
You fly upwards.
There is a stone staircase leading down here.
There is a stone staircase leading up here.
You fly upwards.
There is a stone staircase leading down here.
There is a stone staircase leading up here.
You fly upwards.
There is a stone staircase leading down here.
You reach down and open the door.
There is an open door here.
There is a staircase leading out of the dungeon here.
Unknown command.
Unknown command.
You have escaped!

Skill      XL: |  1  2  3  4  5  6  7  8  9 10 11 12 13 14 15 16 17 18 19 20 21 22 23 24 25 26 27 |
---------------+----------------------------------------------------------------------------------+-----
Stealth        | 1 2 3 4 5 9 10 12 14 15 16 18 27 | 27.0
Unarmed Combat | 4 5 6 7 8 9 11 12 13 15 16 18 19 20 22 27 | 27.0
Dodging        | 3 4 6 8 10 11 13 16 17 18 20 27 | 27.0
Fighting       | 3 4 6 7 9 10 12 13 15 16 18 19 27 | 27.0
Shapeshifting  | 4 5 6 8 10 11 13 15 16 18 19 20 21 23 27 | 27.0
Evocations     | 1 6 7 9 12 18 | 18.0
Translocations | 5 12 15 25 | 25.1
Spellcasting   | 2 7 9 11 12 14 15 16 27 | 27.0
Necromancy     | 5 12 16 18 27 | 27.0
Air Magic      | 4 |  4.0
Summonings     | 27 | 27.0
Transmutations | 4 |  4.0
Earth Magic    | 4 |  4.0
Fire Magic     | 24 | 24.1

Action                     |  1- 3 |  4- 6 |  7- 9 | 10-12 | 13-15 | 16-18 | 19-21 | 22-24 | 25-27 || total
---------------------------+-------+-------+-------+-------+-------+-------+-------+-------+-------++-------
  Melee: Unarmed           |    68 |   126 |   258 |   525 |  1286 |  1496 |  1425 |  1717 | 10050 || 16951
         Bite              |     5 |    21 |    44 |    75 |   207 |   183 |   188 |    31 |       ||   754
         Punch             |     2 |     3 |    14 |    48 |   157 |   157 |   206 |   225 |  1811 ||  2623
         Maw               |       |       |       |       |    12 |    11 |       |       |       ||    23
   Cast: Manifold Assault  |       |       |       |       |       |   324 |   208 |   346 |  1594 ||  2472
         Apportation       |       |       |       |       |       |     1 |     1 |    17 |   274 ||   293
         Blink             |       |       |       |       |       |       |       |     6 |    16 ||    22
         Vhi's Electric Ch |       |       |       |       |       |       |       |       |   518 ||   518
         Passwall          |       |       |       |       |       |       |       |       |     3 ||     3
         Animate Dead      |       |       |       |       |       |       |       |       |    15 ||    15
         Ignition          |       |       |       |       |       |       |       |       |    13 ||    13
         Death Channel     |       |       |       |       |       |       |       |       |    12 ||    12
         Death's Door      |       |       |       |       |       |       |       |       |     9 ||     9
         Summon Horrible T |       |       |       |       |       |       |       |       |     3 ||     3
         Passage of Golubr |       |       |       |       |       |       |       |       |     1 ||     1
         Malign Gateway    |       |       |       |       |       |       |       |       |     1 ||     1
 Invoke: Potion Petition   |       |       |       |     4 |     1 |     3 |     3 |     1 |       ||    12
         Call Merchant     |       |       |       |       |       |     4 |       |     3 |       ||     7
Ability: Blinkbolt         |       |       |       |       |       |       |       |     8 |    74 ||    82
  Evoke: Wand              |       |       |     7 |     6 |     5 |     9 |     1 |       |    12 ||    40
         Lightning rod     |       |       |       |       |     3 |    12 |     3 |       |       ||    18
         Condenser vane    |       |       |       |       |     1 |     2 |     3 |       |     1 ||     7
         Phantom mirror    |       |       |       |       |       |       |     2 |     1 |     1 ||     4
         Sack of spiders   |       |       |       |       |       |       |       |     1 |     1 ||     2
         Phial of floods   |       |       |       |       |       |       |       |     1 |       ||     1
         Horn of Geryon    |       |       |       |       |       |       |       |       |     1 ||     1
    Use: Scroll            |       |       |    10 |    12 |     9 |     7 |     1 |     2 |    27 ||    68
         Potion            |       |       |     1 |     3 |     5 |     6 |     1 |       |    32 ||    48
   Stab: Distracted        |     1 |     1 |     3 |     6 |    19 |    24 |    16 |    19 |   154 ||   243
         Sleeping          |     7 |     8 |     8 |    10 |    27 |    35 |    40 |    31 |    93 ||   259
         Invisible         |       |       |       |       |       |       |       |       |     5 ||     5
 Armour: Skin              |    11 |    39 |    51 |   143 |   163 |   330 |   382 |   194 |   979 ||  2292
  Dodge: Dodged            |    35 |    65 |   175 |   445 |  1141 |  1548 |  1463 |  1195 |  7555 || 13622
  Block: Other             |       |       |       |       |       |   157 |   228 |   179 |  1020 ||  1584
         Reflection        |       |       |       |       |       |     9 |    20 |     2 |    19 ||    50
   Form: Blade             |       |       |       |     2 |     4 |     1 |       |       |       ||     7
         Maw               |       |       |       |     1 |     4 |     1 |       |       |       ||     6
         Statue            |       |       |       |       |       |     1 |       |       |       ||     1
         Storm             |       |       |       |       |       |       |       |     1 |       ||     1

Levels and vault maps discovered:
D:1:      mrwooster_arrival_arrow, layout_basic
D:2:      layout_loops_ring, basic_altar, minmay_crystal_water, uniq_sigmund
D:3:      layout_loops_ring, nicolae_dithmenos_shadow_blocks,
          ebering_ghost_sewer_f
D:4:      layout_cave_pools, mainiacjoe_overflow_boulevard,
          okawaru_ov_weapons_minmay, serial_column_ruins,
          column_ruins_open_tiny, column_ruins_open_medium,
          column_ruins_columns_dead_end, column_ruins_open_small,
          kennysheep_flooded_box, minivault_19, minmay_misc_feat_more_columns
D:5:      layout_layer_cave, nicolae_temple_entry_ecumenical, uniq_ijyb,
          uniq_grinder
D:6:      layout_layer_cave, mainiacjoe_overflow_chevrons, dk_vineyard_3,
          chequers_serial_rivers_micro_d, abandoned_shop,
          corexii_mini_fake_secret_closet, nicolae_underground_beach,
          uniq_duvessa
D:7:      layout_basic
D:8:      minmay_bloctagon, layout_loops_ring, amcnicky_altar_gilded
D:9:      layout_roguey, nzn_wu_jian_contemplation,
          mainiacjoe_overflow_alcove_2,
          mainiacjoe_overflow_concentric_impassable, uniq_grum
D:10:     minmay_quarter_circles, layout_basic, grunt_nemelex_the_gamble,
          uniq_lodul
D:11:     minmay_the_grid_square_5x5_5x5 [minmay_the_grid_square_5x5_corner,
          minmay_the_grid_square_5x5_inner_i,
          minmay_the_grid_square_5x5_three_walls,
          minmay_the_grid_square_5x5_two_walls_b,
          minmay_the_grid_square_5x5_intrusive_squares,
          minmay_the_grid_square_5x5_six_small,
          minmay_the_grid_square_5x5_prize_rear_guard,
          minmay_the_grid_square_5x5_spiral,
          minmay_the_grid_square_5x5_prize_deathbox,
          minmay_the_grid_square_5x5_tetrominoes,
          minmay_the_grid_square_5x5_mess, minmay_the_grid_square_5x5_c,
          minmay_the_grid_square_5x5_prize_junk,
          minmay_the_grid_square_5x5_checkered_statues,
          minmay_the_grid_square_5x5_misaligned,
          minmay_the_grid_square_5x5_one_wall,
          minmay_the_grid_square_5x5_prize_waves, minmay_the_grid_square_5x5_n,
          minmay_the_grid_square_5x5_prize_gold,
          minmay_the_grid_square_5x5_eight, minmay_the_grid_square_5x5_fat_x,
          minmay_the_grid_square_5x5_doubleslash,
          minmay_the_grid_square_5x5_empty,
          minmay_the_grid_square_5x5_spiral_small,
          minmay_the_grid_square_5x5_inset], layout_cave_pools, serial_shops,
          shop
D:12:     layout_long_grid, serial_shops, shop, shop, shop, shop
D:13:     layout_cave_pods, erik_vaults_2, serial_column_ruins,
          column_ruins_hut, column_ruins_hut_water,
          column_ruins_corridor_dead_end, column_ruins_grid_1,
          column_ruins_open_tiny, column_ruins_corridor_straight,
          columned_hall_lemuel
D:14:     layout_cave_pools, serial_shops, nicolae_shop_window_shopping,
          nicolae_elyvilon_peaceful_grove
D:15:     gammafunk_depths_entry_grave, layout_rooms,
          nicolae_ashenzari_panopticon
Temple:   hellmonk_temple_divided_pantheon
Lair:1:   layout_roguey, lemuel_fruit_tree
Lair:2:   layout_regular_city, serial_bayou_lagoon_a, grunt_megastairs_5
Lair:3:   wad_woods_stonehenge, layout_chaotic_city, minmay_shoals_entry_hut,
          spider_nest_entry_web_field, serial_bayou_shore_b, uniq_rupert
Lair:4:   layout_hall_layers, slime_entry_1, grunt_megastairs_4
Lair:5:   minmay_lair_end_enchanted_forest, layout_cave_shapes
Shoals:1: layout_shoals, hangedman_shoal_volcano, uniq_josephine
Shoals:2: layout_shoals, serial_shops, nicolae_shop_advertising_works
          [nicolae_subvault_shop_adworks], nicolae_stop_n_shop_2,
          nicolae_shoals_enchanted_isle
Shoals:3: layout_shoals, nzn_prometheus_bound, uniq_mlioglotl
Shoals:4: shoals_end_grunt_ice, layout_shoals, shoals_ilsuiw_ice,
          ebering_ghost_gozag
Spider:1: layout_spider_delve
Spider:2: layout_chambers
Spider:3: layout_spider_delve, hangedman_spider_tarantella_strand, uniq_arachne,
          uniq_jorgrun
Spider:4: grunt_spider_rune_island
Slime:1:  layout_caves
Slime:2:  layout_caves
Slime:3:  cheibrodos_slime_lost_civilization_2, layout_caves, dissolution_awaits
Slime:4:  layout_caves
Slime:5:  slime_pit_nicolae_inversion
Orc:1:    layout_diamond_mine, serial_shops, nicolae_shop_pleasant_corner_grove,
          mines2_lemuel
Orc:2:    st_orc_ogre_mass, layout_caves, uniq_donald
Elf:1:    eino_elf_arrival_customs, layout_geoelf_octagon, serial_shops,
          nicolae_shop_waterfront, minmay_elf_necromancy
Elf:2:    nicolae_elf_blades_splatter_lattice
          [nicolae_blade_entry_diamond_columns], layout_geoelf_diagonals,
          gammafunk_ghost_fury_of_okawaru
Elf:3:    minmay_elf_hall_hex, layout_loops_corners, serial_shops,
          nicolae_shop_behind_doors, minmay_shop_mayhem, uniq_saint_roka,
          uniq_zenata, uniq_louise
Vaults:1: ebering_ghost_reflecting_pool, dpeg_vaults_hating_casters,
          v_pattern_2, vaults_dpeg_cross, nicolae_vaults_two_Ls,
          nicolae_vaults_tetromino_T_1, v_misc_26,
          nicolae_vaults_variable_pillar_hall, nicolae_vaults_trapezoid_2,
          nicolae_vaults_mini_display_case, layout_vaults_chaotic_city,
          serial_shops, shop
Vaults:2: st_check, vaults_room_hallway, nicolae_vaults_network_star,
          nicolae_vaults_asterisk, vaults_mumra_chevron,
          vaults_dpeg_emergency_exit, hangedman_vaults_slice,
          nicolae_vaults_tetromino_Z_1, blue_anna_dwarven_crypt,
          layout_vaults_quadrants, serial_glass
Vaults:3: gammafunk_ghost_crypt, v_misc_10, hangedman_vaults_river_flow,
          nicolae_vaults_theta, vaults_dpeg_encased_lava, v_misc_19,
          nicolae_vaults_offset_grid_hallway_4, nicolae_vaults_minivaults,
          hangedman_vaults_pinch, v_pattern_5, nicolae_vaults_wrenched,
          hangedman_vaults_stagger, v_misc_8, nicolae_vaults_double_plus_1,
          grunt_vaults_hallway_short, serial_ice_h, layout_vaults_omnibox
Vaults:4: dpeg_vaults_monster_row, nicolae_vaults_tetromino_T_2,
          vaults_room_pool, nicolae_vaults_storing_the_good_stuff,
          vaults_room_pools, vaults_room_semicircle, grunt_vaults_hallway_long,
          nicolae_vaults_trapezoid_lopsided_3, layout_vaults_ring, serial_shops,
          shop, uniq_frederick
Vaults:5
Crypt:1:  layout_basic, nicolae_crypt_little_mausoleum
Crypt:2:  layout_catacombs
Crypt:3:  grunt_crypt_end_deaths_head, uniq_josephina, uniq_bai_suzhen,
          uniq_sojobo
Tomb:1
Tomb:2
Tomb:3
Depths:1: layout_small_grid, enter_ziggurat_d, grunt_hell_entry_dis_mu,
          hangedman_decor_push, pan_entry, serial_shops, shop,
          kennysheep_generic_room_15, grunt_megastairs_3, uniq_enchantress
Depths:2: evilmike_diamond_1, layout_gridlike, pf_hell_entry_tar_spiral,
          pan_entry, zin_statuary
Depths:3: nicolae_cairo_tiling, layout_gridlike, hangedman_geh_valley,
          serial_curves, eino_curves_04, eino_curves_01, abyss_entry
Depths:4: evilmike_zot_entry_basic, layout_basic, chequers_serial_rivers_marsh,
          hell_entry, abyss_entry, kennysheep_random_hallway
Hell
Dis:1:    layout_subdivisions
Dis:2:    layout_jigsaw, nicolae_hells_leichenhalle
Dis:3:    nicolae_hells_demon_pit, layout_subdivisions, minmay_strange_pillars
Dis:4:    layout_regular_city, nicolae_dis_big_boring_drill
Dis:5:    layout_overlapping_boxes
Dis:6:    layout_gridville
Dis:7:    dis_grunt_layers
Geh:1:    layout_gehenna_pools_box, nicolae_hells_hurtin_island
Geh:2:    layout_gehenna_pools_triple
Geh:3:    layout_gehenna_lava_caves
Geh:4:    layout_gehenna_pools_box
Geh:5:    nicolae_geh_i_lava_good_maze [nicolae_geh_lavamaze_orthhalf_network,
          nicolae_geh_lavamaze_orthhalf_recurse]
Geh:6:    layout_gehenna_pools_box
Geh:7:    geh_hangedman
Coc:1:    layout_cocytus_delve
Coc:2:    layout_cocytus_water_paths
Coc:3:    layout_ice_bergs
Coc:4:    layout_cocytus_water_paths
Coc:5:    layout_ice_bergs
Coc:6:    layout_ice_bergs
Coc:7:    coc_hangedman
Tar:1:    layout_grid_maze, nicolae_tar_cuneiform_two
Tar:2:    layout_honeycomb
Tar:3:    layout_grid_maze
Tar:4:    layout_grid_maze, nicolae_tar_cuneiform_sun,
          grunt_tartarus_stairs_gauntlet_trap
Tar:5:    layout_grid_maze
Tar:6:    layout_cathedral_of_symmetry, evilmike_ambush
          [evilmike_ambush_outer_basic, evilmike_ambush_inner_basic]
Tar:7:    tar_old
Zot:1:    hellmonk_crystal_mountain, layout_cellular_growth, st_stairs_7
Zot:2:    hangedman_orp_of_zott, layout_onion_interference
Zot:3:    layout_gridlike, grunt_ministairs_14, hangedman_zot_diagonal_lockstep,
          lemuel_lake_of_fire
Zot:4:    gammafunk_mikee_crab_dinner, layout_concentric_octagons, st_stairs_4
Zot:5:    layout_gridlike

Notes
Turn   | Place    | Note
-------+----------+-------------------------------------------
     0 | D:1      | scionoferis the Felid Shapeshifter began the quest for the
                  | Orb.
     0 | D:1      | Reached XP level 1. HP: 9/9 MP: 2/2
   161 | D:1      | Reached skill level 1 in Stealth
   210 | D:1      | Reached XP level 2. HP: 12/12 MP: 3/3
   682 | D:2      | Reached skill level 2 in Stealth
   754 | D:2      | Noticed Sigmund
   810 | D:2      | Reached XP level 3. HP: 11/15 MP: 4/4
   854 | D:2      | Reached skill level 4 in Unarmed Combat
   877 | D:2      | Found a hazy altar of Hepliaklqana.
  1491 | D:3      | Reached XP level 4. HP: 17/19 MP: 5/5
  1541 | D:3      | Reached skill level 3 in Stealth
  1555 | D:3      | Found a shadowy altar of Dithmenos.
  1977 | D:3      | Found a runed translucent door.
  1991 | D:3      | Noticed blessed's ghost (amateur DrSh)
  2037 | D:3      | Found a runed translucent door.
  2508 | D:4      | Found an iron altar of Okawaru.
  2572 | D:4      | Reached skill level 5 in Unarmed Combat
  2572 | D:4      | Reached XP level 5. HP: 19/22 MP: 6/6
  2606 | D:4      | Reached skill level 4 in Stealth
  2845 | D:4      | Found a shimmering blue altar of Sif Muna.
  2936 | D:4      | HP: 2/22 [orc priest/+0 mace (7)]
  3159 | D:5      | Entered Level 5 of the Dungeon
  3270 | D:5      | Noticed Ijyb
  3278 | D:4      | Gained mutation: You are covered in thick fur. (AC +2)
                  | [Felid growth]
  3278 | D:4      | Reached XP level 6. HP: 5/25 MP: 7/7
  3382 | D:5      | Reached skill level 5 in Stealth
  3382 | D:5      | Reached skill level 6 in Unarmed Combat
  3421 | D:5      | Reached skill level 3 in Dodging
  3646 | D:5      | Reached XP level 7. HP: 12/29 MP: 8/8
  4250 | D:5      | Identified 4 potions of resistance
  4250 | D:5      | Slain by a scorpion
  4263 | D:5      | Reached skill level 2 in Fighting
  4328 | D:5      | Reached skill level 4 in Shapeshifting
  4329 | D:5      | Reached skill level 4 in Dodging
  4423 | D:5      | Found a faded altar of an unknown god.
  4425 | D:5      | Found a staircase to the Ecumenical Temple.
  4432 | Temple   | Found a transporter.
  4432 | Temple   | Found a transporter.
  4432 | Temple   | Found a transporter.
  4432 | Temple   | Found a transporter.
  4432 | Temple   | Entered the Ecumenical Temple
  4446 | Temple   | Became a worshipper of Gozag Ym Sagoz the Greedy
  4665 | D:5      | Killed Ijyb
  4750 | D:5      | Noticed Grinder
  4757 | D:5      | Killed Grinder
  4758 | D:5      | Reached skill level 7 in Unarmed Combat
  4974 | D:5      | Reached skill level 3 in Fighting
  4974 | D:5      | Reached XP level 8. HP: 29/34 MP: 9/9
  5082 | D:5      | Slain by a gnoll sergeant
  5097 | D:5      | Reached skill level 5 in Dodging
  5350 | D:6      | Found a glowing golden altar of the Shining One.
  5351 | D:6      | Noticed Dowan
  5454 | D:6      | Noticed Duvessa
  5797 | D:6      | Reached skill level 8 in Unarmed Combat
  5858 | D:6      | Reached skill level 5 in Shapeshifting
  6233 | D:6      | Reached skill level 4 in Fighting
  6619 | D:6      | Reached skill level 6 in Dodging
  6780 | D:6      | Killed Dowan
  6781 | D:6      | Reached skill level 1 in Evocations
  6819 | D:6      | Killed Duvessa
  6874 | D:6      | Reached XP level 9. HP: 39/39 MP: 10/10
  7087 | D:6      | Reached skill level 2 in Evocations
  7403 | D:2      | Killed Sigmund
  7471 | D:3      | Killed blessed's ghost
  7656 | D:7      | Reached skill level 3 in Evocations
  7912 | D:7      | Reached skill level 5 in Fighting
  7912 | D:7      | Reached skill level 9 in Unarmed Combat
  7912 | D:7      | Reached skill level 4 in Evocations
  7912 | D:7      | Reached skill level 6 in Shapeshifting
  8326 | D:7      | Identified the +9 dagger of Greatest Utility {speed, rElec}
  8348 | D:7      | Reached skill level 5 in Evocations
  8350 | D:7      | HP: 3/39 [wight/the +9 dagger of Greatest Utility {speed,
                  | rElec} (5)]
  9123 | D:8      | Reached skill level 6 in Evocations
  9153 | D:8      | Reached skill level 6 in Fighting
  9153 | D:8      | Reached XP level 10. HP: 35/45 MP: 11/11
  9277 | D:8      | Noticed a manticore
  9401 | D:8      | Reached skill level 7 in Shapeshifting
  9665 | D:8      | Found a white marble altar of Elyvilon.
  9820 | D:8      | Noticed a centaur warrior
  9834 | D:8      | Slain by a centaur warrior
  9855 | D:8      | HP: 3/45 [centaur warrior/arrow (17)]
  9864 | D:8      | Killed a centaur warrior
 10016 | D:8      | Reached skill level 10 in Unarmed Combat
 10043 | D:8      | Noticed a centaur warrior
 10405 | D:8      | Noticed a cyclops
 10575 | D:8      | Killed a centaur warrior
 10576 | D:8      | Reached skill level 8 in Shapeshifting
 10850 | D:8      | Killed a cyclops
 10851 | D:8      | Reached skill level 11 in Unarmed Combat
 11602 | D:9      | Found an ornate altar of the Wu Jian Council.
 11728 | D:9      | Found a sacrificial altar of Ru.
 11896 | D:9      | Noticed Grum
 12151 | D:9      | Identified the +4 ring mail of the Cockroach {rPois Int+3}
 12427 | D:9      | Killed Grum
 12433 | D:9      | Reached XP level 11. HP: 46/46 MP: 12/12
 12461 | D:9      | Found a shimmering altar of Xom.
 12854 | D:10     | Entered Level 10 of the Dungeon
 12854 | D:10     | Noticed Lodul
 13024 | D:10     | Found a sparkling altar of Nemelex Xobeh.
 13024 | D:10     | Found a transporter.
 13025 | D:10     | Noticed a deep elf pyromancer
 13025 | D:10     | Noticed a frost giant
 13354 | D:10     | Reached skill level 12 in Unarmed Combat
 13373 | D:10     | Reached skill level 9 in Shapeshifting
 13507 | D:10     | Shot with an arrow by a centaur
 13747 | D:10     | Noticed an orc knight
 13995 | D:10     | Reached skill level 6 in Stealth
 14018 | D:10     | Reached skill level 10 in Shapeshifting
 14143 | D:10     | Killed an orc knight
 14228 | D:10     | Reached skill level 7 in Stealth
 14352 | D:10     | Noticed a two-headed ogre
 14424 | D:10     | Reached skill level 7 in Dodging
 14877 | D:10     | Reached skill level 8 in Stealth
 14946 | D:10     | Noticed a centaur warrior
 14960 | D:10     | Killed a centaur warrior
 14961 | D:10     | Reached skill level 7 in Fighting
 15124 | D:10     | Reached skill level 8 in Dodging
 15254 | D:10     | Reached skill level 9 in Stealth
 15254 | D:10     | Noticed a two-headed ogre
 15259 | D:10     | Killed a two-headed ogre
 15260 | D:10     | Gained mutation: Your thick and shaggy fur keeps you warm.
                  | (AC +3, rC+) [Felid growth]
 15260 | D:10     | Reached XP level 12. HP: 55/55 MP: 13/13
 15264 | D:10     | Killed a two-headed ogre
 15283 | D:10     | Reached skill level 9 in Dodging
 15311 | D:10     | Reached skill level 8 in Fighting
 15445 | D:10     | Killed Lodul
 16232 | D:11     | Noticed a boulder beetle
 16240 | D:10     | Reached skill level 9 in Fighting
 16281 | D:11     | Found Jushufocw's Magic Scroll Shop.
 16281 | D:11     | Found a staircase to the Lair.
 16285 | D:11     | Bought a scroll of fear for 60 gold pieces
 16285 | D:11     | Bought a scroll of vulnerability for 60 gold pieces
 16285 | D:11     | Found a staircase to the Orcish Mines.
 16328 | D:11     | Learned a level 1 spell: Apportation
 16349 | D:11     | Noticed a boulder beetle
 16360 | D:11     | Noticed a six-headed hydra
 16461 | D:11     | Killed a boulder beetle
 16462 | D:11     | Reached skill level 1 in Translocations
 16716 | D:11     | Reached skill level 2 in Translocations
 16878 | D:11     | Noticed a centaur warrior
 16950 | D:11     | Reached skill level 3 in Translocations
 16992 | D:11     | Noticed a two-headed ogre
 17139 | D:11     | Killed a centaur warrior
 17323 | D:11     | Noticed a two-headed ogre
 17327 | D:11     | Noticed a boulder beetle
 17337 | D:11     | Reached skill level 10 in Stealth
 17351 | D:11     | Killed a two-headed ogre
 17352 | D:11     | Reached skill level 4 in Translocations
 17359 | D:11     | Noticed a tengu warrior
 17539 | D:11     | Killed a tengu warrior
 17540 | D:11     | Reached skill level 10 in Dodging
 17540 | D:11     | Reached skill level 7 in Evocations
 17880 | D:11     | Killed a two-headed ogre
 17881 | D:11     | Reached skill level 5 in Translocations
 18048 | D:11     | Reached XP level 13. HP: 52/61 MP: 14/14
 18174 | D:11     | Slain by a two-headed ogre
 18436 | D:11     | Reached skill level 10 in Fighting
 18518 | D:11     | Reached skill level 11 in Stealth
 18918 | D:12     | Found Faod's General Store.
 19124 | D:12     | Found Qidwawuf's Antique Armour Shoppe.
 19202 | D:12     | Found Cumay's Weapon Shop.
 19237 | D:12     | Found Fewur's General Store.
 19381 | D:12     | Reached skill level 13 in Unarmed Combat
 19381 | D:12     | Reached skill level 8 in Evocations
 19444 | D:12     | Reached skill level 11 in Dodging
 20179 | D:11     | Bought a scroll of blinking for 112 gold pieces
 20179 | D:11     | Bought a scroll of teleportation for 45 gold pieces
 20949 | Lair:1   | Entered Level 1 of the Lair of Beasts
 21541 | Lair:1   | Reached skill level 12 in Stealth
 22528 | Lair:2   | Reached skill level 9 in Evocations
 22720 | Lair:2   | Reached XP level 14. HP: 66/66 MP: 15/15
 22726 | Lair:2   | Reached skill level 12 in Dodging
 22726 | Lair:2   | Reached skill level 14 in Unarmed Combat
 23017 | Lair:2   | Reached skill level 11 in Fighting
 23942 | Lair:3   | Found a hole to the Spider Nest.
 24046 | Lair:3   | Found a hazy altar of Hepliaklqana.
 24303 | Lair:3   | Found a staircase to the Shoals.
 24386 | Lair:3   | Noticed Rupert
 24494 | Lair:3   | Identified the +1 dagger "Qiyloory" {venom, Str-5 Int+4}
 25322 | Lair:4   | Found a staircase to the Slime Pits.
 25322 | Lair:4   | Found a viscous altar of Jiyva.
 25603 | Lair:4   | Identified the +8 whip of Kesinor {venom, rN+ Str-4 Dex+4}
 25634 | Lair:4   | Reached skill level 13 in Dodging
 25634 | Lair:4   | Reached skill level 15 in Unarmed Combat
 26421 | Lair:5   | Entered Level 5 of the Lair of Beasts
 26828 | Lair:5   | Reached skill level 11 in Shapeshifting
 27417 | Lair:5   | Reached skill level 12 in Fighting
 27428 | Lair:5   | Reached XP level 15. HP: 58/72 MP: 16/16
 28402 | Lair:5   | Reached skill level 16 in Unarmed Combat
 28557 | Lair:5   | Reached skill level 14 in Dodging
 28859 | Lair:3   | Killed Rupert
 29250 | Orc:1    | Entered Level 1 of the Orcish Mines
 29357 | Orc:2    | Entered Level 2 of the Orcish Mines
 29358 | Orc:2    | Found a staircase to the Elven Halls.
 29514 | Orc:2    | Reached skill level 12 in Shapeshifting
 29546 | Orc:2    | Reached skill level 15 in Dodging
 29777 | Orc:2    | Found Datopnif's Distillery.
 29777 | Orc:2    | Found Kirhunit's Magic Scroll Emporium.
 29778 | Orc:2    | Found Moitt's Armour Shoppe.
 29778 | Orc:2    | Found Doshrer's Book Shop.
 29828 | Orc:2    | Reached skill level 16 in Dodging
 29834 | Orc:2    | Bought a scroll of poison for 48 gold pieces
 29834 | Orc:2    | Bought a scroll of summoning for 114 gold pieces
 29857 | Orc:2    | Bought a scroll of identify for 24 gold pieces
 29857 | Orc:2    | Bought a scroll of identify for 24 gold pieces
 29873 | Orc:2    | Noticed Donald
 29945 | Orc:2    | Killed Donald
 30125 | Orc:2    | Reached skill level 13 in Shapeshifting
 31306 | Orc:1    | Found Jakexus's Antique Armour Boutique.
 32215 | D:13     | Found a gate to the Vaults.
 32260 | D:13     | Identified the +1 ring mail of Luqouw {Stlth+}
 32759 | D:13     | Reached XP level 16. HP: 76/76 MP: 17/17
 33412 | D:14     | Found Ditsoc's Magic Scroll Emporium.
 33662 | D:14     | Found a white marble altar of Elyvilon.
 33721 | D:14     | Reached skill level 10 in Evocations
 33721 | D:14     | Reached skill level 14 in Shapeshifting
 33721 | D:14     | HP: 4/76 [wizard/fireball (36)]
 34091 | D:14     | Identified a scroll of acquirement
 34103 | D:14     | Bought a scroll of identify for 32 gold pieces
 34444 | D:15     | Entered Level 15 of the Dungeon
 34445 | D:15     | Found a staircase to the Depths.
 35568 | D:15     | Reached skill level 11 in Evocations
 35667 | D:15     | Found a broken altar of Ashenzari.
 36385 | D:15     | Learned a level 4 spell: Manifold Assault
 36997 | D:14     | Acquired a manual of Translocations
 37131 | Spider:1 | Entered Level 1 of the Spider Nest
 37179 | Spider:1 | Reached skill level 6 in Translocations
 37189 | Spider:1 | Reached skill level 15 in Shapeshifting
 37405 | Spider:1 | Reached skill level 7 in Translocations
 37551 | Spider:1 | Reached skill level 8 in Translocations
 38104 | Spider:1 | Reached skill level 9 in Translocations
 38839 | Spider:1 | Reached skill level 12 in Evocations
 38913 | Spider:1 | Reached skill level 10 in Translocations
 40246 | Spider:2 | Reached skill level 1 in Spellcasting
 40859 | Spider:2 | Reached skill level 11 in Translocations
 40951 | Spider:2 | Reached skill level 2 in Spellcasting
 42689 | Spider:3 | Reached skill level 12 in Translocations
 42792 | Spider:3 | Reached XP level 17. HP: 79/79 MP: 22/22
 42797 | Spider:3 | Reached skill level 3 in Spellcasting
 43336 | Spider:3 | Noticed Jorgrun
 43773 | Spider:3 | Killed Jorgrun
 43789 | Spider:3 | Reached skill level 13 in Translocations
 43968 | Spider:3 | Reached skill level 4 in Spellcasting
 44289 | Spider:3 | Noticed Arachne
 44315 | Spider:3 | Killed Arachne
 44840 | Spider:3 | Reached skill level 14 in Translocations
 45683 | D:11     | Bought the amulet "Ythrooh" {Reflect Regen+ Int+3 Dex+5
                  | SH+5} for 914 gold pieces
 45696 | D:11     | Bought the ring of Satisfaction {Will++ EV+5 Str+2 Dex-2}
                  | for 912 gold pieces
 45829 | Spider:4 | Entered Level 4 of the Spider Nest
 45857 | Spider:4 | Reached skill level 16 in Shapeshifting
 46031 | Spider:3 | Reached skill level 5 in Spellcasting
 46157 | Spider:4 | Reached skill level 15 in Translocations
 47027 | Spider:4 | Reached skill level 6 in Spellcasting
 47466 | Spider:4 | Got a gossamer rune of Zot
 48140 | Shoals:1 | Entered Level 1 of the Shoals
 48503 | D:11     | Bought a ring of flight for 280 gold pieces
 48917 | Shoals:1 | Noticed Josephine
 48922 | Shoals:1 | Killed Josephine
 48928 | Shoals:1 | Reached skill level 7 in Spellcasting
 50136 | Shoals:2 | Found Exkehum's Assorted Antiques.
 50331 | Shoals:2 | Reached XP level 18. HP: 84/84 MP: 30/30
 50756 | Shoals:2 | Identified the +10 longbow of the Eleven Wishes {heavy,
                  | rPois rCorr}
 50760 | Shoals:2 | Identified the staff of Bodily Humours {rElec rN+ Str-3
                  | Earth}
 50807 | Shoals:2 | Found Lunkitso's Antique Weapon Boutique.
 50823 | Shoals:2 | Reached skill level 17 in Unarmed Combat
 51141 | Shoals:2 | Reached skill level 17 in Shapeshifting
 51303 | Shoals:2 | Reached skill level 8 in Spellcasting
 52025 | Shoals:3 | Noticed Mlioglotl
 52071 | Shoals:2 | Killed Mlioglotl
 53729 | Shoals:4 | Entered Level 4 of the Shoals
 54060 | Shoals:4 | Found a runed translucent gate.
 54060 | Shoals:4 | Found a runed translucent gate.
 54060 | Shoals:4 | Found a runed translucent gate.
 54061 | Shoals:4 | Found an opulent altar of Gozag.
 54179 | Shoals:4 | Noticed wormstring's ghost (adept TrSh)
 54181 | Shoals:4 | Found Ikkyuhoq's Assorted Antiques.
 54183 | Shoals:4 | Noticed Ilsuiw
 54200 | Shoals:4 | Killed Ilsuiw
 54201 | Shoals:4 | Reached skill level 9 in Spellcasting
 54685 | Shoals:4 | Got a barnacled rune of Zot
 54998 | Shoals:4 | Identified the +1 short sword of Indomitability {spect,
                  | Str+2}
 55087 | Shoals:4 | Reached skill level 18 in Unarmed Combat
 55332 | Shoals:4 | Found Giuzae's Assorted Antiques.
 55789 | Shoals:4 | Killed wormstring's ghost
 55790 | Shoals:4 | Reached skill level 18 in Shapeshifting
 55928 | Shoals:4 | Bought a scroll of blinking for 315 gold pieces
 56500 | D:11     | Bought Sif Muna's Compendium of Non-Euclidean Sparks for
                  | 672 gold pieces
 56504 | D:11     | Learned a level 2 spell: Blink
 56665 | Elf:1    | Entered Level 1 of the Elven Halls
 56880 | Elf:1    | Reached XP level 19. HP: 87/87 MP: 33/33
 56886 | Elf:1    | Reached skill level 10 in Spellcasting
 57452 | Elf:1    | Found Nuhuozud's Book Emporium.
 57598 | Elf:1    | Got the Tractate on the Crypt
 58158 | Elf:2    | Identified the +9 war axe "Caenk" {protect, rN++}
 58188 | Elf:2    | Found a runed translucent gate.
 58188 | Elf:2    | Found a runed translucent gate.
 58188 | Elf:2    | Found a runed translucent gate.
 58194 | Elf:2    | Noticed SirDiesAlot's ghost (adept OpEn)
 58196 | Elf:2    | Found an iron altar of Okawaru.
 58496 | Elf:2    | Found a runed translucent gate.
 58496 | Elf:2    | Found a runed translucent gate.
 58497 | Elf:2    | Found a runed translucent gate.
 59020 | Elf:2    | Reached skill level 11 in Spellcasting
 59336 | Elf:2    | Killed SirDiesAlot's ghost
 59536 | Elf:2    | Identified the +8 demon blade of Deformation {spect,
                  | Fragile rPois rCorr Dex+3}
 59537 | Elf:2    | Identified the +0 leather armour "Loajeuw" {rPois rF+}
 60121 | Elf:3    | Entered Level 3 of the Elven Halls
 60332 | Elf:3    | Noticed Louise
 60366 | Elf:3    | Killed Louise
 60367 | Elf:3    | Reached skill level 19 in Unarmed Combat
 60408 | Elf:3    | Found Rungiu's Weapon Shop.
 60465 | Elf:3    | Paralysed by an air elemental for 1 turns
 60765 | Elf:3    | Found Ampaahos's Mayhem Merchandise.
 60959 | Elf:3    | Reached skill level 19 in Shapeshifting
 61166 | Elf:3    | Noticed Zenata
 61166 | Elf:3    | Noticed Saint Roka
 61297 | Elf:3    | Killed Zenata
 61322 | Elf:3    | Killed Saint Roka
 61340 | Elf:3    | Reached XP level 20. HP: 68/91 MP: 36/36
 61352 | Elf:3    | Reached skill level 12 in Spellcasting
 61522 | Elf:3    | Identified the +5 great sword "Ypowag" {venom, rPois MP-9
                  | Str+2}
 61856 | Elf:3    | Identified the +0 demon trident "Poys" {speed, Dex+5}
 61935 | Elf:3    | Identified the +1 quarterstaff of Focus {spect, rElec rC+
                  | Dex+2}
 62106 | Elf:3    | Identified the staff "Bewuz" {rC- Will++ Str+2 Int+3 Conj}
 62157 | Elf:3    | Identified the +11 scale mail of Kecwam {Rampage rF+ Int+5}
 62169 | Elf:3    | Identified the +1 mace of Wyrd {spect, rF+ Str+3}
 62182 | Elf:3    | Identified the staff "Newtslayer" {rC+ Dex+3 Ice}
 62186 | Elf:3    | Got Sif Muna's Folio of Indurated Nausea
 62210 | Elf:3    | Got Guoje's Catalogue of Summoning and Permutations
 62213 | Elf:3    | Got Lennul's Almanac of Angles and Spellbinding
 62827 | Vaults:1 | Entered Level 1 of the Vaults
 63251 | Vaults:1 | Reached skill level 13 in Stealth
 63360 | Vaults:1 | You fall into a shaft and drop 1 floor!
 63648 | Vaults:1 | Found Agroergh's Distillery.
 63847 | Vaults:1 | HP: 4/120 [orc warlord/+0 glaive (42)]
 63868 | Vaults:1 | Upgraded the game from 0.31-a0-744-gbc345e7fcb to
                  | 0.31-a0-750-gfe7b580527
 64152 | Vaults:1 | Found a runed translucent door.
 64154 | Vaults:1 | Noticed Kevimi's ghost (adept FeNe)
 64759 | Vaults:2 | Reached skill level 17 in Dodging
 65286 | Vaults:2 | Found a staircase to the Crypt.
 65380 | Vaults:2 | Reached skill level 13 in Fighting
 65492 | Vaults:2 | Reached skill level 14 in Stealth
 65506 | Vaults:2 | Reached skill level 20 in Unarmed Combat
 65860 | Vaults:2 | Reached skill level 20 in Shapeshifting
 65876 | Vaults:2 | Reached XP level 21. HP: 97/97 MP: 38/38
 66503 | Vaults:2 | Reached skill level 15 in Stealth
 66527 | Vaults:2 | Reached skill level 18 in Dodging
 67659 | Vaults:3 | Reached skill level 14 in Fighting
 67998 | Vaults:3 | Reached skill level 15 in Fighting
 68476 | Vaults:3 | Reached skill level 21 in Shapeshifting
 68645 | Vaults:3 | Found a runed translucent gate.
 68645 | Vaults:3 | Found a runed translucent gate.
 68645 | Vaults:3 | Found a runed translucent gate.
 68648 | Vaults:3 | Found an ancient bone altar of Kikubaaqudgha.
 68650 | Vaults:3 | Noticed an ancient lich
 68650 | Vaults:3 | Noticed rjrrt's ghost (adept MiBe)
 68779 | Vaults:4 | Slain by a vault warden
 68784 | Vaults:4 | Found Zaress's General Store.
 69007 | Vaults:4 | Noticed Frederick
 69279 | Vaults:4 | Identified the staff of Hard Scrabble {rElec rN+ Dex+2 Air}
 69280 | Vaults:4 | Identified the staff "Zurheghi" {rElec rN+ rCorr Str+2 Air
                  | Earth}
 69290 | Vaults:4 | Identified the staff of Sharkskin {rElec rC+ Air}
 69291 | Vaults:4 | Identified the +1 robe "Xiba" {Will+ rCorr}
 69386 | Vaults:4 | Reached XP level 22. HP: 105/105 MP: 39/39
 69425 | Vaults:4 | Reached skill level 22 in Shapeshifting
 69744 | Vaults:4 | Killed Frederick
 71199 | Depths:1 | Entered Level 1 of the Depths
 71213 | D:15     | Acquired a manual of Conjurations
 71287 | Depths:1 | Found a one-way gate leading to the halls of Pandemonium.
 71460 | Depths:1 | Found a gateway to Hell.
 71541 | Depths:1 | Found Xipaung's Distillery.
 71549 | Depths:1 | Bought a potion of invisibility for 104 gold pieces
 72081 | Depths:1 | Reached skill level 23 in Shapeshifting
 72093 | Depths:1 | Identified the ring "Yklo" {Fly rElec}
 72199 | D:11     | Bought the ring "Jaezine" {rF+ rC+ SInv} for 720 gold
                  | pieces
 72199 | D:11     | Bought a storm talisman for 2274 gold pieces
 72458 | D:11     | Bought a ring of positive energy for 380 gold pieces
 72693 | Depths:1 | Noticed the Enchantress
 72728 | Depths:1 | Killed the Enchantress
 72886 | Depths:1 | Found a one-way gateway to a ziggurat.
 74487 | Depths:2 | Reached skill level 16 in Fighting
 74487 | Depths:2 | Reached skill level 16 in Stealth
 74848 | Depths:2 | Found a glowing silver altar of Zin.
 75880 | Depths:3 | Found a one-way gate to the infinite horrors of the Abyss.
 76067 | Depths:3 | Reached XP level 23. HP: 111/111 MP: 40/40
 76541 | Depths:3 | Reached skill level 17 in Stealth
 77096 | Depths:4 | Entered Level 4 of the Depths
 77100 | Depths:4 | Reached skill level 17 in Fighting
 78628 | Depths:4 | Reached skill level 21 in Unarmed Combat
 79256 | Depths:4 | Found a gate to the Realm of Zot.
 80083 | D:11     | Upgraded the game from 0.31-a0-750-gfe7b580527 to
                  | 0.31-a0-795-g5eb97db20b
 80718 | Vaults:3 | Reached skill level 18 in Fighting
 80718 | Vaults:3 | Reached skill level 18 in Stealth
 80718 | Vaults:3 | Killed an ancient lich
 80733 | Vaults:3 | Killed rjrrt's ghost
 80783 | Vaults:3 | Identified the ring of Bujaun {rF+ rC+ Str+6 SInv}
 80789 | Vaults:3 | Identified the +0 hat "Eriothaa" {rC+ MP+9 Str-3 Stlth+}
 80795 | Vaults:3 | Got a sooty book
 81020 | Slime:1  | Entered Level 1 of the Pits of Slime
 81250 | Slime:2  | Gained mutation: You have hidden genetic defects. [a
                  | shining eye]
 82369 | Slime:3  | Noticed Dissolution
 82377 | Slime:3  | Killed Dissolution
 82462 | Slime:3  | Reached skill level 22 in Unarmed Combat
 82471 | Slime:2  | Learned a level 6 spell: Death Channel
 82483 | Slime:3  | Reached skill level 1 in Necromancy
 82718 | Slime:3  | Reached skill level 2 in Necromancy
 82925 | Slime:3  | Reached skill level 3 in Necromancy
 83125 | Slime:3  | Gained mutation: Your body sometimes deteriorates upon
                  | taking damage. [hidden defects]
 84412 | Slime:1  | Reached skill level 4 in Necromancy
 85564 | Slime:5  | Entered Level 5 of the Pits of Slime
 85616 | Slime:5  | Gained mutation: You occasionally lose the ability to drink
                  | potions when taking damage. [a shining eye]
 85639 | Slime:5  | Reached skill level 5 in Necromancy
 85879 | Slime:5  | Reached XP level 24. HP: 118/118 MP: 11/40
 86101 | Slime:5  | Reached skill level 6 in Necromancy
 86456 | Slime:5  | Noticed the Royal Jelly
 86615 | D:11     | Bought a scroll of teleportation for 45 gold pieces
 86615 | D:11     | Bought a scroll of teleportation for 45 gold pieces
 86615 | D:11     | Bought a scroll of teleportation for 45 gold pieces
 86615 | D:11     | Bought a scroll of amnesia for 60 gold pieces
 86647 | Orc:2    | Bought a scroll of teleportation for 36 gold pieces
 86647 | Orc:2    | Bought a scroll of revelation for 90 gold pieces
 86647 | Orc:2    | Bought a scroll of silence for 114 gold pieces
 86647 | Orc:2    | Bought a scroll of teleportation for 36 gold pieces
 86730 | D:14     | Bought a scroll of revelation for 120 gold pieces
 86730 | D:14     | Bought a scroll of silence for 152 gold pieces
 86730 | D:14     | Bought a scroll of revelation for 120 gold pieces
 86879 | Shoals:2 | Bought a scroll of summoning for 247 gold pieces
 86879 | Shoals:2 | Bought a potion of curing for 78 gold pieces
 86947 | Shoals:4 | Bought a potion of brilliance for 168 gold pieces
 86952 | Shoals:4 | Bought a potion of resistance for 240 gold pieces
 86952 | Shoals:4 | Bought a scroll of silence for 228 gold pieces
 87120 | Orc:2    | Bought a potion of resistance for 170 gold pieces
 87120 | Orc:2    | Bought a potion of might for 68 gold pieces
 87120 | Orc:2    | Bought 2 potions of brilliance for 136 gold pieces
 87120 | Orc:2    | Bought a potion of curing for 51 gold pieces
 87120 | Orc:2    | Bought a potion of enlightenment for 85 gold pieces
 87120 | Orc:2    | Bought a potion of curing for 51 gold pieces
 87120 | Orc:2    | Bought a potion of magic for 136 gold pieces
 87233 | Depths:1 | Bought a potion of haste for 130 gold pieces
 87233 | Depths:1 | Bought a potion of heal wounds for 65 gold pieces
 87233 | Depths:1 | Bought a potion of curing for 39 gold pieces
 87233 | Depths:1 | Bought a potion of brilliance for 52 gold pieces
 87233 | Depths:1 | Bought a potion of heal wounds for 65 gold pieces
 87233 | Depths:1 | Bought a potion of mutation for 104 gold pieces
 87358 | Vaults:1 | Bought a potion of mutation for 136 gold pieces
 87358 | Vaults:1 | Bought a potion of brilliance for 68 gold pieces
 87358 | Vaults:1 | Bought a potion of curing for 51 gold pieces
 87358 | Vaults:1 | Bought a potion of brilliance for 68 gold pieces
 87358 | Vaults:1 | Bought a potion of brilliance for 68 gold pieces
 87358 | Vaults:1 | Bought a potion of curing for 51 gold pieces
 87358 | Vaults:1 | Bought a potion of resistance for 170 gold pieces
 87515 | D:11     | Bought the Vellum of Flame and Clouds for 390 gold pieces
 87521 | D:11     | Learned a level 4 spell: Vhi's Electric Charge
 87596 | Lair:4   | Fell from the grace of Gozag
 87596 | Lair:4   | Became a worshipper of Jiyva Joggigem the Shapeless
 87778 | Vaults:1 | Killed Kevimi's ghost
 87811 | Vaults:1 | Identified the +3 great sword of a wizard's laboratory
                  | {freeze, rPois rCorr}
 87928 | Crypt:1  | Entered Level 1 of the Crypt
 88046 | Crypt:1  | Gained mutation: Your magical capacity is low. (-10% MP)
                  | [hidden defects]
 88046 | Crypt:1  | Lost mutation: You have hidden genetic defects. [hidden
                  | defects expressed]
 88049 | Crypt:1  | Reached skill level 1 in Air Magic
 88279 | Crypt:1  | Reached * piety under Jiyva
 88292 | Crypt:1  | Reached skill level 7 in Necromancy
 88399 | Crypt:1  | Reached skill level 2 in Air Magic
 88769 | Crypt:2  | Reached skill level 13 in Spellcasting
 88807 | Crypt:2  | Reached ** piety under Jiyva
 88931 | Crypt:2  | Reached skill level 8 in Necromancy
 88956 | Crypt:2  | Identified a +2 robe of resistance
 88961 | Crypt:2  | Reached skill level 3 in Air Magic
 89358 | Crypt:3  | Entered Level 3 of the Crypt
 89517 | Crypt:3  | Reached skill level 9 in Necromancy
 89522 | Crypt:3  | Found a basalt altar of Yredelemnul.
 89522 | Crypt:3  | Noticed Sojobo
 89548 | Crypt:3  | HP: 9/118 [Sojobo/the air (27)]
 89548 | Crypt:3  | Demolished by a tengu reaver
 89619 | Crypt:3  | Killed Sojobo
 89620 | Crypt:3  | Reached skill level 4 in Air Magic
 89894 | Crypt:3  | Reached skill level 10 in Necromancy
 89908 | Crypt:3  | Noticed Bai Suzhen
 89928 | Crypt:3  | Killed Bai Suzhen
 89962 | Crypt:3  | Noticed Jory
 89991 | Crypt:3  | Reached *** piety under Jiyva
 90024 | Crypt:3  | Reached skill level 11 in Necromancy
 90074 | Crypt:3  | Killed Jory
 90083 | Crypt:3  | Found a staircase to the Tomb.
 90162 | Crypt:3  | Reached skill level 14 in Spellcasting
 90313 | Crypt:3  | Identified the amulet of Xano {rC++ Regen+ Slay-3}
 90313 | Crypt:3  | Identified the ring of Ruaroq {rN+ Stlth+}
 90879 | Depths:3 | Voluntarily entered the Abyss.
 90906 | Abyss:1  | Found a corrupted altar of Lugonu.
 90924 | Abyss:1  | Lost mutation: Your magical capacity is low. (-10% MP)
                  | [Jiyva's grace]
 90924 | Abyss:1  | Lost mutation: You occasionally lose the ability to drink
                  | potions when taking damage. [Jiyva's grace]
 90924 | Abyss:1  | Gained mutation: You have a pair of small antennae on your
                  | head. [Jiyva's grace]
 90924 | Abyss:1  | Gained mutation: You have a pair of antennae on your head.
                  | [Jiyva's grace]
 90924 | Abyss:1  | Gained mutation: You have a pair of large antennae on your
                  | head. (SInv) [Jiyva's grace]
 90924 | Abyss:1  | Gained mutation: You are covered in slimy tendrils that may
                  | disarm your opponents. [Jiyva's grace]
 91329 | Abyss:1  | Reached skill level 12 in Necromancy
 91517 | Abyss:1  | Found a corrupted altar of Lugonu.
 91525 | Abyss:1  | Found a corrupted altar of Lugonu.
 91528 | Abyss:1  | Reached **** piety under Jiyva
 91700 | Abyss:1  | Reached XP level 25. HP: 122/122 MP: 42/42
 91883 | Abyss:1  | Reached skill level 13 in Necromancy
 91885 | Abyss:1  | Reached ***** piety under Jiyva
 91955 | Abyss:1  | Lost mutation: You have a pair of large antennae on your
                  | head. (SInv) [Jiyva's grace]
 91955 | Abyss:1  | Lost mutation: You are covered in slimy tendrils that may
                  | disarm your opponents. [Jiyva's grace]
 91955 | Abyss:1  | Gained mutation: Your skin changes colour to match your
                  | surroundings (Stealth+). [Jiyva's grace]
 91955 | Abyss:1  | Gained mutation: Your skin blends seamlessly with your
                  | surroundings (Stealth++). [Jiyva's grace]
 91955 | Abyss:1  | Gained mutation: Your skin perfectly mimics your
                  | surroundings (Stealth+++). [Jiyva's grace]
 91955 | Abyss:1  | Gained mutation: Your body has grown eyes which may confuse
                  | attackers. (Acc +3) [Jiyva's grace]
 92254 | Abyss:1  | Learned a level 2 spell: Passwall
 92292 | Abyss:1  | Found a corrupted altar of Lugonu.
 92527 | Abyss:1  | Found a corrupted altar of Lugonu.
 92668 | Abyss:1  | Found a corrupted altar of Lugonu.
 92784 | Abyss:1  | Found an opulent altar of Gozag.
 92825 | Abyss:1  | Reached ****** piety under Jiyva
 92909 | Abyss:1  | Reached skill level 14 in Necromancy
 93042 | Abyss:1  | Found a corrupted altar of Lugonu.
 93096 | Abyss:2  | Lost mutation: You have a pair of antennae on your head.
                  | [Jiyva's grace]
 93096 | Abyss:2  | Lost mutation: Your skin perfectly mimics your surroundings
                  | (Stealth+++). [Jiyva's grace]
 93096 | Abyss:2  | Gained mutation: You are partially covered in iridescent
                  | scales. (AC +2) [Jiyva's grace]
 93096 | Abyss:2  | Gained mutation: You are mostly covered in iridescent
                  | scales. (AC +4) [Jiyva's grace]
 93096 | Abyss:2  | Gained mutation: You are completely covered in iridescent
                  | scales. (AC +6) [Jiyva's grace]
 93096 | Abyss:2  | Gained mutation: Your flesh is cold resistant. (rC+)
                  | [Jiyva's grace]
 93109 | Abyss:2  | Reached skill level 15 in Spellcasting
 93141 | Abyss:2  | Learned a level 9 spell: Death's Door
 93605 | Abyss:2  | Reached skill level 15 in Necromancy
 93727 | Depths:3 | You pass through the gate.
 93727 | Depths:3 | Escaped the Abyss
 94101 | Slime:5  | Identified the +8 great sword "Fafiruef" {heavy, rElec
                  | rCorr SInv}
 94103 | Slime:5  | Got a slimy rune of Zot
 94126 | Slime:5  | Found a viscous altar of Jiyva.
 94699 | Depths:4 | Voluntarily entered the Abyss.
 94699 | Abyss:2  | Found a corrupted altar of Lugonu.
 94753 | Abyss:2  | Found a corrupted altar of Lugonu.
 95016 | Depths:4 | You pass through the gate.
 95016 | Depths:4 | Escaped the Abyss
 95029 | Depths:4 | Voluntarily entered the Abyss.
 95054 | Abyss:2  | Found a corrupted altar of Lugonu.
 95249 | Abyss:2  | Found a corrupted altar of Lugonu.
 95376 | Abyss:2  | Lost mutation: You are completely covered in iridescent
                  | scales. (AC +6) [Jiyva's grace]
 95376 | Abyss:2  | Gained mutation: Your mind is acute. (Int +4, Str/Dex -1)
                  | [Jiyva's grace]
 95376 | Abyss:2  | Gained mutation: Your mind is very acute. (Int +8, Str/Dex
                  | -2) [Jiyva's grace]
 95376 | Abyss:2  | Gained mutation: Your flesh is very cold resistant. (rC++)
                  | [Jiyva's grace]
 95376 | Abyss:2  | Gained mutation: Your flesh is almost immune to the effects
                  | of cold. (rC+++) [Jiyva's grace]
 95487 | Abyss:2  | Reached skill level 16 in Necromancy
 95759 | Abyss:2  | Found a corrupted altar of Lugonu.
 95759 | Abyss:2  | Found a corrupted altar of Lugonu.
 95759 | Abyss:2  | Found a corrupted altar of Lugonu.
 95817 | Abyss:2  | Found a corrupted altar of Lugonu.
 96290 | Abyss:2  | Was forgiven by Gozag
 96410 | Abyss:2  | Reached XP level 26. HP: 100/126 MP: 28/43
 96428 | Depths:4 | You pass through the gate.
 96428 | Depths:4 | Escaped the Abyss
 96512 | Zot:1    | Entered Level 1 of the Realm of Zot
 96551 | Zot:1    | Reached skill level 16 in Spellcasting
 96667 | Zot:1    | Noticed a dread lich
 96671 | Zot:1    | Killed a dread lich
 96704 | Zot:1    | Noticed an ancient lich
 96710 | Zot:1    | Killed an ancient lich
 96711 | Zot:1    | Reached skill level 17 in Necromancy
 96732 | Zot:1    | Reached skill level 19 in Dodging
 97287 | Zot:2    | Lost mutation: Your skin blends seamlessly with your
                  | surroundings (Stealth++). [Jiyva's grace]
 97287 | Zot:2    | Gained mutation: You are agile. (Dex +4, Str/Int -1)
                  | [Jiyva's grace]
 97287 | Zot:2    | Gained mutation: You are very agile. (Dex +8, Str/Int -2)
                  | [Jiyva's grace]
 97287 | Zot:2    | Gained mutation: Your muscles are strong. (Str +4, Int/Dex
                  | -1) [Jiyva's grace]
 97287 | Zot:2    | Gained mutation: Your muscles are very strong. (Str +8,
                  | Int/Dex -2) [Jiyva's grace]
 97702 | Zot:2    | Noticed a curse toe
 97711 | Zot:2    | Killed a curse toe
 98022 | Zot:2    | Reached skill level 18 in Necromancy
 98029 | Zot:2    | Reached skill level 19 in Fighting
 98172 | Zot:2    | Found a shimmering altar of Xom.
 98759 | Zot:3    | Noticed an orb of fire
 98776 | Zot:3    | Killed an orb of fire
 98783 | Zot:3    | Noticed an orb of fire
 98794 | Zot:3    | Killed an orb of fire
 98795 | Zot:3    | Reached skill level 20 in Dodging
 98931 | Zot:3    | Reached XP level 27. HP: 128/133 MP: 44/44
 99053 | Zot:3    | Noticed a curse toe
 99059 | Zot:3    | Killed a curse toe
 99167 | Zot:3    | Reached skill level 23 in Unarmed Combat
 99236 | Zot:3    | Reached skill level 17 in Spellcasting
 99269 | Zot:3    | Noticed an electric golem
 99280 | Zot:3    | Killed an electric golem
 99281 | Zot:3    | Reached skill level 19 in Necromancy
 99655 | Zot:4    | Lost mutation: You are mostly covered in iridescent scales.
                  | (AC +4) [Jiyva's grace]
 99655 | Zot:4    | Lost mutation: You are very agile. (Dex +8, Str/Int -2)
                  | [Jiyva's grace]
 99655 | Zot:4    | Lost mutation: Your flesh is almost immune to the effects
                  | of cold. (rC+++) [Jiyva's grace]
 99655 | Zot:4    | Lost mutation: Your body sometimes deteriorates upon taking
                  | damage. [Jiyva's grace]
 99655 | Zot:4    | Lost mutation: Your muscles are very strong. (Str +8,
                  | Int/Dex -2) [Jiyva's grace]
 99655 | Zot:4    | Gained mutation: You possess an exceptional clarity of
                  | mind. [Jiyva's grace]
 99655 | Zot:4    | Gained mutation: You have hidden genetic potential.
                  | [Jiyva's grace]
 99655 | Zot:4    | Gained mutation: You have great hidden genetic potential.
                  | [Jiyva's grace]
 99655 | Zot:4    | Gained mutation: You expend magic power (3 MP) to
                  | strengthen your wands. [Jiyva's grace]
 99785 | Zot:4    | Noticed a curse toe
 99792 | Zot:4    | Killed a curse toe
 99799 | Zot:4    | Noticed a curse toe
 99806 | Zot:4    | Killed a curse toe
 99826 | Zot:4    | Noticed a curse toe
 99833 | Zot:4    | Killed a curse toe
 99868 | Zot:4    | Noticed a curse toe
 99868 | Zot:4    | Found the +3 robe of Clouds {*Thunder rCloud rElec}
 99872 | Zot:4    | Killed a curse toe
 99875 | Zot:4    | Identified the staff "Zuloenei" {rElec Int+3 Dex-3 Conj}
 99976 | Zot:4    | Noticed a curse toe
 99980 | Zot:4    | Killed a curse toe
100412 | Zot:4    | Noticed an electric golem
100428 | Zot:4    | Killed an electric golem
101144 | Elf:1    | Bought Fiagisk's Meditations on Bones for 392 gold pieces
101150 | Elf:1    | Learned a level 4 spell: Animate Dead
101378 | Depths:3 | Voluntarily entered the Abyss.
101511 | Abyss:2  | Found a corrupted altar of Lugonu.
101560 | Abyss:2  | Found a corrupted altar of Lugonu.
101568 | Abyss:2  | Found a corrupted altar of Lugonu.
101568 | Abyss:2  | Found a corrupted altar of Lugonu.
101817 | Abyss:3  | Lost mutation: Your muscles are strong. (Str +4, Int/Dex
                  | -1) [Jiyva's grace]
101817 | Abyss:3  | Lost mutation: Your body has grown eyes which may confuse
                  | attackers. (Acc +3) [Jiyva's grace]
101817 | Abyss:3  | Gained mutation: You are strong-willed. (Will+) [Jiyva's
                  | grace]
101817 | Abyss:3  | Gained mutation: You are highly strong-willed. (Will++)
                  | [Jiyva's grace]
101817 | Abyss:3  | Gained mutation: You are extremely strong-willed. (Will+++)
                  | [Jiyva's grace]
101817 | Abyss:3  | Lost mutation: You have great hidden genetic potential.
                  | [Jiyva's grace]
101817 | Abyss:3  | Lost mutation: You have hidden genetic potential. [Jiyva's
                  | grace]
101817 | Abyss:3  | Gained mutation: You are somewhat resistant to further
                  | mutation. [Jiyva's grace]
101824 | Abyss:3  | Found a corrupted altar of Lugonu.
101881 | Abyss:3  | Reached skill level 21 in Dodging
102161 | Abyss:3  | Found a corrupted altar of Lugonu.
102254 | Abyss:3  | Reached skill level 20 in Necromancy
102273 | Abyss:3  | Found a corrupted altar of Lugonu.
102463 | Abyss:3  | Reached skill level 20 in Fighting
102645 | Abyss:3  | Found a corrupted altar of Lugonu.
102725 | Abyss:3  | Found a corrupted altar of Lugonu.
102776 | Abyss:3  | Found a transporter.
102787 | Abyss:3  | Found a transporter.
102822 | Depths:3 | You pass through the gate.
102822 | Depths:3 | Escaped the Abyss
102824 | Depths:3 | Voluntarily entered the Abyss.
103062 | Depths:3 | You pass through the gate.
103062 | Depths:3 | Escaped the Abyss
103064 | Depths:3 | Voluntarily entered the Abyss.
103064 | Abyss:3  | Found a corrupted altar of Lugonu.
103078 | Abyss:3  | Lost mutation: Your skin changes colour to match your
                  | surroundings (Stealth+). [Jiyva's grace]
103078 | Abyss:3  | Lost mutation: You possess an exceptional clarity of mind.
                  | [Jiyva's grace]
103078 | Abyss:3  | Lost mutation: Your mind is very acute. (Int +8, Str/Dex
                  | -2) [Jiyva's grace]
103078 | Abyss:3  | Gained mutation: Your rubbery body absorbs attacks. (AC +1,
                  | EV +1) [Jiyva's grace]
103078 | Abyss:3  | Gained mutation: Your pliable body absorbs attacks. (AC +2,
                  | EV +2) [Jiyva's grace]
103078 | Abyss:3  | Gained mutation: Your gelatinous body deflects attacks. (AC
                  | +3, EV +3) [Jiyva's grace]
103078 | Abyss:3  | Gained mutation: You are covered in slimy tendrils that may
                  | disarm your opponents. [Jiyva's grace]
103086 | Abyss:3  | Noticed a dread lich
103091 | Abyss:3  | Killed a dread lich
103094 | Abyss:3  | Found a corrupted altar of Lugonu.
103110 | Abyss:3  | Found a corrupted altar of Lugonu.
103163 | Abyss:3  | Found a corrupted altar of Lugonu.
103346 | Abyss:3  | Found a transporter.
103350 | Abyss:3  | Found a corrupted altar of Lugonu.
103385 | Abyss:3  | Identified the ring "Atwaire" {Wiz Str+2}
103403 | Abyss:4  | Found a corrupted altar of Lugonu.
103442 | Abyss:4  | Found a transporter.
103485 | Abyss:4  | Found a transporter.
103486 | Abyss:4  | Noticed an ancient lich
103494 | Abyss:4  | Killed an ancient lich
103495 | Abyss:4  | Reached skill level 21 in Necromancy
103499 | Abyss:4  | Found a transporter.
103500 | Abyss:4  | Got an abyssal rune of Zot
103538 | Abyss:4  | Reached skill level 18 in Spellcasting
103554 | Abyss:4  | Found a transporter.
103579 | Depths:3 | You pass through the gate.
103579 | Depths:3 | Escaped the Abyss
103813 | Vaults:5 | Entered Level 5 of the Vaults
103824 | Vaults:5 | Reached skill level 22 in Dodging
103858 | Vaults:5 | Reached skill level 24 in Unarmed Combat
103964 | Vaults:5 | Identified the ring of Contentment {*Corrode +Blink Will+
                  | Str+6 Int+8}
103970 | Vaults:5 | Got a curling book
103992 | Vaults:5 | Identified the +1 plate armour of the Harp {rPois rN+ Dex-3
                  | Slay+2}
104001 | Vaults:5 | Got a silver rune of Zot
104084 | Vaults:5 | Reached skill level 22 in Necromancy
104088 | Vaults:5 | Found Plog's Distillery.
104114 | Vaults:5 | Found Ront's Distillery.
104120 | Vaults:5 | Reached skill level 21 in Fighting
104133 | Vaults:5 | Found Ysanextu's Magic Scroll Shoppe.
104334 | Vaults:5 | Lost mutation: You are agile. (Dex +4, Str/Int -1) [Jiyva's
                  | grace]
104334 | Vaults:5 | Lost mutation: Your flesh is very cold resistant. (rC++)
                  | [Jiyva's grace]
104334 | Vaults:5 | Lost mutation: Your flesh is cold resistant. (rC+) [Jiyva's
                  | grace]
104334 | Vaults:5 | Lost mutation: You are extremely strong-willed. (Will+++)
                  | [Jiyva's grace]
104334 | Vaults:5 | Gained mutation: Your melee attacks may engulf your foes in
                  | ooze. [Jiyva's grace]
104334 | Vaults:5 | Gained mutation: You have a somewhat thin skeletal
                  | structure. (Dex +2, Stealth+) [Jiyva's grace]
104334 | Vaults:5 | Gained mutation: You have a moderately thin skeletal
                  | structure. (Dex +4, Stealth++) [Jiyva's grace]
104334 | Vaults:5 | Gained mutation: You have an unnaturally thin skeletal
                  | structure. (Dex +6, Stealth+++) [Jiyva's grace]
104523 | Vaults:5 | Bought a scroll of blinking for 120 gold pieces
104766 | Vaults:5 | Got an inconspicuous book
104862 | Vaults:5 | Bought a potion of heal wounds for 105 gold pieces
105079 | Hell     | Entered the Vestibule of Hell
105079 | Hell     | Noticed Geryon
105089 | Hell     | Killed Geryon
105160 | Hell     | Noticed a dread lich
105165 | Hell     | Killed a dread lich
105252 | Hell     | Found a gateway to the decaying netherworld of Tartarus.
105275 | Hell     | Found a gateway to the freezing wastes of Cocytus.
105324 | Hell     | Found a gateway to the Iron City of Dis.
105473 | Hell     | Found a gateway to the ashen valley of Gehenna.
105874 | Zot:5    | Entered Level 5 of the Realm of Zot
105925 | Zot:5    | Reached skill level 23 in Necromancy
106410 | Zot:5    | Noticed a dread lich
106421 | Zot:5    | Killed a dread lich
106614 | Zot:5    | Noticed an orb of fire
106616 | Zot:5    | Noticed an ancient lich
106621 | Zot:5    | Killed an orb of fire
106627 | Zot:5    | Noticed a dread lich
106629 | Zot:5    | Noticed a dread lich
106630 | Zot:5    | Noticed an orb of fire
106640 | Zot:5    | Killed an ancient lich
106641 | Zot:5    | Noticed a dread lich
106659 | Zot:5    | Killed an orb of fire
106662 | Zot:5    | Killed a dread lich
106664 | Zot:5    | Noticed a dread lich
106669 | Zot:5    | Killed a dread lich
106673 | Zot:5    | Noticed an ancient lich
106674 | Zot:5    | Reached skill level 25 in Unarmed Combat
106677 | Zot:5    | Noticed an ancient lich
106683 | Zot:5    | Killed an ancient lich
106684 | Zot:5    | Reached skill level 13 in Evocations
106703 | Zot:5    | Killed a dread lich
106706 | Zot:5    | Killed an ancient lich
106707 | Zot:5    | Reached skill level 22 in Fighting
106709 | Zot:5    | Killed a dread lich
106726 | Zot:5    | Reached skill level 24 in Necromancy
106956 | Zot:5    | Lost mutation: You have an unnaturally thin skeletal
                  | structure. (Dex +6, Stealth+++) [Jiyva's grace]
106956 | Zot:5    | Lost mutation: You have a moderately thin skeletal
                  | structure. (Dex +4, Stealth++) [Jiyva's grace]
106956 | Zot:5    | Gained mutation: Your spells are a little harder to cast,
                  | but a little more powerful. [Jiyva's grace]
106956 | Zot:5    | Gained mutation: Your spells are harder to cast, but more
                  | powerful. [Jiyva's grace]
106956 | Zot:5    | Gained mutation: Your spells are much harder to cast, but
                  | much more powerful. [Jiyva's grace]
106956 | Zot:5    | Gained mutation: You are agile. (Dex +4, Str/Int -1)
                  | [Jiyva's grace]
106957 | Zot:5    | Noticed an electric golem
106961 | Zot:5    | Killed an electric golem
107014 | Zot:5    | Noticed an electric golem
107022 | Zot:5    | Killed an electric golem
107342 | Depths:4 | Voluntarily entered the Abyss.
107342 | Abyss:4  | Found a corrupted altar of Lugonu.
107464 | Abyss:4  | Gained mutation: Your magical capacity is low. (-10% MP) [a
                  | cacodemon]
107687 | Abyss:4  | Noticed a dread lich
107697 | Abyss:4  | Killed a dread lich
107825 | Abyss:4  | Reached skill level 14 in Evocations
107968 | Abyss:4  | Found a corrupted altar of Lugonu.
108053 | Abyss:4  | Found a corrupted altar of Lugonu.
108145 | Abyss:4  | Found a corrupted altar of Lugonu.
108218 | Abyss:4  | Lost mutation: You have a pair of small antennae on your
                  | head. [Jiyva's grace]
108218 | Abyss:4  | Lost mutation: Your spells are much harder to cast, but
                  | much more powerful. [Jiyva's grace]
108218 | Abyss:4  | Lost mutation: Your spells are harder to cast, but more
                  | powerful. [Jiyva's grace]
108218 | Abyss:4  | Lost mutation: Your gelatinous body deflects attacks. (AC
                  | +3, EV +3) [Jiyva's grace]
108218 | Abyss:4  | Gained mutation: You are mostly covered in iridescent
                  | scales. (AC +4) [Jiyva's grace]
108218 | Abyss:4  | Gained mutation: You are completely covered in iridescent
                  | scales. (AC +6) [Jiyva's grace]
108218 | Abyss:4  | Gained mutation: You have a moderately thin skeletal
                  | structure. (Dex +4, Stealth++) [Jiyva's grace]
108218 | Abyss:4  | Gained mutation: You have an unnaturally thin skeletal
                  | structure. (Dex +6, Stealth+++) [Jiyva's grace]
108421 | Abyss:4  | Found a corrupted altar of Lugonu.
108500 | Abyss:4  | Found a corrupted altar of Lugonu.
108531 | Abyss:4  | Found a corrupted altar of Lugonu.
108701 | Abyss:4  | Reached skill level 25 in Necromancy
108721 | Abyss:4  | Found a corrupted altar of Lugonu.
108788 | Depths:4 | You pass through the gate.
108788 | Depths:4 | Escaped the Abyss
109084 | Tomb:1   | Entered Level 1 of the Tomb of the Ancients
109279 | Tomb:1   | Lost mutation: You are completely covered in iridescent
                  | scales. (AC +6) [Jiyva's grace]
109279 | Tomb:1   | Lost mutation: You are highly strong-willed. (Will++)
                  | [Jiyva's grace]
109279 | Tomb:1   | Lost mutation: You are covered in slimy tendrils that may
                  | disarm your opponents. [Jiyva's grace]
109279 | Tomb:1   | Gained mutation: You possess an exceptional clarity of
                  | mind. [Jiyva's grace]
109279 | Tomb:1   | Gained mutation: You are highly strong-willed. (Will++)
                  | [Jiyva's grace]
109279 | Tomb:1   | Gained mutation: You are extremely strong-willed. (Will+++)
                  | [Jiyva's grace]
109279 | Tomb:1   | Gained mutation: Your mind is very acute. (Int +8, Str/Dex
                  | -2) [Jiyva's grace]
109474 | Tomb:1   | Noticed a royal mummy
109486 | Tomb:1   | Killed a royal mummy
110103 | Zig:1    | Entered Level 1 of a ziggurat
110103 | Zig:1    | Noticed Ishriemeg the pandemonium lord
110108 | Zig:1    | Killed Ishriemeg the pandemonium lord
110127 | Zig:2    | Entered Level 2 of a ziggurat
110144 | Zig:2    | Identified a +0 robe of resistance
110151 | Zig:3    | Entered Level 3 of a ziggurat
110169 | Zig:3    | Identified the +0 ring mail "Huajic" {Dex+2}
110178 | Zig:4    | Entered Level 4 of a ziggurat
110190 | Zig:4    | Identified the +8 scimitar of Wonderful Gallantry {flame,
                  | rElec rPois Dex+3}
110212 | Zig:5    | Entered Level 5 of a ziggurat
110216 | Zig:5    | Identified a potion of experience
110217 | Zig:5    | Noticed Uvepucva the pandemonium lord
110227 | Zig:5    | Killed Uvepucva the pandemonium lord
110229 | Zig:5    | Reached skill level 15 in Evocations
110266 | Zig:6    | Entered Level 6 of a ziggurat
110301 | Zig:6    | Identified the amulet of the Leaf {-Cast rPois Will+
                  | Regen+}
110344 | Zig:7    | Entered Level 7 of a ziggurat
110373 | Zig:8    | Entered Level 8 of a ziggurat
110395 | Zig:8    | Reached skill level 23 in Fighting
110439 | Zig:8    | Identified the +4 rapier of Rowaaf {venom, rF+ Stlth+}
110452 | Zig:8    | Identified the +1 plate armour of Dramatic Exits {rElec
                  | rPois Str+4 Stlth-}
110460 | Zig:9    | Entered Level 9 of a ziggurat
110480 | Zig:9    | Reached skill level 19 in Spellcasting
110517 | Zig:9    | Identified the +1 spear of Premature Burial {protect,
                  | Int+2}
110525 | Zig:9    | Got a blackened book
110551 | Zig:9    | Learned a level 2 spell: Lesser Beckoning
110556 | Zig:9    | Learned a level 4 spell: Passage of Golubria
110562 | Zig:9    | Learned a level 5 spell: Borgnjor's Vile Clutch
110566 | Zig:10   | Entered Level 10 of a ziggurat
110581 | Zig:10   | Noticed Xuddec the pandemonium lord
110601 | Zig:10   | HP: 1/141 [Xuddec the pandemonium lord (33)]
110602 | Zig:10   | Killed from afar by a blizzard demon
110620 | Zig:10   | Killed Xuddec the pandemonium lord
110621 | Zig:10   | Reached skill level 26 in Unarmed Combat
110625 | Zig:10   | HP: 8/141 [blizzard demon/the air (21)]
110625 | Zig:10   | Killed from afar by a deep elf sorcerer
110651 | Zig:10   | Identified the ring "Igoe" {*Corrode rElec Will- AC+4
                  | Dex+9}
110986 | Pan      | Entered Pandemonium
111432 | Pan      | Found a runed translucent door.
111977 | Pan      | Noticed Narphez the pandemonium lord
111983 | Pan      | Killed Narphez the pandemonium lord
111994 | Pan      | Got a demonic rune of Zot
112015 | Pan      | Lost mutation: You are mostly covered in iridescent scales.
                  | (AC +4) [Jiyva's grace]
112015 | Pan      | Lost mutation: You possess an exceptional clarity of mind.
                  | [Jiyva's grace]
112015 | Pan      | Lost mutation: You are extremely strong-willed. (Will+++)
                  | [Jiyva's grace]
112015 | Pan      | Lost mutation: Your spells are a little harder to cast, but
                  | a little more powerful. [Jiyva's grace]
112015 | Pan      | Lost mutation: You are somewhat resistant to further
                  | mutation. [Jiyva's grace]
112015 | Pan      | Gained mutation: You have hidden genetic potential.
                  | [Jiyva's grace]
112015 | Pan      | Gained mutation: You have great hidden genetic potential.
                  | [Jiyva's grace]
112015 | Pan      | Gained mutation: Your body has grown eyes which may confuse
                  | attackers. (Acc +3) [Jiyva's grace]
112015 | Pan      | Gained mutation: Your body has grown many eyes which may
                  | confuse attackers. (Acc +5) [Jiyva's grace]
112253 | Pan      | Gained mutation: Potions are less effective at restoring
                  | your health. [a cacodemon]
112350 | Pan      | Found a runed translucent door.
112350 | Pan      | Found a runed translucent door.
112351 | Pan      | Reached skill level 16 in Evocations
112353 | Pan      | Found a runed translucent door.
112361 | Pan      | Found a runed translucent door.
112632 | Pan      | Noticed Xirph the pandemonium lord
112645 | Pan      | Killed Xirph the pandemonium lord
112657 | Pan      | Identified the staff "Urghubli" {rF+ Conj Earth}
113096 | Pan      | Noticed Ignacio
113105 | Pan      | Killed Ignacio
113224 | Pan      | Found an opulent altar of Gozag.
113226 | Pan      | Found Mikeqos's Fine Accessories.
113228 | Pan      | Found an opulent altar of Gozag.
113229 | Pan      | Found Mikeqos's Infernal Boutique.
113231 | Pan      | Found an opulent altar of Gozag.
113234 | Pan      | Found Mikeqos's Quality Elixirs.
113303 | Pan      | Noticed Birutrefu the pandemonium lord
113311 | Pan      | Killed Birutrefu the pandemonium lord
113312 | Pan      | Found Mikeqos's Rarities Cache.
113357 | Pan      | Bought a potion of cancellation for 184 gold pieces
113357 | Pan      | Bought a potion of experience for 1150 gold pieces
113357 | Pan      | Bought a potion of invisibility for 184 gold pieces
113357 | Pan      | Bought a potion of invisibility for 184 gold pieces
113357 | Pan      | Bought a potion of haste for 230 gold pieces
113357 | Pan      | Bought a potion of magic for 184 gold pieces
113370 | Pan      | Bought the ring of Kol Wywa {rN+ SInv Stlth+} for 816 gold
                  | pieces
113638 | Pan      | Bought a wand of digging (5) for 336 gold pieces
113678 | Depths:1 | You pass through the gate.
113678 | Depths:1 | Escaped Pandemonium
113846 | Elf:1    | Bought a Grand Grimoire for 476 gold pieces
113855 | Elf:1    | Learned a level 7 spell: Malign Gateway
114031 | Pan      | Entered Pandemonium
114180 | Pan      | Reached skill level 1 in Summonings
114356 | Pan      | Noticed Hocyhim the pandemonium lord
114357 | Pan      | Reached skill level 2 in Summonings
114365 | Pan      | Killed Hocyhim the pandemonium lord
114608 | Pan      | Lost mutation: You are agile. (Dex +4, Str/Int -1) [Jiyva's
                  | grace]
114608 | Pan      | Lost mutation: Your magical capacity is low. (-10% MP)
                  | [Jiyva's grace]
114608 | Pan      | Lost mutation: Your body has grown many eyes which may
                  | confuse attackers. (Acc +5) [Jiyva's grace]
114608 | Pan      | Lost mutation: Your pliable body absorbs attacks. (AC +2,
                  | EV +2) [Jiyva's grace]
114608 | Pan      | Lost mutation: Your melee attacks may engulf your foes in
                  | ooze. [Jiyva's grace]
114608 | Pan      | Gained mutation: You are extremely strong-willed. (Will+++)
                  | [Jiyva's grace]
114608 | Pan      | Gained mutation: You are resistant to electric shocks.
                  | (rElec) [Jiyva's grace]
114608 | Pan      | Gained mutation: Your translucent skin slightly reduces
                  | your foes' accuracy. (Stealth+) [Jiyva's grace]
114608 | Pan      | Gained mutation: Your translucent skin reduces your foes'
                  | accuracy. (Stealth+) [Jiyva's grace]
114654 | Pan      | Reached skill level 3 in Summonings
114654 | Pan      | Reached skill level 26 in Necromancy
114829 | Pan      | Noticed Ozousufo the pandemonium lord
114839 | Pan      | Killed Ozousufo the pandemonium lord
115384 | Pan      | Reached skill level 4 in Summonings
115416 | Pan      | Reached skill level 27 in Unarmed Combat
115620 | Pan      | Reached skill level 17 in Evocations
115728 | Pan      | Noticed Mifaf the pandemonium lord
115753 | Pan      | Killed Mifaf the pandemonium lord
115754 | Pan      | Reached skill level 5 in Summonings
115767 | Pan      | Reached skill level 20 in Spellcasting
116013 | Pan      | Identified a +0 robe of resistance
116021 | Pan      | Reached skill level 6 in Summonings
116030 | Pan      | Reached skill level 24 in Fighting
116071 | Pan      | Lost mutation: You have an unnaturally thin skeletal
                  | structure. (Dex +6, Stealth+++) [Jiyva's grace]
116071 | Pan      | Lost mutation: Your mind is very acute. (Int +8, Str/Dex
                  | -2) [Jiyva's grace]
116071 | Pan      | Lost mutation: You are extremely strong-willed. (Will+++)
                  | [Jiyva's grace]
116071 | Pan      | Lost mutation: Your translucent skin reduces your foes'
                  | accuracy. (Stealth+) [Jiyva's grace]
116071 | Pan      | Lost mutation: Your translucent skin slightly reduces your
                  | foes' accuracy. (Stealth+) [Jiyva's grace]
116071 | Pan      | Lost mutation: You have great hidden genetic potential.
                  | [Jiyva's grace]
116071 | Pan      | Lost mutation: You expend magic power (3 MP) to strengthen
                  | your wands. [Jiyva's grace]
116071 | Pan      | Gained mutation: Your translucent skin slightly reduces
                  | your foes' accuracy. (Stealth+) [Jiyva's grace]
116071 | Pan      | Gained mutation: Your translucent skin reduces your foes'
                  | accuracy. (Stealth+) [Jiyva's grace]
116071 | Pan      | Gained mutation: Your transparent skin significantly
                  | reduces your foes' accuracy. (Stealth+) [Jiyva's grace]
116071 | Pan      | Gained mutation: Your flesh is heat resistant. (rF+)
                  | [Jiyva's grace]
116136 | Pan      | Reached skill level 7 in Summonings
116322 | Pan      | Found a runed translucent door.
116327 | Pan      | Noticed Couv Woa the pandemonium lord
116329 | Pan      | Found a runed translucent door.
116332 | Pan      | Found a runed translucent door.
116332 | Pan      | Found a runed translucent door.
116341 | Pan      | Killed Couv Woa the pandemonium lord
116354 | Pan      | Gained mutation: Your system is resistant to poisons.
                  | (rPois) [hidden potential]
116604 | Pan      | Noticed Noninem the pandemonium lord
116919 | Pan      | Reached skill level 8 in Summonings
117153 | Pan      | Reached skill level 9 in Summonings
117602 | Pan      | Reached skill level 18 in Evocations
117602 | Pan      | Noticed Myulagg the pandemonium lord
117618 | Pan      | Killed Myulagg the pandemonium lord
117693 | Pan      | Reached skill level 10 in Summonings
117732 | Pan      | Lost mutation: You have a moderately thin skeletal
                  | structure. (Dex +4, Stealth++) [Jiyva's grace]
117732 | Pan      | Lost mutation: You are highly strong-willed. (Will++)
                  | [Jiyva's grace]
117732 | Pan      | Lost mutation: Your transparent skin significantly reduces
                  | your foes' accuracy. (Stealth+) [Jiyva's grace]
117732 | Pan      | Lost mutation: Potions are less effective at restoring your
                  | health. [Jiyva's grace]
117732 | Pan      | Gained mutation: You have a small jelly attached to you
                  | that senses nearby items. [Jiyva's grace]
117732 | Pan      | Gained mutation: You have great hidden genetic potential.
                  | [Jiyva's grace]
117732 | Pan      | Gained mutation: Armour fits poorly on your pseudopods.
                  | [Jiyva's grace]
117732 | Pan      | Gained mutation: Armour fits poorly on your large
                  | pseudopods. [Jiyva's grace]
118052 | Pan      | Noticed Dodumizarr the pandemonium lord
118066 | Pan      | Killed Dodumizarr the pandemonium lord
118302 | Pan      | Reached skill level 11 in Summonings
118807 | Pan      | Reached skill level 1 in Transmutations
118929 | Pan      | Reached skill level 1 in Earth Magic
119245 | Pan      | Entered the realm of Mnoleg.
119292 | Pan      | Gained mutation: Your spells are a little easier to cast,
                  | but a little less powerful. [a cacodemon]
119371 | Pan      | Noticed Mennas
119372 | Pan      | Reached skill level 2 in Transmutations
119380 | Pan      | Killed Mennas
119381 | Pan      | Reached skill level 2 in Earth Magic
119402 | Pan      | Gained mutation: You are clumsy. (Dex -2) [a neqoxec]
119418 | Pan      | Reached skill level 12 in Summonings
119492 | Pan      | Reached skill level 3 in Transmutations
119516 | Pan      | Found an exit through the horrors of the Abyss.
119527 | Pan      | Gained mutation: You are frail. (-10% HP) [a neqoxec]
119531 | Pan      | Lost mutation: Your system is resistant to poisons. (rPois)
                  | [Jiyva's grace]
119531 | Pan      | Lost mutation: Your body has grown eyes which may confuse
                  | attackers. (Acc +3) [Jiyva's grace]
119531 | Pan      | Lost mutation: Your translucent skin reduces your foes'
                  | accuracy. (Stealth+) [Jiyva's grace]
119531 | Pan      | Lost mutation: You have great hidden genetic potential.
                  | [Jiyva's grace]
119531 | Pan      | Lost mutation: You have a small jelly attached to you that
                  | senses nearby items. [Jiyva's grace]
119531 | Pan      | Gained mutation: You have a pair of small horns on your
                  | head. [Jiyva's grace]
119531 | Pan      | Gained mutation: You have a pair of horns on your head.
                  | [Jiyva's grace]
119531 | Pan      | Gained mutation: You have a pair of large horns on your
                  | head. [Jiyva's grace]
119531 | Pan      | Gained mutation: Your flesh is cold resistant. (rC+)
                  | [Jiyva's grace]
119555 | Pan      | Gained mutation: You occasionally lose the ability to read
                  | scrolls when taking damage. [a neqoxec]
119601 | Pan      | Gained mutation: Your spells are easier to cast, but less
                  | powerful. [a cacodemon]
119681 | Pan      | Reached skill level 21 in Spellcasting
119727 | Pan      | Reached skill level 3 in Earth Magic
119880 | Pan      | Noticed Mnoleg
119894 | Pan      | Killed Mnoleg
119895 | Pan      | Reached skill level 4 in Transmutations
119917 | Pan      | Gained mutation: Your mind is very acute. (Int +8, Str/Dex
                  | -2) [hidden potential]
119917 | Pan      | Lost mutation: You have hidden genetic potential. [hidden
                  | potential expressed]
119926 | Pan      | Got a glowing rune of Zot
120415 | Pan      | Reached skill level 25 in Fighting
120488 | Pan      | Reached skill level 13 in Summonings
120517 | Pan      | Reached skill level 4 in Earth Magic
120991 | Pan      | Noticed Lekeggad the pandemonium lord
121006 | Pan      | Killed Lekeggad the pandemonium lord
121326 | Pan      | Found a burning altar of Makhleb.
121338 | Pan      | Reached skill level 14 in Summonings
121483 | Pan      | Lost mutation: You have a somewhat thin skeletal structure.
                  | (Dex +2, Stealth+) [Jiyva's grace]
121483 | Pan      | Lost mutation: You are clumsy. (Dex -2) [Jiyva's grace]
121483 | Pan      | Lost mutation: Your flesh is cold resistant. (rC+) [Jiyva's
                  | grace]
121483 | Pan      | Lost mutation: Your flesh is heat resistant. (rF+) [Jiyva's
                  | grace]
121483 | Pan      | Lost mutation: You are strong-willed. (Will+) [Jiyva's
                  | grace]
121483 | Pan      | Lost mutation: Armour fits poorly on your large pseudopods.
                  | [Jiyva's grace]
121483 | Pan      | Lost mutation: Your translucent skin slightly reduces your
                  | foes' accuracy. (Stealth+) [Jiyva's grace]
121483 | Pan      | Lost mutation: Your spells are easier to cast, but less
                  | powerful. [Jiyva's grace]
121483 | Pan      | Lost mutation: Your spells are a little easier to cast, but
                  | a little less powerful. [Jiyva's grace]
121483 | Pan      | Gained mutation: Your pliable body absorbs attacks. (AC +2,
                  | EV +2) [Jiyva's grace]
121483 | Pan      | Gained mutation: Your gelatinous body deflects attacks. (AC
                  | +3, EV +3) [Jiyva's grace]
121483 | Pan      | Gained mutation: Your body has grown eyes which may confuse
                  | attackers. (Acc +3) [Jiyva's grace]
121483 | Pan      | Gained mutation: Your body has grown many eyes which may
                  | confuse attackers. (Acc +5) [Jiyva's grace]
121492 | Pan      | Noticed Xycurunaesh the pandemonium lord
121509 | Pan      | HP: 9/130 [blizzard demon/the air (17)]
121511 | Pan      | Killed Xycurunaesh the pandemonium lord
122248 | Pan      | Gained mutation: You occasionally lose the ability to drink
                  | potions when taking damage. [a cacodemon]
122278 | Pan      | Reached skill level 15 in Summonings
122326 | Pan      | Noticed Edit the pandemonium lord
122334 | Pan      | Killed Edit the pandemonium lord
122927 | Pan      | Noticed Vyloo the pandemonium lord
122937 | Pan      | Killed Vyloo the pandemonium lord
123137 | Pan      | Lost mutation: You have a pair of large horns on your head.
                  | [Jiyva's grace]
123137 | Pan      | Lost mutation: You are frail. (-10% HP) [Jiyva's grace]
123137 | Pan      | Lost mutation: Your gelatinous body deflects attacks. (AC
                  | +3, EV +3) [Jiyva's grace]
123137 | Pan      | Lost mutation: You occasionally lose the ability to drink
                  | potions when taking damage. [Jiyva's grace]
123137 | Pan      | Lost mutation: You occasionally lose the ability to read
                  | scrolls when taking damage. [Jiyva's grace]
123137 | Pan      | Gained mutation: You have a small jelly attached to you
                  | that senses nearby items. [Jiyva's grace]
123137 | Pan      | Gained mutation: Your flesh is cold resistant. (rC+)
                  | [Jiyva's grace]
123137 | Pan      | Gained mutation: Your flesh is very cold resistant. (rC++)
                  | [Jiyva's grace]
123137 | Pan      | Gained mutation: Your flesh is almost immune to the effects
                  | of cold. (rC+++) [Jiyva's grace]
123147 | Pan      | Learned a level 8 spell: Summon Horrible Things
123718 | Pan      | Reached skill level 16 in Summonings
123845 | Pan      | Gained mutation: You are frail. (-10% HP) [a cacodemon]
123980 | Pan      | Reached skill level 22 in Spellcasting
124050 | Pan      | Noticed Pizog the pandemonium lord
124064 | Pan      | Killed Pizog the pandemonium lord
124096 | Pan      | Identified the staff "Moeffum" {Fragile rF+ Dex+8 Earth}
124122 | Pan      | Lost mutation: Your mind is very acute. (Int +8, Str/Dex
                  | -2) [Jiyva's grace]
124122 | Pan      | Lost mutation: Your mind is acute. (Int +4, Str/Dex -1)
                  | [Jiyva's grace]
124122 | Pan      | Lost mutation: Your flesh is almost immune to the effects
                  | of cold. (rC+++) [Jiyva's grace]
124122 | Pan      | Lost mutation: Your pliable body absorbs attacks. (AC +2,
                  | EV +2) [Jiyva's grace]
124122 | Pan      | Gained mutation: Your natural rate of healing is unusually
                  | fast. [Jiyva's grace]
124122 | Pan      | Gained mutation: You heal very quickly. [Jiyva's grace]
124122 | Pan      | Gained mutation: You regenerate. [Jiyva's grace]
124122 | Pan      | Gained mutation: You have a somewhat thin skeletal
                  | structure. (Dex +2, Stealth+) [Jiyva's grace]
124325 | Pan      | Entered the realm of Cerebov.
124379 | Pan      | Reached skill level 17 in Summonings
124397 | Pan      | Identified the +0 hand axe of Riti {flame, Contam rF+
                  | Str+4}
124420 | Pan      | Reached skill level 26 in Fighting
124436 | Pan      | Found the +6 sword of Cerebov {flame}
124436 | Pan      | Noticed Cerebov
124457 | Pan      | Killed Cerebov
124547 | Pan      | Got a fiery rune of Zot
124732 | Pan      | Identified the amulet of Lihob {RegenMP Fly Str+3 Int-4
                  | Dex+4}
124735 | Pan      | Found an exit through the horrors of the Abyss.
125066 | Pan      | Entered the realm of Lom Lobon.
125462 | Pan      | Lost mutation: You are resistant to electric shocks.
                  | (rElec) [Jiyva's grace]
125462 | Pan      | Lost mutation: Your rubbery body absorbs attacks. (AC +1,
                  | EV +1) [Jiyva's grace]
125462 | Pan      | Lost mutation: Armour fits poorly on your pseudopods.
                  | [Jiyva's grace]
125462 | Pan      | Gained mutation: Your mind is acute. (Int +4, Str/Dex -1)
                  | [Jiyva's grace]
125462 | Pan      | Gained mutation: Your mind is very acute. (Int +8, Str/Dex
                  | -2) [Jiyva's grace]
125462 | Pan      | Gained mutation: Your melee attacks may engulf your foes in
                  | ooze. [Jiyva's grace]
125462 | Pan      | Gained mutation: You are agile. (Dex +4, Str/Int -1)
                  | [Jiyva's grace]
125581 | Pan      | Noticed Lom Lobon
125584 | Pan      | Reached skill level 18 in Summonings
125606 | Pan      | Killed Lom Lobon
125789 | Pan      | Got a magical rune of Zot
126058 | Pan      | Found an exit through the horrors of the Abyss.
126143 | Pan      | Noticed Duzageb the pandemonium lord
126169 | Pan      | Killed Duzageb the pandemonium lord
126627 | Pan      | Entered the realm of Gloorx Vloq.
126690 | Pan      | Lost mutation: You have a somewhat thin skeletal structure.
                  | (Dex +2, Stealth+) [Jiyva's grace]
126690 | Pan      | Lost mutation: Your mind is very acute. (Int +8, Str/Dex
                  | -2) [Jiyva's grace]
126690 | Pan      | Lost mutation: Your flesh is very cold resistant. (rC++)
                  | [Jiyva's grace]
126690 | Pan      | Gained mutation: You are mostly covered in iridescent
                  | scales. (AC +4) [Jiyva's grace]
126690 | Pan      | Gained mutation: You are completely covered in iridescent
                  | scales. (AC +6) [Jiyva's grace]
126690 | Pan      | Gained mutation: You possess an exceptional clarity of
                  | mind. [Jiyva's grace]
126690 | Pan      | Gained mutation: You expend magic power (3 MP) to
                  | strengthen your wands. [Jiyva's grace]
126959 | Pan      | Reached skill level 19 in Summonings
127177 | Pan      | Noticed a curse skull
127187 | Pan      | Killed a curse skull
127188 | Pan      | Noticed a curse skull
127190 | Pan      | Killed a curse skull
127240 | Pan      | Noticed Gloorx Vloq
127266 | Pan      | Killed Gloorx Vloq
127306 | Pan      | Got a dark rune of Zot
127475 | Pan      | Reached skill level 23 in Spellcasting
127725 | Pan      | Found an exit through the horrors of the Abyss.
127990 | Pan      | Gained mutation: You are weak. (Str -2) [a cacodemon]
127993 | Pan      | Noticed Vuceustu the pandemonium lord
128002 | Pan      | Reached skill level 20 in Summonings
128002 | Pan      | Killed Vuceustu the pandemonium lord
128168 | Pan      | Lost mutation: You have a pair of horns on your head.
                  | [Jiyva's grace]
128168 | Pan      | Lost mutation: You are completely covered in iridescent
                  | scales. (AC +6) [Jiyva's grace]
128168 | Pan      | Lost mutation: You are mostly covered in iridescent scales.
                  | (AC +4) [Jiyva's grace]
128168 | Pan      | Lost mutation: Your flesh is cold resistant. (rC+) [Jiyva's
                  | grace]
128168 | Pan      | Lost mutation: You are weak. (Str -2) [Jiyva's grace]
128168 | Pan      | Lost mutation: Your body has grown many eyes which may
                  | confuse attackers. (Acc +5) [Jiyva's grace]
128168 | Pan      | Gained mutation: Armour fits poorly on your pseudopods.
                  | [Jiyva's grace]
128168 | Pan      | Gained mutation: Armour fits poorly on your large
                  | pseudopods. [Jiyva's grace]
128168 | Pan      | Gained mutation: Armour fits poorly on your massive
                  | pseudopods. [Jiyva's grace]
128168 | Pan      | Gained mutation: Your body has grown many eyes which may
                  | confuse attackers. (Acc +5) [Jiyva's grace]
128431 | Pan      | Found an exit through the horrors of the Abyss.
128455 | Pan      | Identified the ring of the Present {Will+ rCorr Str+4
                  | Slay+2}
128470 | Pan      | Reached skill level 27 in Fighting
128505 | Pan      | Noticed Muirph the pandemonium lord
128511 | Pan      | Killed Muirph the pandemonium lord
128793 | Pan      | Noticed Safiabav the pandemonium lord
128825 | Pan      | Killed Safiabav the pandemonium lord
128981 | Pan      | Found an exit through the horrors of the Abyss.
128983 | Pan      | Reached skill level 21 in Summonings
129360 | Pan      | Lost mutation: You possess an exceptional clarity of mind.
                  | [Jiyva's grace]
129360 | Pan      | Lost mutation: Your mind is acute. (Int +4, Str/Dex -1)
                  | [Jiyva's grace]
129360 | Pan      | Lost mutation: You are frail. (-10% HP) [Jiyva's grace]
129360 | Pan      | Lost mutation: Your body has grown many eyes which may
                  | confuse attackers. (Acc +5) [Jiyva's grace]
129360 | Pan      | Lost mutation: Armour fits poorly on your massive
                  | pseudopods. [Jiyva's grace]
129360 | Pan      | Gained mutation: Your muscles are strong. (Str +4, Int/Dex
                  | -1) [Jiyva's grace]
129360 | Pan      | Gained mutation: Your muscles are very strong. (Str +8,
                  | Int/Dex -2) [Jiyva's grace]
129360 | Pan      | Gained mutation: Your flesh is heat resistant. (rF+)
                  | [Jiyva's grace]
129360 | Pan      | Gained mutation: Your flesh is very heat resistant. (rF++)
                  | [Jiyva's grace]
129583 | Pan      | Noticed Olad the pandemonium lord
129590 | Pan      | Killed Olad the pandemonium lord
129599 | Pan      | Found an exit through the horrors of the Abyss.
130057 | Pan      | Upgraded the game from 0.31-a0-795-g5eb97db20b to
                  | 0.31-a0-799-g6bc09d010c
130218 | Pan      | Noticed Irini the pandemonium lord
130229 | Pan      | Killed Irini the pandemonium lord
130332 | Pan      | Lost mutation: You have a pair of small horns on your head.
                  | [Jiyva's grace]
130332 | Pan      | Lost mutation: You regenerate. [Jiyva's grace]
130332 | Pan      | Lost mutation: You heal very quickly. [Jiyva's grace]
130332 | Pan      | Gained mutation: You are covered in slimy tendrils that may
                  | disarm your opponents. [Jiyva's grace]
130332 | Pan      | Gained mutation: Your flesh is cold resistant. (rC+)
                  | [Jiyva's grace]
130332 | Pan      | Gained mutation: Your flesh is very cold resistant. (rC++)
                  | [Jiyva's grace]
130332 | Pan      | Gained mutation: Your flesh is almost immune to the effects
                  | of cold. (rC+++) [Jiyva's grace]
130346 | Pan      | Found an exit through the horrors of the Abyss.
130802 | Pan      | Reached skill level 23 in Dodging
130986 | Pan      | Found an exit through the horrors of the Abyss.
131431 | Pan      | Noticed Uhuv the pandemonium lord
131441 | Pan      | Killed Uhuv the pandemonium lord
131662 | Pan      | Found an exit through the horrors of the Abyss.
131993 | Pan      | Lost mutation: You are agile. (Dex +4, Str/Int -1) [Jiyva's
                  | grace]
131993 | Pan      | Lost mutation: Your flesh is almost immune to the effects
                  | of cold. (rC+++) [Jiyva's grace]
131993 | Pan      | Lost mutation: Armour fits poorly on your large pseudopods.
                  | [Jiyva's grace]
131993 | Pan      | Lost mutation: You expend magic power (3 MP) to strengthen
                  | your wands. [Jiyva's grace]
131993 | Pan      | Gained mutation: You have a small jelly attached to you
                  | that may absorb projectiles. [Jiyva's grace]
131993 | Pan      | Gained mutation: You are robust. (+10% HP) [Jiyva's grace]
131993 | Pan      | Gained mutation: You are very robust. (+20% HP) [Jiyva's
                  | grace]
131993 | Pan      | Gained mutation: You are extremely robust. (+30% HP)
                  | [Jiyva's grace]
132070 | Pan      | Found a runed translucent door.
132078 | Pan      | Found a runed translucent door.
132078 | Pan      | Found a runed translucent door.
132095 | Pan      | Reached skill level 24 in Shapeshifting
132102 | Pan      | Reached skill level 24 in Spellcasting
132107 | Pan      | Noticed Heiqomokh the pandemonium lord
132120 | Pan      | Killed Heiqomokh the pandemonium lord
132366 | Pan      | Found a runed translucent door.
132568 | Depths:1 | You pass through the gate.
132568 | Depths:1 | Escaped Pandemonium
132873 | Tomb:1   | Noticed a royal mummy
132873 | Tomb:1   | Noticed a royal mummy
132873 | Tomb:1   | Noticed a royal mummy
132873 | Tomb:1   | Noticed a royal mummy
132874 | Tomb:1   | Noticed a royal mummy
132878 | Tomb:1   | Killed a royal mummy
132879 | Tomb:1   | Reached skill level 24 in Dodging
132879 | Tomb:1   | Killed a royal mummy
132881 | Tomb:1   | Killed a royal mummy
132885 | Tomb:1   | Killed a royal mummy
132889 | Tomb:1   | Killed a royal mummy
132895 | Tomb:1   | Noticed a royal mummy
132900 | Tomb:1   | Killed a royal mummy
132908 | Tomb:1   | Noticed a royal mummy
132910 | Tomb:1   | Killed a royal mummy
133004 | Tomb:1   | Noticed a royal mummy
133008 | Tomb:1   | Killed a royal mummy
133009 | Tomb:1   | Reached skill level 22 in Summonings
133118 | Tomb:1   | Noticed a royal mummy
133128 | Tomb:1   | Killed a royal mummy
133172 | Tomb:1   | Noticed a royal mummy
133174 | Tomb:1   | Noticed a royal mummy
133174 | Tomb:1   | Noticed a royal mummy
133181 | Tomb:1   | Killed a royal mummy
133186 | Tomb:1   | Killed a royal mummy
133189 | Tomb:1   | Killed a royal mummy
133231 | Tomb:1   | Noticed a royal mummy
133238 | Tomb:1   | Killed a royal mummy
133301 | Tomb:1   | Noticed a royal mummy
133308 | Tomb:1   | Killed a royal mummy
133635 | Depths:1 | Learned a level 8 spell: Ignition
133637 | Pan      | Entered Pandemonium
133653 | Pan      | Reached skill level 1 in Fire Magic
133667 | Pan      | Reached skill level 2 in Fire Magic
133821 | Pan      | Found a transporter.
133868 | Pan      | Found a transporter.
133881 | Pan      | Gained mutation: Potions are less effective at restoring
                  | your health. [a cacodemon]
133883 | Pan      | Reached skill level 3 in Fire Magic
133905 | Pan      | Got a black book
133908 | Pan      | Identified the amulet of the Oligarchy {Regen+ Int+3
                  | Stlth+}
133916 | Pan      | Got an odd book
133918 | Pan      | Identified the ring "Lola Hiu" {rPois rF+ rN+ Dex-5}
134017 | Pan      | Reached skill level 4 in Fire Magic
134170 | Pan      | Lost mutation: You are partially covered in iridescent
                  | scales. (AC +2) [Jiyva's grace]
134170 | Pan      | Lost mutation: Your flesh is very cold resistant. (rC++)
                  | [Jiyva's grace]
134170 | Pan      | Lost mutation: Your flesh is very heat resistant. (rF++)
                  | [Jiyva's grace]
134170 | Pan      | Lost mutation: Your natural rate of healing is unusually
                  | fast. [Jiyva's grace]
134170 | Pan      | Lost mutation: You are extremely robust. (+30% HP) [Jiyva's
                  | grace]
134170 | Pan      | Lost mutation: Your body has grown eyes which may confuse
                  | attackers. (Acc +3) [Jiyva's grace]
134170 | Pan      | Lost mutation: Armour fits poorly on your pseudopods.
                  | [Jiyva's grace]
134170 | Pan      | Gained mutation: You possess an exceptional clarity of
                  | mind. [Jiyva's grace]
134170 | Pan      | Gained mutation: Your flesh is very cold resistant. (rC++)
                  | [Jiyva's grace]
134170 | Pan      | Gained mutation: Your flesh is almost immune to the effects
                  | of cold. (rC+++) [Jiyva's grace]
134170 | Pan      | Gained mutation: You are extremely robust. (+30% HP)
                  | [Jiyva's grace]
134293 | Pan      | Found an exit through the horrors of the Abyss.
134349 | Pan      | Reached skill level 5 in Fire Magic
134610 | Pan      | Noticed Xaffai the pandemonium lord
134616 | Pan      | Killed Xaffai the pandemonium lord
134624 | Pan      | Reached skill level 6 in Fire Magic
134640 | Pan      | Reached skill level 7 in Fire Magic
134642 | Pan      | Lost mutation: Your muscles are very strong. (Str +8,
                  | Int/Dex -2) [a cacodemon]
134773 | Pan      | Identified the amulet of Fobio {Spirit rN+}
134848 | Pan      | Reached skill level 8 in Fire Magic
135250 | Pan      | Found an exit through the horrors of the Abyss.
135305 | Pan      | Reached skill level 9 in Fire Magic
135456 | Pan      | Noticed Haunwir the pandemonium lord
135470 | Pan      | Killed Haunwir the pandemonium lord
135488 | Pan      | Reached skill level 10 in Fire Magic
135905 | Pan      | Noticed Imor the pandemonium lord
135922 | Pan      | Killed Imor the pandemonium lord
135930 | Pan      | Reached skill level 11 in Fire Magic
136442 | Pan      | Reached skill level 12 in Fire Magic
136464 | Pan      | Lost mutation: You are extremely robust. (+30% HP) [Jiyva's
                  | grace]
136464 | Pan      | Lost mutation: You are very robust. (+20% HP) [Jiyva's
                  | grace]
136464 | Pan      | Lost mutation: You are covered in slimy tendrils that may
                  | disarm your opponents. [Jiyva's grace]
136464 | Pan      | Lost mutation: You have a small jelly attached to you that
                  | senses nearby items. [Jiyva's grace]
136464 | Pan      | Lost mutation: You have a small jelly attached to you that
                  | may absorb projectiles. [Jiyva's grace]
136464 | Pan      | Lost mutation: Your melee attacks may engulf your foes in
                  | ooze. [Jiyva's grace]
136464 | Pan      | Gained mutation: Your melee attacks may engulf your foes in
                  | ooze. [Jiyva's grace]
136464 | Pan      | Gained mutation: You are strong-willed. (Will+) [Jiyva's
                  | grace]
136464 | Pan      | Gained mutation: You are highly strong-willed. (Will++)
                  | [Jiyva's grace]
136464 | Pan      | Gained mutation: You are extremely strong-willed. (Will+++)
                  | [Jiyva's grace]
136574 | Pan      | Noticed Wilin Ribapp the pandemonium lord
136585 | Pan      | Killed Wilin Ribapp the pandemonium lord
136692 | Pan      | Reached skill level 13 in Fire Magic
136821 | Pan      | Found an exit through the horrors of the Abyss.
137276 | Pan      | Found an exit through the horrors of the Abyss.
137307 | Pan      | Gained mutation: You are dopey. (Int -2) [a cacodemon]
137318 | Pan      | Found a huge runed translucent gate.
137431 | Pan      | Found a huge runed translucent gate.
137495 | Pan      | Found a huge runed translucent gate.
137496 | Pan      | Found a huge runed translucent gate.
137496 | Pan      | Found a huge runed translucent gate.
137496 | Pan      | Found a huge runed translucent gate.
137497 | Pan      | Found a huge runed translucent gate.
137519 | Pan      | Reached skill level 14 in Fire Magic
137525 | Pan      | Noticed Paroogefas the pandemonium lord
137568 | Pan      | Killed Paroogefas the pandemonium lord
137686 | Pan      | Found an exit through the horrors of the Abyss.
137742 | Pan      | Reached skill level 15 in Fire Magic
138291 | Depths:1 | You pass through the gate.
138291 | Depths:1 | Escaped Pandemonium
138298 | Pan      | Entered Pandemonium
138351 | Pan      | Lost mutation: Your flesh is heat resistant. (rF+) [Jiyva's
                  | grace]
138351 | Pan      | Gained mutation: You have a pair of small antennae on your
                  | head. [Jiyva's grace]
138351 | Pan      | Gained mutation: You have a pair of antennae on your head.
                  | [Jiyva's grace]
138351 | Pan      | Gained mutation: You have a pair of large antennae on your
                  | head. (SInv) [Jiyva's grace]
138351 | Pan      | Gained mutation: You have a small jelly attached to you
                  | that senses nearby items. [Jiyva's grace]
138449 | Pan      | Identified a +2 robe of resistance
138506 | Pan      | Reached skill level 16 in Fire Magic
138935 | Pan      | Noticed Lewur the pandemonium lord
138946 | Pan      | Killed Lewur the pandemonium lord
139378 | Pan      | Noticed Ceganidgh the pandemonium lord
139396 | Pan      | Reached skill level 17 in Fire Magic
139399 | Pan      | Killed Ceganidgh the pandemonium lord
140042 | Pan      | Reached skill level 18 in Fire Magic
140208 | Pan      | Noticed Vineqam the pandemonium lord
140222 | Pan      | Killed Vineqam the pandemonium lord
140414 | Pan      | Identified the +1 hand axe "Paqadgh" {pain, rPois Str-4
                  | Int+3}
140464 | Pan      | Reached skill level 19 in Fire Magic
140475 | Pan      | Lost mutation: You possess an exceptional clarity of mind.
                  | [Jiyva's grace]
140475 | Pan      | Lost mutation: You are dopey. (Int -2) [Jiyva's grace]
140475 | Pan      | Lost mutation: You are extremely strong-willed. (Will+++)
                  | [Jiyva's grace]
140475 | Pan      | Lost mutation: Your muscles are strong. (Str +4, Int/Dex
                  | -1) [Jiyva's grace]
140475 | Pan      | Lost mutation: Your melee attacks may engulf your foes in
                  | ooze. [Jiyva's grace]
140475 | Pan      | Gained mutation: Your melee attacks may engulf your foes in
                  | ooze. [Jiyva's grace]
140475 | Pan      | Gained mutation: Your body has grown eyes which may confuse
                  | attackers. (Acc +3) [Jiyva's grace]
140475 | Pan      | Gained mutation: Your body has grown many eyes which may
                  | confuse attackers. (Acc +5) [Jiyva's grace]
140475 | Pan      | Gained mutation: Your body is covered in eyes which may
                  | confuse attackers. (Acc +7, SInv) [Jiyva's grace]
141697 | Depths:1 | You pass through the gate.
141697 | Depths:1 | Escaped Pandemonium
142062 | Tomb:2   | Noticed a royal mummy
142066 | Tomb:2   | Killed a royal mummy
142074 | Tomb:2   | Noticed a royal mummy
142080 | Tomb:2   | Killed a royal mummy
142082 | Tomb:2   | Noticed a royal mummy
142085 | Tomb:2   | Killed a royal mummy
142108 | Tomb:2   | Noticed a royal mummy
142116 | Tomb:2   | Killed a royal mummy
142279 | Tomb:2   | Lost mutation: You have a pair of large antennae on your
                  | head. (SInv) [Jiyva's grace]
142279 | Tomb:2   | Lost mutation: You have a pair of antennae on your head.
                  | [Jiyva's grace]
142279 | Tomb:2   | Lost mutation: Your flesh is almost immune to the effects
                  | of cold. (rC+++) [Jiyva's grace]
142279 | Tomb:2   | Lost mutation: Your body is covered in eyes which may
                  | confuse attackers. (Acc +7, SInv) [Jiyva's grace]
142279 | Tomb:2   | Lost mutation: Your body has grown many eyes which may
                  | confuse attackers. (Acc +5) [Jiyva's grace]
142279 | Tomb:2   | Lost mutation: Your melee attacks may engulf your foes in
                  | ooze. [Jiyva's grace]
142279 | Tomb:2   | Gained mutation: Your translucent skin slightly reduces
                  | your foes' accuracy. (Stealth+) [Jiyva's grace]
142279 | Tomb:2   | Gained mutation: Your translucent skin reduces your foes'
                  | accuracy. (Stealth+) [Jiyva's grace]
142279 | Tomb:2   | Gained mutation: Your transparent skin significantly
                  | reduces your foes' accuracy. (Stealth+) [Jiyva's grace]
142279 | Tomb:2   | Gained mutation: Your spells are a little harder to cast,
                  | but a little more powerful. [Jiyva's grace]
142287 | Tomb:2   | Reached skill level 25 in Dodging
142514 | Tomb:3   | Entered Level 3 of the Tomb of the Ancients
142521 | Tomb:3   | Reached skill level 20 in Fire Magic
142525 | Tomb:3   | Noticed a royal mummy
142527 | Tomb:3   | Noticed a royal mummy
142532 | Tomb:3   | Killed a royal mummy
142533 | Tomb:3   | Killed a royal mummy
142533 | Tomb:3   | Noticed a royal mummy
142539 | Tomb:3   | Killed a royal mummy
142539 | Tomb:3   | Noticed a royal mummy
142716 | Tomb:3   | Killed a royal mummy
142771 | Tomb:3   | Noticed a royal mummy
142858 | Tomb:3   | Killed a royal mummy
142859 | Tomb:3   | Noticed a royal mummy
142883 | Tomb:3   | Killed a royal mummy
142883 | Tomb:3   | Noticed Khufu
142891 | Tomb:3   | Killed Khufu
143016 | Tomb:3   | Identified the ring "Echuanax" {rC+ AC+4 Str+8 Int-5}
143022 | Tomb:3   | Identified the ring of Grace {rPois Str+5}
143128 | Tomb:3   | Noticed a royal mummy
143131 | Tomb:3   | Killed a royal mummy
143198 | Tomb:3   | Noticed a royal mummy
143206 | Tomb:3   | Killed a royal mummy
143314 | Tomb:3   | Got a golden rune of Zot
143841 | Tar:1    | Entered Level 1 of Tartarus
144295 | Tar:3    | Reached skill level 26 in Dodging
144706 | Tar:4    | Reached skill level 25 in Shapeshifting
144731 | Tar:4    | Reached skill level 25 in Spellcasting
144792 | Tar:4    | Lost mutation: You have a pair of small antennae on your
                  | head. [Jiyva's grace]
144792 | Tar:4    | Lost mutation: You are highly strong-willed. (Will++)
                  | [Jiyva's grace]
144792 | Tar:4    | Lost mutation: You are strong-willed. (Will+) [Jiyva's
                  | grace]
144792 | Tar:4    | Lost mutation: Your body has grown eyes which may confuse
                  | attackers. (Acc +3) [Jiyva's grace]
144792 | Tar:4    | Lost mutation: Your transparent skin significantly reduces
                  | your foes' accuracy. (Stealth+) [Jiyva's grace]
144792 | Tar:4    | Lost mutation: You have a small jelly attached to you that
                  | senses nearby items. [Jiyva's grace]
144792 | Tar:4    | Lost mutation: Potions are less effective at restoring your
                  | health. [Jiyva's grace]
144792 | Tar:4    | Gained mutation: You have acidic saliva. [Jiyva's grace]
144792 | Tar:4    | Gained mutation: You have a pair of small horns on your
                  | head. [Jiyva's grace]
144792 | Tar:4    | Gained mutation: You have a pair of horns on your head.
                  | [Jiyva's grace]
144792 | Tar:4    | Gained mutation: You have a pair of large horns on your
                  | head. [Jiyva's grace]
145285 | Tar:6    | Noticed a dread lich
145291 | Tar:6    | Killed a dread lich
145382 | Tar:6    | Reached skill level 19 in Stealth
145462 | Tar:6    | Reached skill level 27 in Dodging
145546 | Tar:6    | Reached skill level 23 in Summonings
145649 | Tar:7    | Entered Level 7 of Tartarus
146561 | Tar:7    | Identified the +7 short sword of Defiance {flame, rElec rN+
                  | Int-5}
146597 | Tar:7    | Identified the +7 shortbow "Doyxab" {flame, *Corrode rElec
                  | Will+}
146605 | Tar:7    | Identified the amulet of Kaosaide {Reflect rF+ rC- Will+
                  | Dex+2 SH+5}
146862 | Tar:7    | Noticed Ereshkigal
146880 | Tar:7    | Killed Ereshkigal
146894 | Tar:7    | Got a bone rune of Zot
146987 | Tar:7    | Noticed the Serpent of Hell
146994 | Tar:7    | Killed the Serpent of Hell
147012 | Tar:7    | Noticed a dread lich
147012 | Tar:7    | Noticed an ancient lich
147012 | Tar:7    | Noticed a dread lich
147022 | Tar:7    | Killed an ancient lich
147026 | Tar:7    | Killed a dread lich
147027 | Tar:7    | Reached skill level 20 in Stealth
147028 | Tar:7    | Killed a dread lich
147029 | Tar:7    | Reached skill level 21 in Fire Magic
147033 | Tar:7    | Reached skill level 26 in Spellcasting
147174 | Tar:7    | Identified the ring "Zenaast" {Contam rF+++ MP+9 Stlth+}
147567 | Dis:1    | Entered Level 1 of the Iron City of Dis
147804 | Dis:2    | Noticed a caustic shrike
147804 | Dis:2    | Noticed a caustic shrike
147804 | Dis:2    | Noticed a caustic shrike
147811 | Dis:2    | Killed a caustic shrike
147812 | Dis:2    | Reached skill level 21 in Stealth
147812 | Dis:2    | Killed a caustic shrike
147816 | Dis:2    | Killed a caustic shrike
147904 | Dis:2    | Noticed an ancient lich
147904 | Dis:2    | Noticed an ancient lich
147916 | Dis:2    | Noticed an ancient lich
148023 | Dis:2    | Noticed an ancient lich
148024 | Dis:2    | Noticed an ancient lich
148024 | Dis:2    | Noticed a dread lich
148024 | Dis:2    | Noticed an ancient lich
148030 | Dis:2    | Killed an ancient lich
148031 | Dis:2    | Reached skill level 26 in Shapeshifting
148033 | Dis:2    | Killed a dread lich
148035 | Dis:2    | Killed an ancient lich
148038 | Dis:2    | Killed an ancient lich
148040 | Dis:2    | Noticed an ancient lich
148043 | Dis:2    | Killed an ancient lich
148048 | Dis:2    | Killed an ancient lich
148051 | Dis:2    | Killed an ancient lich
148052 | Dis:2    | Reached skill level 24 in Summonings
148058 | Dis:2    | Killed an ancient lich
148127 | Dis:3    | Noticed a caustic shrike
148131 | Dis:3    | Noticed a caustic shrike
148133 | Dis:3    | Killed a caustic shrike
148134 | Dis:3    | Noticed a caustic shrike
148152 | Dis:3    | Noticed a caustic shrike
148152 | Dis:3    | Noticed a caustic shrike
148152 | Dis:3    | Noticed a caustic shrike
148153 | Dis:3    | Killed a caustic shrike
148154 | Dis:3    | Noticed a caustic shrike
148159 | Dis:3    | Killed a caustic shrike
148160 | Dis:3    | Reached skill level 22 in Stealth
148160 | Dis:3    | Killed a caustic shrike
148168 | Dis:3    | Noticed a caustic shrike
148173 | Dis:3    | Killed a caustic shrike
148341 | Dis:4    | Noticed a caustic shrike
148376 | Dis:4    | Lost mutation: You have a pair of large horns on your head.
                  | [Jiyva's grace]
148376 | Dis:4    | Lost mutation: You have a pair of horns on your head.
                  | [Jiyva's grace]
148376 | Dis:4    | Lost mutation: Your flesh is very cold resistant. (rC++)
                  | [Jiyva's grace]
148376 | Dis:4    | Gained mutation: You passively map a small area around you.
                  | [Jiyva's grace]
148376 | Dis:4    | Gained mutation: You passively map the area around you.
                  | [Jiyva's grace]
148376 | Dis:4    | Gained mutation: You passively map a large area around you.
                  | [Jiyva's grace]
148376 | Dis:4    | Gained mutation: You have hidden genetic potential.
                  | [Jiyva's grace]
148383 | Dis:4    | Noticed a caustic shrike
148384 | Dis:4    | Noticed a caustic shrike
148385 | Dis:4    | Noticed a caustic shrike
148388 | Dis:4    | Killed a caustic shrike
148397 | Dis:4    | Killed a caustic shrike
148397 | Dis:4    | Killed a caustic shrike
148401 | Dis:4    | Killed a caustic shrike
148628 | Dis:5    | Noticed a caustic shrike
148628 | Dis:5    | Noticed a caustic shrike
148628 | Dis:5    | Noticed a caustic shrike
148628 | Dis:5    | Noticed a caustic shrike
148629 | Dis:5    | Noticed a caustic shrike
148631 | Dis:5    | Killed a caustic shrike
148632 | Dis:5    | Reached skill level 27 in Spellcasting
148632 | Dis:5    | Killed a caustic shrike
148635 | Dis:5    | Killed a caustic shrike
148637 | Dis:5    | Killed a caustic shrike
148637 | Dis:5    | Killed a caustic shrike
148674 | Dis:6    | Noticed a caustic shrike
148674 | Dis:6    | Noticed a caustic shrike
148674 | Dis:6    | Noticed a caustic shrike
148674 | Dis:6    | Noticed a caustic shrike
148677 | Dis:6    | Killed a caustic shrike
148678 | Dis:6    | Reached skill level 23 in Stealth
148679 | Dis:6    | Killed a caustic shrike
148680 | Dis:6    | Killed a caustic shrike
148682 | Dis:6    | Killed a caustic shrike
148804 | Dis:6    | Noticed a caustic shrike
148804 | Dis:6    | Noticed a caustic shrike
148805 | Dis:6    | Noticed a caustic shrike
148806 | Dis:6    | Killed a caustic shrike
148809 | Dis:6    | Killed a caustic shrike
148811 | Dis:6    | Killed a caustic shrike
148899 | Dis:7    | Entered Level 7 of the Iron City of Dis
148899 | Dis:7    | Noticed a caustic shrike
148899 | Dis:7    | Noticed a caustic shrike
148899 | Dis:7    | Noticed a caustic shrike
148899 | Dis:7    | Noticed a caustic shrike
148902 | Dis:7    | Noticed a caustic shrike
148906 | Dis:7    | Killed a caustic shrike
148909 | Dis:7    | Killed a caustic shrike
148910 | Dis:7    | Reached skill level 27 in Shapeshifting
148910 | Dis:7    | Noticed a caustic shrike
148911 | Dis:7    | Killed a caustic shrike
148913 | Dis:7    | Killed a caustic shrike
148913 | Dis:7    | Killed a caustic shrike
148914 | Dis:7    | Reached skill level 24 in Stealth
148917 | Dis:7    | Killed a caustic shrike
148918 | Dis:7    | Noticed a caustic shrike
148919 | Dis:7    | Noticed a caustic shrike
148920 | Dis:7    | Noticed a caustic shrike
148922 | Dis:7    | Killed a caustic shrike
148924 | Dis:7    | Killed a caustic shrike
148925 | Dis:7    | Killed a caustic shrike
148925 | Dis:7    | Noticed a caustic shrike
148927 | Dis:7    | Killed a caustic shrike
148978 | Dis:7    | Reached skill level 25 in Stealth
149159 | Dis:7    | Noticed a caustic shrike
149164 | Dis:7    | Killed a caustic shrike
149274 | Dis:7    | Reached skill level 26 in Stealth
149444 | Dis:7    | Noticed a caustic shrike
149449 | Dis:7    | Noticed a caustic shrike
149450 | Dis:7    | Killed a caustic shrike
149455 | Dis:7    | Noticed a caustic shrike
149456 | Dis:7    | Killed a caustic shrike
149457 | Dis:7    | Killed a caustic shrike
149471 | Dis:7    | Identified the ring "Dawkuxis" {rPois rCorr MP+9 Dex+2}
149489 | Dis:7    | Noticed a caustic shrike
149495 | Dis:7    | Killed a caustic shrike
149496 | Dis:7    | Reached skill level 27 in Stealth
149691 | Dis:7    | Noticed a juggernaut
149700 | Dis:7    | Killed a juggernaut
149803 | Dis:7    | Noticed a caustic shrike
149808 | Dis:7    | Noticed a caustic shrike
149808 | Dis:7    | Noticed a caustic shrike
149810 | Dis:7    | Killed a caustic shrike
149811 | Dis:7    | Reached skill level 16 in Translocations
149812 | Dis:7    | Noticed a caustic shrike
149813 | Dis:7    | Killed a caustic shrike
149815 | Dis:7    | Killed a caustic shrike
149822 | Dis:7    | Killed a caustic shrike
149836 | Dis:7    | Gained mutation: You are partially covered in iridescent
                  | scales. (AC +2) [hidden potential]
149862 | Dis:7    | Noticed a caustic shrike
149869 | Dis:7    | Killed a caustic shrike
149892 | Dis:7    | Reached skill level 17 in Translocations
149958 | Dis:7    | Noticed a caustic shrike
149965 | Dis:7    | Killed a caustic shrike
149968 | Dis:7    | Noticed a juggernaut
149984 | Dis:7    | Killed a juggernaut
150048 | Dis:7    | Noticed Dispater
150066 | Dis:7    | Killed Dispater
150067 | Dis:7    | Noticed a caustic shrike
150069 | Dis:7    | Killed a caustic shrike
150070 | Dis:7    | Found the orb of Dispater {+Damnation *Corrode AC+5}
150077 | Dis:7    | Reached skill level 18 in Translocations
150094 | Dis:7    | Got an iron rune of Zot
150096 | Dis:7    | Identified the staff of the Gnashing Pill Bug {rF+ Str+4
                  | Fire}
150794 | Coc:1    | Entered Level 1 of Cocytus
151492 | Coc:4    | Reached skill level 19 in Translocations
151706 | Coc:5    | Lost mutation: You are partially covered in iridescent
                  | scales. (AC +2) [Jiyva's grace]
151706 | Coc:5    | Lost mutation: You passively map a large area around you.
                  | [Jiyva's grace]
151706 | Coc:5    | Lost mutation: Your translucent skin reduces your foes'
                  | accuracy. (Stealth+) [Jiyva's grace]
151706 | Coc:5    | Gained mutation: You have a pair of horns on your head.
                  | [Jiyva's grace]
151706 | Coc:5    | Gained mutation: You have a pair of large horns on your
                  | head. [Jiyva's grace]
151706 | Coc:5    | Gained mutation: You have a somewhat thin skeletal
                  | structure. (Dex +2, Stealth+) [Jiyva's grace]
151706 | Coc:5    | Gained mutation: You have a moderately thin skeletal
                  | structure. (Dex +4, Stealth++) [Jiyva's grace]
152285 | Coc:7    | Entered Level 7 of Cocytus
152309 | Coc:7    | Reached skill level 25 in Summonings
152326 | Coc:7    | Reached skill level 22 in Fire Magic
152334 | Coc:7    | Reached skill level 20 in Translocations
152472 | Coc:7    | Noticed an ancient lich
152529 | Coc:7    | Killed an ancient lich
152555 | Coc:7    | Reached skill level 27 in Necromancy
152699 | Coc:7    | Gained mutation: You passively dampen the noise of your
                  | surroundings. [hidden potential]
152699 | Coc:7    | Lost mutation: You have hidden genetic potential. [hidden
                  | potential expressed]
152951 | Coc:7    | Reached skill level 21 in Translocations
153099 | Coc:7    | Noticed Antaeus
153526 | Coc:7    | Identified the +7 long sword "Fuxzioq" {freeze, rElec}
153550 | Coc:7    | Killed Antaeus
153697 | Coc:7    | Got an icy rune of Zot
153860 | Geh:1    | Entered Level 1 of Gehenna
153871 | Geh:1    | Reached skill level 22 in Translocations
153929 | Geh:1    | You are sucked into a shaft and drop 1 floor!
154345 | Geh:3    | Reached skill level 26 in Summonings
154456 | Geh:4    | Reached skill level 23 in Fire Magic
154462 | Geh:4    | Lost mutation: You have a pair of large horns on your head.
                  | [Jiyva's grace]
154462 | Geh:4    | Lost mutation: You have a moderately thin skeletal
                  | structure. (Dex +4, Stealth++) [Jiyva's grace]
154462 | Geh:4    | Lost mutation: Your flesh is cold resistant. (rC+) [Jiyva's
                  | grace]
154462 | Geh:4    | Lost mutation: You passively map the area around you.
                  | [Jiyva's grace]
154462 | Geh:4    | Lost mutation: Your spells are a little harder to cast, but
                  | a little more powerful. [Jiyva's grace]
154462 | Geh:4    | Lost mutation: You passively dampen the noise of your
                  | surroundings. [Jiyva's grace]
154462 | Geh:4    | Gained mutation: Your rubbery body absorbs attacks. (AC +1,
                  | EV +1) [Jiyva's grace]
154462 | Geh:4    | Gained mutation: Your pliable body absorbs attacks. (AC +2,
                  | EV +2) [Jiyva's grace]
154462 | Geh:4    | Gained mutation: Your gelatinous body deflects attacks. (AC
                  | +3, EV +3) [Jiyva's grace]
154462 | Geh:4    | Gained mutation: You are very robust. (+20% HP) [Jiyva's
                  | grace]
154551 | Geh:4    | Noticed an ancient lich
154558 | Geh:4    | Killed an ancient lich
154772 | Geh:5    | Reached skill level 23 in Translocations
155315 | Geh:7    | Entered Level 7 of Gehenna
155702 | Geh:7    | Reached skill level 24 in Translocations
156206 | Geh:7    | Found the +13 sceptre of Asmodeus
156206 | Geh:7    | Noticed Asmodeus
156221 | Geh:7    | Killed Asmodeus
156222 | Geh:7    | Reached skill level 27 in Summonings
156244 | Geh:7    | Got an obsidian rune of Zot
156426 | Geh:7    | Reached skill level 24 in Fire Magic
156509 | Geh:7    | Reached skill level 25 in Translocations
157096 | Zot:5    | Got the Orb of Zot
157292 | Depths:4 | Noticed Paguqiu the pandemonium lord
157595 | D:$      | Escaped with the Orb!

Vanquished Creatures
  Cerebov (Pan)
  Antaeus (Coc:7)
  Asmodeus (Geh:7)
  Dissolution (Slime:3)
  Ereshkigal (Tar:7)
  Ignacio (Pan)
  Gloorx Vloq (Pan)
  Lom Lobon (Pan)
  Mnoleg (Pan)
  the Serpent of Hell (Tar:7)
  Khufu (Tomb:3)
  Dispater (Dis:7)
  12 dread liches (Zot:1 Abyss:3 Hell Zot:5 Abyss:4)
  15 ancient liches (Vaults:3 Zot:1 Abyss:4 Zot:5 Tar:7)
  Mennas (Pan)
  4 orbs of fire (Zot:3 Zot:5)
  2 juggernauts (Dis:7)
  Sojobo (Crypt:3)
  25 royal mummies (Tomb:1 Tomb:2 Tomb:3)
  Bai Suzhen (Crypt:3)
  6 Killer Klowns (Zot:1 Zot:5 Zig:9)
  10 shard shrikes (Coc:3 Coc:5 Coc:7)
  Frederick (Vaults:4)
  Saint Roka (Elf:3)
  the Enchantress (Depths:1)
  Geryon (Hell)
  7 curse toes (Zot:2 Zot:3 Zot:4)
  8 golden dragons (Depths:4 Zot:2 Zot:3 Zot:4 Vaults:5)
  42 caustic shrikes (Dis:2 Dis:3 Dis:4 Dis:5 Dis:6)
  18 profane servitors (Crypt:3 Abyss:2 Abyss:3 Abyss:4 Tar:2)
  Jory (Crypt:3)
  32 pandemonium lords (Zig:1 Zig:5 Zig:10 Pan)
  The ghost of rjrrt the Executioner, an adept MiBe of Trog (Vaults:3)
  41 bone dragons (Crypt:3 Abyss:1 Abyss:2 Abyss:3 Abyss:4)
  Arachne (Spider:3)
  40 Brimstone Fiends (Zig:10 Pan Geh:5 Geh:6 Geh:7)
  16 hellephants (Abyss:2 Pan Geh:3 Geh:4 Geh:5)
  15 doom hounds (Tar:1 Tar:3 Tar:4 Tar:5 Tar:6)
  Rupert (Lair:3)
  25 Tzitzimimeh (Pan Tar:3 Tar:4 Tar:5 Tar:6)
  7 iron giants (Dis:2 Dis:3 Dis:6 Dis:7)
  3 shard shrike zombies (Tar:7)
  24 tentacled monstrosities (Vaults:2 Depths:2 Depths:4 Zot:1 Zot:2)
  4 electric golems (Zot:3 Zot:4 Zot:5)
  30 Hell Sentinels (Zig:5 Pan Dis:2 Dis:3 Dis:4)
  37 Ice Fiends (Zig:10 Pan Coc:4 Coc:6 Coc:7)
  A spectral shard shrike (Tar:3)
  Jorgrun (Spider:3)
  Mlioglotl (Shoals:2)
  28 Orb Guardians (Zot:5 Zot:1 D:7)
  19 liches (Depths:2 Vaults:3 Crypt:3 Abyss:1 Abyss:2)
  Zenata (Elf:3)
  18 tainted leviathans (Tar:4 Tar:6 Tar:7)
  A shard shrike skeleton (Abyss:4)
  11 quicksilver dragons (Zot:1 Zot:2 Zot:3 Zot:4 Abyss:4)
  A walking earthen tome (Depths:2)
  The ghost of wormstring the Metamorph, an adept TrSh of Ru (Shoals:4)
  2 deep elf master archers (Elf:3)
  27 searing wretches (Geh:2 Geh:3 Geh:4 Geh:5 Geh:6)
  61 Executioners (Abyss:3 Pan)
  4 deep elf blademasters (Elf:2 Elf:3)
  9 acid blobs (Slime:1 Slime:3 Slime:4 Slime:5)
  19 titans (Vaults:4 Vaults:5 Zig:9 Pan Coc:4)
  3 sphinxes (Vaults:5 Tomb:1)
  13 death cobs (Zot:1 Zot:2 Zot:3 Zot:4 Zot:5)
  33 ancient champions (Crypt:1 Crypt:3 Tomb:1 Zig:8 Tomb:2)
  18 storm dragons (Depths:4 Zot:1 Zot:2 Zot:3 Zot:4)
  14 shadow dragons (Zot:1 Zot:2 Zot:3 Vaults:5 Zot:5)
  4 tengu reavers (Crypt:3 Vaults:5)
  37 tentacled starspawn (Abyss:1 Abyss:2 Abyss:3 Abyss:4 Zig:4)
  7 draconian monks (Zot:1 Zot:3 Zot:5)
  Ilsuiw (Shoals:4)
  The ghost of Kevimi the Acrobat, an adept FeNe of Sif Muna (Vaults:1)
  10 revenants (Crypt:1 Crypt:2 Crypt:3 Abyss:4 Tomb:1)
  The ghost of SirDiesAlot the Unseen, an adept OpEn of Dithmenos (Elf:2)
  5 azure jellies (Slime:1 Slime:5)
  Donald (Orc:2)
  29 demonspawn warmongers (Zig:5 Zig:10 Pan)
  6 daevas (Depths:1 Abyss:2 Abyss:3 Pan)
  22 fire giants (Vaults:3 Vaults:4 Depths:1 Depths:2 Depths:3)
  23 narguns (Coc:3 Coc:4 Coc:5 Coc:6 Coc:7)
  8 draconian knights (Depths:4 Abyss:2 Zot:1 Zot:4 Zot:5)
  15 ghost moths (Spider:2 Spider:3 Spider:4 Zot:1 Zot:2)
  3 rockslimes (Slime:3 Slime:1 Slime:5)
  5 draconian scorchers (Zot:1 Zot:2 Zot:3)
  6 quicksilver elementals (Dis:4 Dis:5 Dis:7)
  A caustic shrike zombie (Crypt:2)
  20 vault wardens (Vaults:1 Vaults:2 Vaults:3 Vaults:4 Vaults:5)
  4 emperor scorpions (Spider:3 Spider:4)
  3 orc warlords (Elf:2 Vaults:1)
  81 balrugs (Abyss:1 Abyss:2 Abyss:4 Hell Zig:9)
  8 deep elf elementalists (Elf:3 Abyss:1 Abyss:2)
  12 deep elf sorcerers (Elf:3 Abyss:2 Vaults:5)
  12 iron dragons (Vaults:4 Depths:1 Depths:2 Depths:4 Vaults:5)
  5 shard shrike simulacra (Coc:4 Coc:6 Coc:7)
  15 frost giants (Shoals:4 Depths:1 Depths:2 Depths:3 Depths:4)
  4 spectral caustic shrikes (Tar:4 Tar:6)
  6 draconian shifters (Zot:1 Zot:3 Zot:4 Abyss:4)
  Louise (Elf:3)
  2 curse skulls (Pan)
  2 broodmothers (Spider:4 Zig:6)
  A ghoul (Crypt:3)
  6 draconian stormcallers (Zot:1 Zot:2 Zot:3 Zot:4 Abyss:4)
  55 very ugly things (Vaults:2 Depths:1 Depths:2 Depths:3 Depths:4)
  2 juggernaut zombies (Hell Abyss:4)
  23 ironbound preservers (Vaults:1 Vaults:2 Vaults:3 Vaults:4 Vaults:5)
  36 demonspawn corrupters (Zig:7 Zig:10 Pan)
  29 war gargoyles (Vaults:1 Hell Dis:1 Dis:2 Dis:7)
  10 draconian annihilators (Zot:1 Zot:3 Abyss:4 Pan)
  3 spriggan defenders (Depths:1)
  63 reapers (Abyss:2 Hell Pan Tar:4 Tar:6)
  62 cacodemons (Abyss:4 Pan Dis:3)
  3 caustic shrike skeletons (Crypt:2 Abyss:4 Tar:7)
  39 demonspawn blood saints (Zig:5 Zig:10 Pan)
  4 quicksilver oozes (Slime:3 Slime:4 Slime:5)
  2 juggernaut skeletons (Abyss:1 Abyss:4)
  15 vampire knights (Depths:1 Depths:2 Crypt:1 Crypt:2 Crypt:3)
  2 angels (Depths:1 Pan)
  3 ophanim (Abyss:2 Abyss:4)
  14 green draconians (Depths:4 Abyss:2 Zot:1 Zot:2 Zot:3)
  19 stone giants (Elf:2 Vaults:2 Vaults:4 Depths:1 Depths:2)
  12 formless jellyfish (Shoals:3 Vaults:1 Vaults:2 Vaults:3 Slime:3)
  25 demonspawn black suns (Zig:10 Pan)
  8 ironbound thunderhulks (Vaults:2 Vaults:3 Vaults:4)
  A starflower (Abyss:2)
  5 deep elf demonologists (Elf:1 Elf:3 Abyss:2 Vaults:5 Abyss:4)
  21 elemental wellsprings (Coc:1 Coc:2 Coc:3 Coc:4 Coc:6)
  11 dire elephants (Vaults:1 Vaults:2)
  2 eleionomae (Shoals:2)
  23 wendigos (Hell Coc:1 Coc:3 Coc:4 Coc:5)
  66 lorocyprocas (Abyss:2 Abyss:4 Hell Pan)
  A white draconian (shapeshifter) (Zot:2)
  18 white draconians (Depths:4 Zot:1 Zot:2 Zot:3 Zot:4)
  15 putrid mouths (Tar:2 Tar:4 Tar:5 Tar:6 Tar:7)
  16 black draconians (Depths:4 Zot:1 Zot:2 Zot:3 Zot:4)
  12 yellow draconians (Zot:1 Zot:2 Zot:3 Zot:4 Zot:5)
  A red draconian (shapeshifter) (Zot:2)
  A black draconian (shapeshifter) (Zot:2)
  5 bennus (Tomb:3)
  15 red draconians (Depths:4 Zot:1 Zot:2 Zot:3 Zot:4)
  14 deep elf annihilators (Elf:3 Zot:2 Vaults:5 Pan)
  A dire elephant (shapeshifter) (Zig:9)
  19 purple draconians (Abyss:1 Zot:1 Zot:2 Zot:3 Zot:4)
  6 spark wasps (Spider:4 Depths:2 Depths:3)
  A bunyip (Zig:3)
  2 crystal guardians (Zot:2)
  A spectral quicksilver dragon (Tar:6)
  45 green deaths (Abyss:2 Hell Zig:5 Pan)
  8 eidola (Crypt:2 Abyss:4 Tar:7)
  23 iron golems (Dis:2 Dis:3 Dis:5 Dis:6 Dis:7)
  12 ettins (Orc:1 Vaults:4 Depths:1 Depths:2 Depths:4)
  9 deep elf death magi (Elf:1 Elf:2 Elf:3 Crypt:1 Crypt:2)
  3 quicksilver dragon zombies (Hell Tar:7)
  13 deep elf high priests (Elf:2 Elf:3 Vaults:4 Vaults:5)
  8 fire dragons (Depths:1 Depths:2 Depths:3 Depths:4)
  6 merfolk javelineers (Shoals:4 Elf:2)
  43 blizzard demons (Abyss:1 Abyss:2 Hell Pan)
  A shambling mangrove (Zig:3)
  9 merfolk impalers (Shoals:3 Shoals:4)
  22 jiangshi (Depths:2 Crypt:1 Crypt:2 Crypt:3)
  24 mummy priests (Tomb:1 Tomb:2 Tomb:3)
  Josephine (Shoals:1)
  14 yaktaur captains (Vaults:1 Vaults:2 Vaults:3 Vaults:4 Vaults:5)
  2 spectral spriggans (Tar:4 Tar:5)
  9 great orbs of eyes (Vaults:2 Vaults:3 Slime:3 Slime:5)
  4 hydras (D:11 Lair:3 Lair:5)
  10 spriggan zombies (D:15 Crypt:2 Abyss:1 Abyss:2 Abyss:3)
  9 rakshasas (Abyss:1 Abyss:2 Zot:2 Abyss:3 Pan)
  14 salamander tyrants (Geh:4 Geh:7)
  2 entropy weavers (Spider:1 Spider:4)
  2 fenstrider witch zombies (Crypt:1 Crypt:2)
  38 vault guards (D:13 Vaults:2 Vaults:3 Vaults:4 Vaults:5)
  12 hell beasts (Pan)
  A spectral tengu (Tar:2)
  7 spriggan air magi (Depths:1 Depths:2 Depths:4 Depths:3)
  4 radroaches (Spider:2 Spider:3 Zig:6)
  11 caustic shrike simulacra (Coc:1 Coc:2 Coc:3 Coc:5 Coc:6)
  8 merfolk avatars (Shoals:1 Shoals:3 Shoals:4)
  4 ice dragons (Depths:1 Depths:3 Depths:4)
  An alligator (shapeshifter) (Vaults:2)
  A fenstrider witch skeleton (Pan)
  10 boulder beetles (D:11 D:12 Lair:2 D:14 D:15)
  11 ironbound frosthearts (Vaults:1 Vaults:2 Vaults:3)
  6 juggernaut simulacra (Coc:1 Coc:4 Coc:5 Coc:6 Coc:7)
  2 alligator snapping turtles (Shoals:3 Shoals:4)
  12 centaur warriors (D:8 D:10 D:11 D:15 Shoals:1)
  6 ogre magi (Orc:2 D:15 Vaults:4)
  8 death knights (D:14 D:15 Vaults:2 Crypt:3)
  A sphinx zombie (Hell)
  2 merfolk aquamancers (Shoals:3 Shoals:4)
  A radroach (shapeshifter) (Depths:4)
  9 stokers (Geh:2 Geh:4 Geh:5 Geh:6 Geh:7)
  12 deep troll shamans (Depths:1 Depths:2 Depths:4)
  5 satyrs (Shoals:2 Shoals:4)
  23 two-headed ogres (D:10 D:11 Orc:2 D:13 D:15)
  11 vampire magi (Depths:2 Depths:4 Crypt:1 Crypt:2 Crypt:3)
  25 dancing weapons (Elf:1 Elf:2 Elf:3 Vaults:5 Pan)
  A titan zombie (Abyss:4)
  2 bennu skeletons (Crypt:1 Crypt:2)
  30 death scarabs (Tomb:1 Tomb:2 Tomb:3)
  46 hell hogs (Abyss:2 Depths:1 Hell Abyss:4 Geh:1)
  3 deep troll earth magi (Depths:1 Depths:3 Depths:4)
  3 shock serpents (Pan)
  2 spectral nagas (Tar:4 Tar:6)
  49 demonic crawlers (Spider:1 Spider:2 Spider:3 Spider:4 Abyss:2)
  7 tengu warriors (D:11 Elf:2 Depths:2 Depths:3 Depths:4)
  2 spectral dire elephants (Tar:4 Tar:5)
  186 sun demons (Abyss:1 Abyss:2 Hell Abyss:4 Pan)
  20 thrashing horrors (Abyss:1 Abyss:2 Abyss:3 Abyss:4)
  8 spriggan berserkers (Depths:1 Depths:2 Depths:4)
  13 crystal echidnas (Dis:2 Dis:4 Dis:5 Dis:6 Dis:7)
  4 holy swine (Pan)
  2 orc high priests (Orc:1 Pan)
  3 fire crabs (Shoals:1 Zig:2)
  101 soul eaters (Abyss:3 Depths:1 Hell Pan)
  A storm dragon zombie (Crypt:3)
  11 deep elf knights (Elf:1 Elf:2 Elf:3)
  7 iron trolls (Depths:2 Depths:3 Hell)
  33 wretched stars (Abyss:1 Abyss:2 Abyss:3 Abyss:4 Abyss:5)
  82 sixfirhies (Abyss:1 Abyss:2 Abyss:3 Abyss:4 Pan)
  33 skeletal warriors (D:15 D:14 Crypt:1 Crypt:3 Tomb:1)
  36 hell knights (Depths:1 Depths:2 Depths:3 Crypt:3 Hell)
  3 spatial maelstroms (Abyss:3 Abyss:4 Zig:4)
  8 skysharks (Lair:4 Lair:5 Shoals:1 Shoals:2 Shoals:3)
  2 spectral bunyips (Tar:1 Tar:2)
  40 shadow wraiths (Vaults:2 Crypt:3 Abyss:3 Pan Tar:4)
  4 pharaoh ants (Spider:3)
  Lodul (D:10)
  4 sun moths (Spider:3 Spider:4)
  A death drake (Abyss:3)
  10 sea snakes (Shoals:1 Shoals:2 Shoals:3 Shoals:4)
  A spectral anaconda (Tar:6)
  A storm dragon skeleton (Vaults:4)
  57 deep trolls (Vaults:1 Vaults:2 Vaults:3 Vaults:4 Depths:1)
  A golden dragon zombie (Crypt:2)
  An iron giant zombie (Tar:7)
  An obsidian statue (Shoals:4)
  7 quicksilver dragon simulacra (Coc:3 Coc:4 Coc:7)
  A steelbarb worm (shapeshifter) (Abyss:1)
  2 kraken simulacra (Coc:7)
  A bunyip zombie (Crypt:3)
  2 spark wasp zombies (Depths:1 Hell)
  10 flayed ghosts (Depths:2 Crypt:2 Crypt:3 Abyss:2 Zig:8)
  41 shadow demons (Pan Dis:3)
  4 glowing orange brains (Vaults:3 Vaults:4 Depths:4 Slime:4)
  A swamp dragon (Zig:3)
  21 ironbound convokers (Vaults:1 Vaults:2 Vaults:3 Vaults:4 Vaults:5)
  A bunyip skeleton (Tomb:1)
  16 wizards (D:14 D:15 Vaults:1 Vaults:2 Vaults:3)
  14 orb spiders (Spider:2 Spider:3 Spider:4 Zot:2 Zig:6)
  12 lindwurms (Vaults:1 Vaults:2)
  16 orc knights (D:10 Orc:2 Orc:1 D:15 Elf:2)
  4 orange crystal statues (Abyss:3 Zig:6)
  10 deep elf archers (Elf:1 Elf:2 Elf:3 Vaults:5)
  8 phantasmal warriors (D:15 D:14 Crypt:1 Crypt:2)
  48 ugly things (D:11 D:15 Vaults:1 Vaults:2 Vaults:3)
  A mana viper (Abyss:2)
  22 necromancers (D:14 Elf:1 Vaults:1 Vaults:4 Depths:1)
  9 steelbarb worms (Spider:1 Spider:2 Spider:3 Spider:4 Zig:6)
  27 deep elf pyromancers (D:10 D:11 D:15 Elf:1 Elf:2)
  19 deep elf zephyrmancers (Elf:1 Elf:2 Elf:3 Vaults:5)
  17 wolf spiders (D:15 Spider:1 Spider:2 Spider:3 Spider:4)
  2 frost giant zombies (Hell)
  21 harpies (Shoals:1 Shoals:3 Shoals:4)
  5 stone giant zombies (Vaults:1 Depths:1 Crypt:2 Hell)
  3 fire giant zombies (D:15 Depths:1 Hell)
  A shadow dragon skeleton (Crypt:2)
  5 shining eyes (Slime:2 Slime:1 Slime:3 Slime:5)
  3 anaconda skeletons (Abyss:2 Pan Tomb:3)
  An eleionoma zombie (Crypt:1)
  3 will-o-the-wisps (Abyss:2 Abyss:5)
  A faun (shapeshifter) (Vaults:4)
  4 orc sorcerers (Orc:2 Elf:3 Abyss:2 Abyss:4)
  An oklob plant (Lair:3)
  A manticore (shapeshifter) (Abyss:3)
  12 worldbinders (Abyss:1 Abyss:2 Abyss:3 Abyss:4)
  24 manticores (D:10 D:8 D:11 D:12 D:13)
  2 centaur zombies (Crypt:2 Tomb:3)
  19 fauns (Shoals:2)
  A tengu skeleton (D:15)
  A goliath frog skeleton (Crypt:2)
  32 elephants (Lair:3 Lair:4 Lair:5)
  24 moths of wrath (Spider:1 Spider:2 Spider:3 Spider:4 Zot:1)
  3 dire elephant zombies (Crypt:2 Tomb:3)
  13 cyclopes (D:8 D:11 D:12 D:14 D:15)
  5 draconians (Abyss:4)
  A spectral centaur (Tar:2)
  A spectral ettin (Tar:4)
  2 salamanders (shapeshifter) (D:14 Depths:1)
  20 apocalypse crabs (Abyss:2 Zot:4 Abyss:3 Abyss:4 Zig:7)
  A frost giant skeleton (Depths:1)
  12 merfolk sirens (Shoals:1 Shoals:2 Shoals:4)
  5 guardian serpents (Zot:2)
  12 vault sentinels (Vaults:1 Vaults:2 Vaults:3 Vaults:4 Vaults:5)
  5 water nymphs (Shoals:1 Shoals:2 Shoals:4)
  3 black mambas (Lair:1 Lair:4 Lair:5)
  4 ice statues (Zig:6 Coc:7)
  11 rust devils (Abyss:1 Abyss:4 Pan)
  5 torpor snails (Lair:5 Spider:1 Spider:2 Spider:4)
  A dire elephant skeleton (Abyss:4)
  6 titan simulacra (Coc:1 Coc:2 Coc:4 Coc:6 Coc:7)
  12 molten gargoyles (Hell Geh:7)
  2 gargoyles (D:10 D:11)
  A storm dragon simulacrum (Coc:1)
  2 naga skeletons (Abyss:1 Pan)
  10 unseen horrors (D:10 D:11 Abyss:1 Abyss:3 Pan)
  3 centaur skeletons (Crypt:2 Abyss:2 Tomb:3)
  A grey draconian zombie (Crypt:1)
  56 hellions (Abyss:1 Abyss:3 Hell Abyss:4 Pan)
  76 orange demons (Abyss:1 Abyss:2 Abyss:4 Zig:10 Pan)
  10 cane toads (Lair:1 Lair:2 Lair:3 Lair:4 Lair:5)
  A pale draconian zombie (Crypt:1)
  6 eyes of devastation (Slime:2 Slime:1 Slime:3 Slime:5)
  13 freezing wraiths (D:14 Vaults:3 Crypt:1 Crypt:2 Crypt:3)
  186 smoke demons (Abyss:1 Abyss:2 Abyss:3 Hell Abyss:4)
  2 bunyip simulacra (Coc:2)
  3 rime drakes (Lair:1 Lair:3 Lair:4)
  61 tormentors (Abyss:2 Abyss:3 Abyss:4 Pan Tar:1)
  13 efreet (D:8 D:14 D:15 Abyss:1 Abyss:2)
  14 ice devils (Abyss:1 Abyss:2 Abyss:3 Hell Pan)
  6 iron giant simulacra (Coc:1 Coc:4 Coc:5 Coc:6 Coc:7)
  11 komodo dragons (Lair:1 Lair:2 Lair:3 Lair:4 Lair:5)
  32 yaktaurs (D:11 Vaults:2 Vaults:1 Vaults:3)
  2 kobold demonologists (D:11 D:13)
  A white draconian zombie (Crypt:1)
  40 guardian mummies (Tomb:1 Tomb:2 Tomb:3)
  7 anaconda simulacra (Crypt:2 Hell Coc:1 Coc:3 Coc:4)
  4 golden dragon simulacra (Coc:6 Coc:7)
  2 tengu conjurers (Depths:3)
  28 ancient zymes (Abyss:1 Abyss:2 Abyss:3 Abyss:4 Zig:4)
  2 human skeletons (Vaults:4 Depths:1)
  A spectral harpy (Tar:4)
  2 harpy zombies (Zot:2)
  A white draconian skeleton (Crypt:1)
  5 polar bears (Lair:2 Lair:5 Vaults:3)
  22 red devils (Hell Pan)
  A troll (shapeshifter) (Abyss:3)
  A meliai (shapeshifter) (Abyss:2)
  12 meliai (Spider:1 Spider:3 Spider:4)
  3 harpy skeletons (Abyss:2 Abyss:4 Tar:7)
  22 merfolk (Shoals:1 Shoals:2 Shoals:3 Shoals:4)
  46 hellwings (Abyss:2 Abyss:3 Pan)
  A silent spectre (Abyss:1)
  9 hornets (D:9 D:10 Lair:5 Depths:4 Zig:3)
  13 trolls (D:8 D:10 D:11 D:12 Orc:1)
  An iron troll skeleton (Crypt:2)
  80 raiju (Abyss:1 Abyss:2 Zot:2 Abyss:3 Abyss:4)
  4 wind drakes (Shoals:2 Shoals:4)
  An iron dragon simulacrum (Coc:2)
  An ice dragon zombie (Crypt:2)
  8 snapping turtles (Lair:3 Shoals:1 Shoals:3 Shoals:4)
  24 tarantellas (Spider:1 Spider:2 Spider:3 Spider:4 Zig:6)
  Grinder (D:5)
  A stone giant simulacrum (Coc:7)
  4 dream sheep (Lair:5 Shoals:4)
  A blink frog (shapeshifter) (Abyss:4)
  A tarantella (shapeshifter) (Abyss:2)
  A snapping turtle (shapeshifter) (Depths:4)
  20 blink frogs (Lair:1 Lair:4 Abyss:2 Abyss:4)
  2 ettin zombies (Vaults:1 Hell)
  80 slime creatures (D:11 D:12 D:14 Vaults:1 Vaults:3)
  3 air elementals (Elf:3 Abyss:3)
  18 jumping spiders (Spider:1 Spider:2 Spider:3 Spider:4 Zig:6)
  Sigmund (D:2)
  198 large abominations (Elf:1 Crypt:3 Abyss:1 Abyss:2 Abyss:3)
  5 vampires (D:9 D:11 D:12 Abyss:3 Abyss:4)
  3 ettin skeletons (Vaults:4 Depths:1 Abyss:1)
  A spriggan (shapeshifter) (Abyss:2)
  19 spriggans (Lair:3 Lair:5 Depths:1 Depths:4 Zig:3)
  82 flying skulls (Crypt:3 Abyss:2 Tomb:1 Tomb:2 Tomb:3)
  7 water elementals (Shoals:1 Shoals:2 Shoals:4 Elf:2 Depths:4)
  7 wyverns (D:10 Lair:1 Lair:3 Lair:4 Lair:5)
  10 culicivoras (Spider:1 Spider:2 Spider:3 Spider:4)
  51 yaks (D:8 D:10 D:11 Lair:1 Lair:2)
  A black mamba skeleton (Tomb:3)
  21 wraiths (D:10 D:11 D:12 D:14 Shoals:1)
  6 shadows (D:9 D:10 Crypt:3 Abyss:2)
  5 spriggan skeletons (D:15 Tomb:1 Pan Tar:7)
  6 ushabtiu (Tomb:1 Tomb:3)
  125 ynoxinuls (Abyss:1 Abyss:2 Abyss:3 Abyss:4 Pan)
  8 dire elephant simulacra (Crypt:3 Coc:1 Coc:2 Coc:6 Coc:7)
  A basilisk (shapeshifter) (D:13)
  6 fire elementals (Elf:1 Elf:2 Elf:3)
  A yak (shapeshifter) (D:13)
  105 starcursed masses (Abyss:1 Abyss:2 Abyss:3 Abyss:4 Zig:4)
  70 chaos spawn (Abyss:1 Abyss:2 Abyss:3 Abyss:4 Zig:9)
  3 alligator snapping turtle simulacra (Coc:2 Coc:3)
  17 golden eyes (Slime:3 Slime:4 Slime:5)
  16 fire bats (Shoals:1 Abyss:1 Abyss:2 Pan)
  Grum (D:9)
  A catoblepas simulacrum (Hell)
  9 spriggan simulacra (Depths:1 Abyss:4 Coc:3 Coc:7)
  8 basilisks (D:11 Lair:2 Lair:3 Lair:4 Lair:5)
  30 redbacks (Spider:1 Spider:2 Spider:3 Spider:4)
  71 neqoxecs (Abyss:1 Abyss:2 Abyss:3 Abyss:4 Zig:4)
  3 steam dragons (D:7 D:9 Lair:3)
  3 spatial vortices (Abyss:3 Abyss:4)
  4 vampire mosquitoes (D:11 D:13)
  5 wargs (Orc:2 Orc:1 D:15)
  16 harpy simulacra (Coc:1 Coc:2 Coc:3 Coc:4 Coc:7)
  3 acid dragons (D:11)
  5 hell hounds (Abyss:2 Hell Zig:2)
  Duvessa (D:6)
  19 water moccasins (D:6 D:7 Lair:1 Lair:2 Lair:3)
  3 hydra simulacra (Coc:1 Coc:2 Coc:7)
  A cane toad skeleton (Crypt:2)
  A glowing shapeshifter skeleton (Crypt:2)
  62 small abominations (Crypt:3 Abyss:1 Abyss:2 Abyss:3 Abyss:4)
  3 ice beasts (D:5 Vaults:3 Abyss:4)
  5 black bears (D:6 Lair:3 Lair:5)
  A blink frog zombie (Crypt:1)
  26 orc warriors (D:6 D:8 D:9 D:10 D:11)
  5 ettin simulacra (Coc:1 Coc:2 Coc:3 Coc:6 Coc:7)
  2 sky beasts (D:7 D:8)
  8 boggarts (Lair:5 Vaults:1 Vaults:2)
  The ghost of blessed the Ruffian, an amateur DrSh (D:3)
  43 ogres (D:6 D:7 D:10 Orc:2 Orc:1)
  14 centaurs (D:5 D:8 D:10 D:15 Shoals:2)
  40 wolves (D:9 Lair:1 Lair:2 Lair:3 Lair:4)
  2 phantoms (D:5 D:7)
  3 elf zombies (Elf:1 Vaults:4)
  A salamander zombie (Crypt:2)
  5 human zombies (Vaults:4 Vaults:5 Hell)
  3 kobold brigands (D:6 D:8 D:10)
  8 bullfrogs (D:6 D:8 Lair:1 Lair:2 Lair:3)
  4 necrophages (Crypt:3)
  5 gnoll sergeants (D:5 D:10 D:11)
  11 naga simulacra (Abyss:2 Abyss:3 Coc:4 Coc:7)
  6 earth elementals (Elf:2 Elf:3 Abyss:3)
  A komodo dragon skeleton (Crypt:1)
  2 glowing shapeshifter simulacra (Vaults:1)
  2 scorpions (D:5 D:6)
  17 wights (D:7 D:9 Abyss:1)
  Dowan (D:6)
  4 killer bees (D:8)
  5 howler monkeys (D:7 D:9 D:10 D:11)
  A jelly (D:7)
  3 crimson imps (Pan)
  3 quasits (Abyss:1 Abyss:3)
  6 hounds (D:4 D:5 D:6)
  2 iron imps (Abyss:2 Abyss:3)
  2 gnoll boudas (D:7 D:8)
  20 orc priests (D:4 D:5 D:6 D:11 Orc:2)
  An iguana (D:5)
  4 sleepcaps (D:4 D:8)
  Ijyb (D:5)
  29 orc wizards (D:4 D:5 D:6 D:8 D:9)
  A basilisk skeleton (Crypt:1)
  A boggart skeleton (Crypt:1)
  A deep dwarf skeleton (Crypt:1)
  A hound skeleton (Crypt:1)
  53 mummies (Tomb:1 Tomb:2 Tomb:3)
  17 gnolls (D:3 D:5 D:4 D:7 D:11)
  5 adders (D:2 D:5 D:3)
  2 shadow imps (D:7 Abyss:1)
  10 white imps (D:8 Abyss:1 Abyss:2 Abyss:3)
  6 ufetubi (Abyss:1 Abyss:2 Abyss:3)
  2 dart slugs (D:3)
  74 orcs (D:4 D:5 D:6 D:7 D:8)
  9 bats (D:1 D:2 D:3)
  5 endoplasms (D:1 D:2 D:3)
  3 giant cockroaches (D:1 D:2)
  11 goblins (D:1 D:2 D:3 D:4)
  6 hobgoblins (D:2 D:3 D:4)
  10 kobolds (D:3 D:4 D:6)
  6 quokkas (D:1 D:2 D:3 D:5)
  4 ball pythons (D:1 D:2 D:3)
  5 frilled lizards (D:1 D:2 D:3)
  A giant cockroach zombie (Crypt:2)
  5 rats (D:1 D:2 D:3)
  5 ball lightnings (Pan)
  A butterfly (Zot:2)
  10 creeping infernos (Geh:2 Geh:3 Geh:4 Geh:7)
  8 fire vortices (Pan Geh:3 Geh:4 Geh:7)
  7 lurking horrors (Abyss:2 Abyss:3 Abyss:4)
  24 starspawn tentacles (Abyss:1 Abyss:2 Abyss:3 Abyss:4)
6330 creatures vanquished.

Vanquished Creatures (collateral kills)
  A pandemonium lord (Pan)
  2 royal mummies (Tomb:1 Tomb:3)
  A shard shrike (Coc:5)
  A Killer Klown (Zot:5)
  4 caustic shrikes (Dis:6 Dis:7)
  A golden dragon (Zot:4)
  An iron giant (Dis:7)
  A Tzitzimitl (Tar:3)
  2 Ice Fiends (Coc:7)
  3 tentacled monstrosities (Vaults:5)
  A lich (Tomb:2)
  A titan (Vaults:5)
  A sphinx (Tomb:1)
  An ancient champion (Tomb:3)
  2 tentacled starspawn (Abyss:2 Abyss:4)
  A tengu reaver (Vaults:5)
  5 fire giants (Vaults:5 Geh:7)
  3 quicksilver elementals (Dis:3 Dis:7)
  A vault warden (Vaults:5)
  An iron dragon (Dis:7)
  A shard shrike simulacrum (Coc:5)
  5 balrugs (Pan Geh:3)
  11 war gargoyles (Dis:3 Dis:4 Dis:7)
  2 elemental wellsprings (Coc:5)
  2 stone giants (Vaults:5)
  A demonspawn black sun (Zig:10)
  2 wendigos (Coc:3)
  A lorocyproca (Pan)
  A bennu (Tomb:3)
  An iron golem (Dis:6)
  A yaktaur captain (Vaults:5)
  A caustic shrike simulacrum (Coc:5)
  3 vault guards (Vaults:5)
  A two-headed ogre (D:10)
  A death scarab (Tomb:1)
  A demonic crawler (Pan)
  4 sun demons (Pan)
  3 crystal echidnas (Dis:6 Dis:7)
  4 shadow wraiths (Abyss:3 Tar:7)
  A deep elf knight (Vaults:5)
  A sixfirhy (Pan)
  A skeletal warrior (Tomb:1)
  A spriggan simulacrum (Coc:3)
  A deep elf zephyrmancer (Elf:2)
  A phantasmal warrior (Vaults:5)
  An orc sorcerer (Orc:1)
  An iron dragon skeleton (Tomb:1)
  A molten gargoyle (Geh:7)
  2 smoke demons (Abyss:3 Pan)
  A tormentor (Abyss:1)
  A hellion (Dis:6)
  6 guardian mummies (Tomb:1 Tomb:2)
  A harpy skeleton (Tomb:2)
  5 large abominations (Abyss:3 Abyss:4 Pan)
  6 flying skulls (Tomb:1 Tomb:2)
  2 ynoxinuls (Abyss:2 Pan)
  2 dire elephant simulacra (Coc:3 Coc:5)
  4 yaks (D:10)
  A wyvern (D:10)
  A wraith (Abyss:3)
  2 ushabtiu (Tomb:1)
  A neqoxec (Pan)
  2 harpy simulacra (Coc:5)
  An ettin simulacrum (Coc:3)
  A naga simulacrum (Coc:5)
  A quasit (Abyss:2)
  17 mummies (Tomb:1 Tomb:2)
146 creatures vanquished.

Vanquished Creatures (others)
  A dread lich (Zot:5)
  An ancient lich (Zot:5)
  A shard shrike zombie (Coc:7)
  A searing wretch (Geh:1)
  A titan (Pan)
  An eldritch tentacle (Pan)
  A death cob (Zot:2)
  8 azure jellies (Coc:3 Coc:4 Coc:7)
  A draconian knight (Zot:1)
  A balrug (Geh:2)
  18 caustic shrike zombies (Dis:2 Dis:3 Dis:4 Dis:7)
  A shard shrike simulacrum (Coc:3)
  A quicksilver ooze (shapeshifter) (Zot:2)
  A war gargoyle (Dis:3)
  An elemental wellspring (Coc:5)
  A blizzard demon (Zig:10)
  A spectral quicksilver dragon (Tar:6)
  2 green deaths (Pan)
  An ettin (Vaults:2)
  A quicksilver dragon zombie (Vaults:5)
  4 great orbs of eyes (Abyss:2 Zot:2 Abyss:4)
  2 caustic shrike simulacra (Coc:1 Coc:6)
  4 sphinx zombies (Vaults:5 Tomb:1)
  A bennu zombie (Tomb:3)
  2 titan zombies (Vaults:5 Coc:7)
  A thrashing horror (Zig:7)
  2 sun demons (Pan)
  A soul eater (Pan)
  An iron giant zombie (Dis:7)
  A quicksilver dragon simulacrum (Coc:6)
  10 glowing orange brains (Abyss:1 Abyss:2 Abyss:4)
  2 shadow dragon zombies (Vaults:5)
  An iron dragon zombie (Vaults:5)
  An ironbound convoker (Vaults:1)
  2 tengu zombies (Vaults:5)
  A shining eye (Pan)
  A fire giant zombie (Vaults:5)
  2 fauns (shapeshifter) (Vaults:5 Zig:9)
  A draconian (Abyss:4)
  An ugly thing (Zig:9)
  6 death scarab zombies (Tomb:1 Tomb:2)
  A moth of wrath (shapeshifter) (Zig:9)
  An eye of devastation (Pan)
  An orange demon (Pan)
  An eye of devastation (shapeshifter) (Vaults:5)
  An unseen horror (shapeshifter) (Abyss:1)
  5 smoke demons (Pan)
  A yaktaur zombie (Vaults:5)
  20 human zombies (Vaults:5)
  2 ancient zymes (Abyss:2 Zig:7)
  A wind drake (shapeshifter) (Abyss:1)
  A shadow dragon simulacrum (Hell)
  An ettin zombie (Vaults:5)
  A dream sheep (shapeshifter) (Zot:2)
  2 raiju (Zig:7)
  7 ynoxinuls (Pan)
  2 elf zombies (Vaults:5)
  A fire bat (shapeshifter) (Abyss:1)
  16 golden eyes (Abyss:1 Abyss:2 Abyss:3 Abyss:4)
  6 chaos spawn (Abyss:1 Pan)
  2 harpy simulacra (Coc:3 Coc:4)
  2 hell hounds (Abyss:1 Abyss:3)
  4 small abominations (Abyss:1 Abyss:2 Abyss:3)
  A black bear (shapeshifter) (Abyss:2)
  A boggart (Zot:2)
  A bullfrog (shapeshifter) (Abyss:1)
  A naga simulacrum (Coc:5)
  A scorpion (shapeshifter) (Abyss:1)
  A killer bee (shapeshifter) (Abyss:1)
  2 quasits (Abyss:1 Abyss:2)
  447 jellies (Crypt:2 Crypt:3 Abyss:1 Abyss:2 Zot:1)
  2 gnolls (shapeshifter) (Abyss:1)
  A river rat (shapeshifter) (Abyss:1)
  A white imp (Abyss:3)
  3 ufetubi (Abyss:1 Abyss:4)
  An orc (Elf:3)
  A spectral bat (Abyss:1)
  2 endoplasms (shapeshifter) (Abyss:1)
  2 bats (Abyss:1)
  A ball lightning (Pan)
  A creeping inferno (Geh:7)
  4 foxfires (Abyss:2)
  4 lurking horrors (Abyss:2 Abyss:3 Abyss:4)
  42 starspawn tentacles (Abyss:1 Abyss:2 Abyss:3 Abyss:4 Zig:4)
  4 tentacles (Coc:7)
695 creatures vanquished.

Grand Total: 7171 creatures vanquished

Table legend: (Time is in decaauts)
 A = Elapsed time spent in this place.
 B = Non-inter-level travel time spent in this place.
 C = Inter-level travel time spent in this place.
 D = Time resting spent in this place.
 E = Time spent auto-exploring this place.
 F = Levels seen in this place.
 G = Mean time per level.
                   A        B        C        D        E       F      G
               +--------+--------+--------+--------+--------+-----+--------+
         Total | 158979 | 139895 |  19084 |  26006 |  60305 | 149 | 1067.0 |
       Dungeon |  26778 |  20345 |   6433 |   6078 |   6335 |  15 | 1785.2 |
        Temple |     69 |     64 |      5 |      0 |      0 |   1 |   69.0 |
          Lair |   8389 |   6938 |   1451 |   1859 |   2860 |   5 | 1677.8 |
        Shoals |  12312 |  11701 |    611 |   3128 |   4744 |   4 | 3078.0 |
   Spider Nest |  10805 |   9826 |    979 |   3385 |   4469 |   4 | 2701.2 |
    Slime Pits |   5950 |   5444 |    506 |   1704 |   2081 |   5 | 1190.0 |
  Orcish Mines |   2376 |   2095 |    281 |    761 |    775 |   2 | 1188.0 |
   Elven Halls |   9184 |   8267 |    917 |   2218 |   3375 |   3 | 3061.3 |
        Vaults |  14318 |  11675 |   2643 |   1548 |   5494 |   5 | 2863.6 |
         Crypt |   3330 |   2380 |    950 |    114 |   1225 |   3 | 1110.0 |
          Tomb |   2711 |   2239 |    472 |    579 |    733 |   3 |  903.7 |
        Depths |   9575 |   8228 |   1347 |   1983 |   4462 |   4 | 2393.8 |
          Hell |    760 |    560 |    200 |     62 |    223 |   1 |  760.0 |
           Dis |   2384 |   1942 |    442 |     72 |    327 |   7 |  340.6 |
       Gehenna |   2571 |   2447 |    124 |    248 |    856 |   7 |  367.3 |
       Cocytus |   2812 |   2671 |    141 |    599 |    919 |   7 |  401.7 |
      Tartarus |   3371 |   2986 |    385 |    501 |   1114 |   7 |  481.6 |
           Zot |   5985 |   4793 |   1192 |    321 |   2772 |   5 | 1197.0 |
         Abyss |   7433 |   7433 |      0 |     95 |   4174 |  11 |  675.7 |
   Pandemonium |  27373 |  27373 |      0 |    707 |  13350 |  40 |  684.3 |
      Ziggurat |    485 |    485 |      0 |     38 |     12 |  10 |   48.5 |
               +--------+--------+--------+--------+--------+-----+--------+

Top non-repeatable levels by time:
Vaults:2: 4454 daAuts
Vaults:1: 3985 daAuts
Shoals:4: 3873 daAuts
    D:10: 3650 daAuts
   Elf:3: 3515 daAuts
    D:11: 3399 daAuts
   Elf:2: 3305 daAuts
Shoals:2: 3178 daAuts
Depths:1: 3156 daAuts
Spider:4: 3017 daAuts
Shoals:1: 2902 daAuts
Spider:3: 2765 daAuts
 Abyss:2: 2555 daAuts
Vaults:3: 2526 daAuts
Spider:2: 2519 daAuts

Table legend:
 A = Non-vault XP
 B = Vault XP
 C = Vault XP percentage of total XP
 D = Non-vault monster count
 E = Vault monster count
 F = Vault count percentage of total count
                 A         B        C        D         E       F
            +---------+---------+-------+---------+---------+-------
      Total | 2840821 | 2185685 |  43.5 |    4260 |    2168 |  33.7
            +---------+---------+-------+---------+---------+-------
        D:1 |      21 |       0 |   0.0 |      13 |       0 |   0.0
        D:2 |      69 |     226 |  76.6 |      21 |       1 |   4.5
        D:3 |      82 |     133 |  61.9 |      23 |       3 |  11.5
        D:4 |     250 |       0 |   0.0 |      23 |       0 |   0.0
        D:5 |     887 |     298 |  25.1 |      24 |       2 |   7.7
        D:6 |    1195 |     216 |  15.3 |      31 |       2 |   6.1
        D:7 |    1559 |       0 |   0.0 |      29 |       0 |   0.0
        D:8 |    1130 |    4127 |  78.5 |      12 |      16 |  57.1
        D:9 |    1427 |     410 |  22.3 |      17 |       3 |  15.0
       D:10 |    3420 |    9537 |  73.6 |      16 |      41 |  71.9
       D:11 |    1474 |   21753 |  93.7 |      14 |      48 |  77.4
       D:12 |    5151 |       0 |   0.0 |      16 |       0 |   0.0
       D:13 |    3219 |    7000 |  68.5 |      10 |       8 |  44.4
       D:14 |    7740 |    1377 |  15.1 |      16 |       2 |  11.1
       D:15 |   16936 |    3407 |  16.7 |      38 |       6 |  13.6
     Lair:1 |    6696 |       0 |   0.0 |      27 |       0 |   0.0
     Lair:2 |    7534 |     235 |   3.0 |      34 |       2 |   5.6
     Lair:3 |    4836 |    4769 |  49.7 |      20 |      10 |  33.3
     Lair:4 |   13460 |     957 |   6.6 |      45 |       4 |   8.2
     Lair:5 |   16942 |    8703 |  33.9 |      41 |      47 |  53.4
   Shoals:1 |   10177 |    6356 |  38.4 |      19 |      14 |  42.4
   Shoals:2 |    9447 |   13995 |  59.7 |      19 |      22 |  53.7
   Shoals:3 |   15465 |    1915 |  11.0 |      28 |       3 |   9.7
   Shoals:4 |   14662 |   30024 |  67.2 |      28 |      42 |  60.0
   Spider:1 |   13427 |       0 |   0.0 |      32 |       0 |   0.0
   Spider:2 |   13640 |       0 |   0.0 |      30 |       0 |   0.0
   Spider:3 |   22320 |    4294 |  16.1 |      50 |       3 |   5.7
   Spider:4 |   15172 |   15330 |  50.3 |      30 |      28 |  48.3
    Slime:1 |   12921 |       0 |   0.0 |      30 |       0 |   0.0
    Slime:2 |    3874 |       0 |   0.0 |      13 |       0 |   0.0
    Slime:3 |   23793 |    7264 |  23.4 |      36 |       1 |   2.7
    Slime:4 |    6008 |       0 |   0.0 |      15 |       0 |   0.0
    Slime:5 |    7602 |   10179 |  57.2 |      15 |      10 |  40.0
      Orc:1 |    4477 |       0 |   0.0 |      36 |       0 |   0.0
      Orc:2 |    4660 |   19310 |  80.6 |      48 |      39 |  44.8
      Elf:1 |   11736 |    6046 |  34.0 |      18 |      14 |  43.8
      Elf:2 |   18748 |   32660 |  63.5 |      35 |      40 |  53.3
      Elf:3 |    5540 |   49575 |  89.9 |      12 |      51 |  81.0
   Vaults:1 |   30552 |   21643 |  41.5 |      49 |      27 |  35.5
   Vaults:2 |   38029 |   22204 |  36.9 |      54 |      31 |  36.5
   Vaults:3 |   33094 |   47169 |  58.8 |      48 |      50 |  51.0
   Vaults:4 |   19622 |   22291 |  53.2 |      26 |      20 |  43.5
   Vaults:5 |   15193 |   92700 |  85.9 |      16 |      83 |  83.8
    Crypt:1 |   20650 |     871 |   4.0 |      33 |       1 |   2.9
    Crypt:2 |   24987 |       0 |   0.0 |      38 |       0 |   0.0
    Crypt:3 |       0 |   79883 | 100.0 |       0 |     128 | 100.0
     Tomb:1 |   11647 |   77000 |  86.9 |      32 |      66 |  67.3
     Tomb:2 |    9957 |   35119 |  77.9 |      32 |      54 |  62.8
     Tomb:3 |   14437 |   69018 |  82.7 |      35 |      59 |  62.8
   Depths:1 |   34262 |   19909 |  36.8 |      45 |      20 |  30.8
   Depths:2 |   32541 |   26280 |  44.7 |      37 |      26 |  41.3
   Depths:3 |   27742 |       0 |   0.0 |      33 |       0 |   0.0
   Depths:4 |   38226 |   17524 |  31.4 |      43 |      14 |  24.6
       Hell |   23428 |   30324 |  56.4 |      31 |      40 |  56.3
      Dis:1 |   11043 |       0 |   0.0 |       9 |       0 |   0.0
      Dis:2 |   20995 |   38465 |  64.7 |      15 |       8 |  34.8
      Dis:3 |   23459 |    9360 |  28.5 |      16 |      10 |  38.5
      Dis:4 |   22953 |       0 |   0.0 |      15 |       0 |   0.0
      Dis:5 |   20464 |       0 |   0.0 |      12 |       0 |   0.0
      Dis:6 |   29675 |       0 |   0.0 |      17 |       0 |   0.0
      Dis:7 |   51911 |  120239 |  69.8 |      26 |      81 |  75.7
      Geh:1 |    7533 |       0 |   0.0 |       9 |       0 |   0.0
      Geh:2 |    7476 |       0 |   0.0 |       8 |       0 |   0.0
      Geh:3 |   18719 |       0 |   0.0 |      19 |       0 |   0.0
      Geh:4 |   22510 |       0 |   0.0 |      17 |       0 |   0.0
      Geh:5 |       0 |   25013 | 100.0 |       0 |      17 | 100.0
      Geh:6 |   14848 |       0 |   0.0 |      16 |       0 |   0.0
      Geh:7 |   18542 |   92567 |  83.3 |      16 |      74 |  82.2
      Coc:1 |    7437 |       0 |   0.0 |      16 |       0 |   0.0
      Coc:2 |    4590 |       0 |   0.0 |      13 |       0 |   0.0
      Coc:3 |   25833 |       0 |   0.0 |      34 |       0 |   0.0
      Coc:4 |   17135 |       0 |   0.0 |      20 |       0 |   0.0
      Coc:5 |   23673 |       0 |   0.0 |      19 |       0 |   0.0
      Coc:6 |   28863 |       0 |   0.0 |      32 |       0 |   0.0
      Coc:7 |   35579 |   88554 |  71.3 |      36 |      71 |  66.4
      Tar:1 |    5093 |       0 |   0.0 |       4 |       0 |   0.0
      Tar:2 |    5623 |       0 |   0.0 |       5 |       0 |   0.0
      Tar:3 |   12651 |       0 |   0.0 |       7 |       0 |   0.0
      Tar:4 |   12217 |   38169 |  75.8 |      10 |      31 |  75.6
      Tar:5 |   16835 |       0 |   0.0 |      11 |       0 |   0.0
      Tar:6 |   26494 |   34469 |  56.5 |      16 |      24 |  60.0
      Tar:7 |   22717 |  133612 |  85.5 |      16 |      80 |  83.3
      Zot:1 |   57057 |   33750 |  37.2 |      49 |      18 |  26.9
      Zot:2 |   32655 |   27285 |  45.5 |      27 |      35 |  56.5
      Zot:3 |   57933 |   16992 |  22.7 |      49 |       8 |  14.0
      Zot:4 |   43700 |   17864 |  29.0 |      37 |      16 |  30.2
      Zot:5 |   33394 |  102223 |  75.4 |      26 |      41 |  61.2
    Abyss:1 |   71284 |       0 |   0.0 |     149 |       0 |   0.0
    Abyss:2 |  139244 |    3328 |   2.3 |     253 |       4 |   1.6
    Abyss:3 |   86288 |   20096 |  18.9 |     183 |      20 |   9.9
    Abyss:4 |  129878 |   23093 |  15.1 |     215 |      22 |   9.3
    Abyss:5 |    1306 |       0 |   0.0 |       2 |       0 |   0.0
        Pan |  920043 |  536116 |  36.8 |    1251 |     523 |  29.5
      Zig:1 |    2375 |       0 |   0.0 |       1 |       0 |   0.0
      Zig:2 |    2110 |       0 |   0.0 |       3 |       0 |   0.0
      Zig:3 |    3629 |       0 |   0.0 |       5 |       0 |   0.0
      Zig:4 |    3928 |       0 |   0.0 |      10 |       0 |   0.0
      Zig:5 |    6703 |       0 |   0.0 |       5 |       0 |   0.0
      Zig:6 |    6828 |    2459 |  26.5 |       9 |       4 |  30.8
      Zig:7 |    4126 |       0 |   0.0 |       6 |       0 |   0.0
      Zig:8 |   10531 |       0 |   0.0 |       9 |       0 |   0.0
      Zig:9 |   13835 |       0 |   0.0 |       8 |       0 |   0.0
     Zig:10 |   17042 |       0 |   0.0 |      13 |       0 |   0.0
            +---------+---------+-------+---------+---------+-------
